Workbook

Sheet CFO20_21
A2: Summary of Fruitless and Wasteful Expenditure in 20_21 AFS
A4: Opening balance | B4: 1/7/2020 | C4: 28749126 | F4: =Recon062017!G50+Recon062017!G60 -> 17783497
A5: Written off | B5: 20/21 | C5: 27142606
A6: Balance remaining | C6: =C4-C5 -> 1606520
A7: Added | B7: 20/21 | C7: 3902979
A8: Closing Balance | B8: 30/6/2021 | C8: =C4+C7-C5 -> 5509499
A10: Written off | C10: =C5 -> 27142606 | E10: Added | F10: =C7 -> 3902979
A11: Amatola | B11: ='Amatola Water'!G21 -> 9494148.5 | C11: =C10-B11 -> 17648458 | E11: ='Amatola Water'!G19 -> 756776.97 | F11: =F10-E11 -> 3146202
A12: AG | B12: ='Auditor General'!G62 -> 1299063.2 | C12: =C11-B12 -> 16349394 | E12: ='Auditor General'!G60 -> 0 | F12: =F11-E12 -> 3146202
A13: DWS | B13: =DWS!G31 -> 9592929.5 | C13: =C12-B13 -> 6756464.8 | E13: =DWS!G29 -> 3046693.6 | F13: =F12-E13 -> 99508.47
A14: Eskom | B14: =Eskom!G85 -> 6285640.7 | C14: =C13-B14 -> 470824.07 | E14: =Eskom!G83 -> 80693.22 | F14: =F13-E14 -> 18815.25
A15: Other SP's | B15: ='Other SPs Write off'!G76 -> 200824.12 | C15: =C14-B15 -> 269999.95 | E15: ='Other SPs Write off'!G74 -> 18816.18 | F15: =F14-E15 -> -0.93
A16: Further investigation | B16: ='Needs further Investigation'!G4 -> 270000 | C16: =C15-B16 -> -0.050000002 | E16: 0 | F16: =F15-E16 -> -0.93
A18: ADDED DETAIL
A19: 221 | B19: 31/12/2020 | C19: February 2021 | D19: 31/12/2020 | E19: 'JULY - DEC 2020 | F19: AMATOLA WATER | G19: 652101.26 | H19: PROFFESIONAL FEES
A20: 244 | B20: 30/04/2021 | C20: June 2021 | D20: Not paid | E20: 'INT JAN21-APR21 | F20: 'AMATOLA WATER-AMANZI | G20: 219780.08 | H20: PROFFESIONAL FEES
A21: CFO manual insert | B21: 30/06/2020 | C21: 44012 | D21: Not Paid | E21: 43617 | F21: Amatola Water | G21: -115104.37 | H21: Interest Credit given to Makana during 2020/21 financial year
E22: 2020/21 subtotal | G22: =SUM(G19:G21) -> 756776.97
A24: 233 | B24: 30/10/2020 | C24: June 2021 | D24: Not paid | E24: 'OCT 2020 INT. | F24: 'DEPARTMENT OF WATER AFFAIRS | G24: 1521817.2 | H24: WATER PURCHASES
A25: CFO manual insert | B25: 30/10/2020 | C25: June 2021 | D25: Not paid | E25: OCT 2021 SMALL INT. | F25: 'DEPARTMENT OF WATER AFFAIRS | G25: =226.39+383.09+396.09+411.73+4.32+4.32+4.32+4.45+7.39+7.39+7.39+7.59+7.81+7.81+7.81+8+8.22+8.22+8.22+8.4 -> 1528.96 | H25: INTEREST
A26: 235 | B26: 30/11/2020 | C26: June 2021 | D26: Not paid | E26: 'NOV 2020 INT. | F26: 'DEPARTMENT OF WATER AFFAIRS | G26: 211770.15 | H26: WATER PURCHASES
A27: CFO manual insert | B27: 30/11/2020 | C27: June 2021 | D27: Not paid | E27: NOV 2021 SMALL INT. | F27: 'DEPARTMENT OF WATER AFFAIRS | G27: =213.21+4.43+4.34+4.34+4.34 -> 230.66 | H27: INTEREST
A28: 237 | B28: 31/01/2021 | C28: June 2021 | D28: Not paid | E28: 'JAN 2021 INT. | F28: 'DEPARTMENT OF WATER AFFAIRS | G28: 424485.31 | H28: WATER PURCHASES
A29: CFO manual insert | B29: 31/01/2021 | C29: June 2021 | D29: Not paid | E29: JAN 2021 SMALL INT. | F29: 'DEPARTMENT OF WATER AFFAIRS | G29: =455.55+9.24+9.24+9.24+9.42 -> 492.69 | H29: INTEREST
A30: 238 | B30: 28/02/2021 | C30: June 2021 | D30: Not paid | E30: 'FEB 2021 INT. | F30: 'DEPARTMENT OF WATER AFFAIRS | G30: 214063.83 | H30: WATER PURCHASES
A31: CFO manual insert | B31: 28/02/2021 | C31: June 2021 | D31: Not paid | E31: FEB 2021 SMALL INT. | F31: 'DEPARTMENT OF WATER AFFAIRS | G31: =235.14+4.85+4.85+4.85+4.94 -> 254.63 | H31: INTEREST
A32: 240 | B32: 31/03/2021 | C32: June 2021 | D32: Not paid | E32: 'MARCH 2021 INT. | F32: 'DEPARTMENT OF WATER AFFAIRS | G32: 222737.09 | H32: WATER PURCHASES
A33: CFO manual insert | B33: 31/03/2021 | C33: June 2021 | D33: Not paid | E33: MARCH 2021 SMALL INT. | F33: 'DEPARTMENT OF WATER AFFAIRS | G33: =5.19+5.19+5.19+5.28+249.76 -> 270.61 | H33: INTEREST
A34: CFO manual insert | B34: 30/04/2021 | C34: June 2021 | D34: Not paid | E34: APRIL 2021 INT. | F34: 'DEPARTMENT OF WATER AFFAIRS | G34: =(5.19+5.19+5.19+5.28)+(231.36+38445.21+67.64+1067.45+533.72+160.07+5657.82+176573.82)+249.76 -> 223007.7 | H34: INTEREST
A35: CFO manual insert | B35: 31/05/2021 | C35: June 2021 | D35: Not paid | E35: MAY 2021 INT. | F35: 'DEPARTMENT OF WATER AFFAIRS | G35: =(5.45+5.36+5.36+5.36)+(231.36+38445.21+70.68+1087.74+543.87+163.11+5765.37+179448.79)+257.07 -> 226034.73 | H35: INTEREST
E37: 2020/21 subtotal | G37: =SUM(G24:G36) -> 3046693.6
A39: 215 | B39: 14/07/2020 | C39: August 2020 | D39: Not paid | E39: 'JULY 2020 INT. | F39: ESKOM | G39: 526.37 | H39: FREE BASIC ELECTRICITY
A40: 216 | B40: 13/08/2020 | C40: August 2020 | D40: Not paid | E40: 'AUG 2020 INT. | F40: ESKOM | G40: 921.14 | H40: FREE BASIC ELECTRICITY
A41: 220 | B41: 03/11/2020 | C41: October 2020 | D41: 03/11/2020 | E41: EF011702-0001 | F41: ESKOM | G41: 634.74 | H41: FBE ACCOUNT SEP 20
A42: 222 | B42: 12/01/2021 | C42: February 2021 | D42: 12/01/2021 | E42: 'EF011916-0001 | F42: ESKOM | G42: 1380.65 | H42: FBE ACCCOUNT
A43: 224 | B43: 18/02/2021 | C43: March 2021 | D43: 18/02/2021 | E43: 'EF012135-0001 | F43: ESKOM | G43: 135.86 | H43: FBE ACCCOUNT
A44: 225 | B44: 18/02/2021 | C44: March 2021 | D44: 18/02/2021 | E44: 'EF012136-0001 | F44: ESKOM | G44: 3.56 | H44: PREPAID ELECT
A45: 227 | B45: 15/02/2021 | C45: April 2021 | D45: 15/02/2021 | E45: EF012239-0002 | F45: 'ESKOM | G45: 1904.25 | H45: FREE BASIC ELECTRICITY
A46: 228 | B46: 15/03/2021 | C46: April 2021 | D46: Not paid | E46: 'MARCH 2021 INT. | F46: 'ESKOM | G46: 273.93 | H46: FREE BASIC ELECTRICITY
A47: 229 | B47: 16/03/2021 | C47: April 2021 | D47: Not paid | E47: '473 | F47: 'ESKOM | G47: -526.37 | H47: CREDIT NOTE PASSED
A48: 231 | B48: 07/04/2021 | C48: May 2021 | D48: Not paid | E48: 'EF012405-0002 | F48: 'ESKOM | G48: 75165.06 | H48: BULK ACCOUNT PURCHASE
A49: 232 | B49: 16/04/2021 | C49: May 2021 | D49: Not paid | E49: 'EF012335-0001 | F49: 'ESKOM | G49: 273.93 | H49: FREE BASIC ELECTRICITY
A50: 242 | B50: 15/04/2021 | C50: June 2021 | D50: 15/04/2021 | E50: 'EF012413-0002 | F50: 'ESKOM | G50: 274.03 | H50: FREE BASIC ELECTRICITY
A51: 245 | B51: 07/05/2021 | C51: June 2021 | D51: Not paid | E51: '476 | F51: 'ESKOM | G51: -273.93 | H51: CREDIT NOTE PASSED
E53: 2020/21 subtotal | G53: =SUM(G39:G52) -> 80693.22
A55: 217 | B55: 03/09/2020 | C55: September 2020 | D55: 03/09/2020 | E55: EF011555-0003 | F55: SIYAWELLA TRAVELLING | G55: 913.73 | H55: TRAVELLING AND ACCOMMODATION
A56: 218 | B56: 30/06/2020 | C56: September 2020 | D56: 03/09/2020 | E56: EF011555-0016 | F56: SIYAWELLA TRAVELLING | G56: 14521.13 | H56: TRAVELLING AND ACCOMMODATION
A57: 219 | B57: 03/11/2020 | C57: October 2020 | D57: 03/11/2020 | E57: EF011701-0001 | F57: TELKOM | G57: 759.6 | H57: TELEPHONES
A58: 223 | B58: 17/02/2021 | C58: March 2021 | D58: 17/02/2021 | E58: EF012152-0007 | F58: DRIVING LICENCE CARD | G58: 360.99 | H58: DRIVERS LICENCES
A59: 226 | B59: 01/03/2021 | C59: March 2021 | D59: 01/03/2021 | E59: 'EF012168-0002 | F59: TELKOM | G59: 779.65 | H59: TELEPHONE
A60: 230 | B60: 01/04/2021 | C60: April 2021 | D60: 01/04/2021 | E60: EF012269-0001 | F60: 'SALA PENSION FUND | G60: 1412.77 | H60: INTEREST ON ARREARS
A61: 234 | B61: 31/10/2020 | C61: June 2021 | D61: Not paid | E61: 'OCT 2020 INT. | F61: 'NHLS EC | G61: 12.68 | H61: WATER SAMPLING
A62: 236 | B62: 31/01/2021 | C62: June 2021 | D62: Not paid | E62: 'JAN 2021 INT. | F62: 'NHLS EC | G62: 12.68 | H62: WATER SAMPLING
A63: 239 | B63: 28/02/2021 | C63: June 2021 | D63: Not paid | E63: 'FEB 2021 INT. | F63: 'NHLS EC | G63: 5.73 | H63: WATER SAMPLING
A64: 241 | B64: 31/03/2021 | C64: June 2021 | D64: Not paid | E64: 'MAR 2021 INT. | F64: 'NHLS EC | G64: 24.96 | H64: WATER SAMPLING
A65: 243 | B65: 30/04/2021 | C65: June 2021 | D65: Not paid | E65: 'APRIL 2021 INT. | F65: 'NHLS EC | G65: 12.26 | H65: WATER SAMPLING
E67: 2020/21 subtotal | G67: =SUM(G55:G66) -> 18816.18

Sheet Amatola Water
A1: ANNEXURE A - FRUITLESS & WASTEFULL EXPENDITURE FOR 2018/2019/2020/2021 AMATOLA WATER
A2: NO | B2: DATE OF DISCOVERY | C2: DATE REPORTED ACCOUNTING OFFICER | D2: TRANSACTION DETAILS
D3: DATE OF PAYMENT | E3: REFERENCE | F3: SERVICE PROVIDER | G3: AMOUNT | H3: DESCRIPTION OF INCIDENT | I3: PERSON LIABLE (OFFICIAL OR POLITICAL OFFICE BEARER) | J3: TYPE OF PROHIBITED EXPENDITURE | K3: UI | L3: DP | M3: CC | N3: TR | O3: P | P3: WO | Q3: GENERAL COMMENTS
A4: 77 | B4: 19/03/2018 | C4: March 2018 | D4: Not paid | E4: 'INTEREST OCT-MA | F4: Amatola Water | G4: 1731408 | H4: AMATOLA WATER-AMANZI O&M CONTR | I4: Finance | J4: Wastefull | K4: X | P4: X | Q4: interest charged on an delayed payment
A5: 101 | B5: 31/05/2018 | C5: August 2018 | D5: Not paid | E5: 'INTEREST MAR-MA | F5: AMATOLA WATER-AMANZI O&M CONTR | G5: 970867.55 | H5: AMATOLA WATER-AMANZI O&M CONTR | I5: Finance | J5: Wastefull | K5: X | P5: X | Q5: interest charged on an delayed payment
A6: 108 | B6: 30/06/2018 | C6: August 2018 | D6: Not paid | E6: '000000981 | F6: AMATOLA WATER | G6: 316948.2 | H6: AMATOLA WATER RECON | I6: Finance | J6: Wastefull | K6: X | Q6: interest charged on an delayed payment
E7: 2017/18 subtotal | G7: =SUM(G4:G6) -> 3019223.8
A8: 169 | B8: 31/05/2019 | C8: June 2019 | D8: Not paid | E8: JULY 18-MAY 19 | F8: AMATOLA WATER | G8: 3126958.3 | H8: AMANZI INTEREST | I8: Finance | J8: Wastefull | K8: X | Q8: interest charged on an delayed payment
A9: CFO manual insert | B9: 30/06/2019 | C9: 43646 | D9: Not Paid | E9: 43617 | F9: Amatola Water | G9: 262310.85 | H9: Interest | I9: Finance | J9: Wastefull | K9: X | Q9: interest charged on an delayed payment
E10: 2018/19 subtotal | G10: =SUM(G8:G9) -> 3389269.2 | H10: 3389269.2
A11: 199 | B11: 31/01/2020 | C11: Feb 2020 | D11: Not paid | E11: JULY - JAN 2020 | F11: AMATOLA WATER-AMANZI | G11: 1574500.8 | H11: PROFFESIONAL FEES | I11: Finance | J11: Wastefull | K11: X | Q11: interest charged on an delayed payment
A12: 209 | B12: 30/04/2020 | C12: May 2020 | D12: Not paid | E12: 'INT. FEB - APR | F12: AMATOLA WATER-AMANZI | G12: 467394.6 | H12: WATER MANAGEMENT | I12: Finance | J12: Wastefull | K12: X | Q12: interest charged on an delayed payment
A13: 212 | B13: 31/05/2020 | C13: June 2020 | D13: Not paid | E13: 'MAY 2020 INT. | F13: AMATOLA WATER-AMANZI | G13: 145843.93 | H13: WATER MANAGEMENT | I13: Finance | J13: Wastefull | K13: X | Q13: interest charged on an delayed payment
A14: CFO manual insert | B14: 30/06/2020 | C14: 44012 | D14: Not Paid | E14: 43617 | F14: Amatola Water | G14: 141139.29 | H14: Interest | I14: Finance | J14: Wastefull | K14: X | Q14: interest charged on an delayed payment
E15: 2019/20 subtotal | G15: =SUM(G11:G14) -> 2328878.6
A16: 221 | B16: 31/12/2020 | C16: February 2021 | D16: 31/12/2020 | E16: 'JULY - DEC 2020 | F16: AMATOLA WATER | G16: 652101.26 | H16: PROFFESIONAL FEES | I16: Finance | J16: Wastefull | K16: x | Q16: interest charged on an delayed payment
A17: 244 | B17: 30/04/2021 | C17: June 2021 | D17: Not paid | E17: 'INT JAN21-APR21 | F17: 'AMATOLA WATER-AMANZI | G17: 219780.08 | H17: PROFFESIONAL FEES | I17: Finance | J17: Wastefull | K17: X | Q17: interest charged on an delayed payment
A18: CFO manual insert | B18: 30/06/2020 | C18: 44012 | D18: Not Paid | E18: 43617 | F18: Amatola Water | G18: -115104.37 | H18: Interest Credit given to Makana during 2020/21 financial year | I18: Finance | J18: Wastefull | K18: X | Q18: interest charged on an delayed payment
E19: 2020/21 subtotal | G19: =SUM(G16:G18) -> 756776.97
B21: TOTAL INTEREST CHARGED BY AMATOLA WATER | G21: =G19+G15+G10+G7 -> 9494148.5

Sheet Auditor General
A1: ANNEXURE B - FRUITLESS & WASTEFULL EXPENDITURE FOR 2018/2019/2020/2021 AUDITOR GENERAL
A2: NO | B2: DATE OF DISCOVERY | C2: DATE REPORTED ACCOUNTING OFFICER | D2: TRANSACTION DETAILS
D3: DATE OF PAYMENT | E3: REFERENCE | F3: SERVICE PROVIDER | G3: AMOUNT | H3: DESCRIPTION OF INCIDENT | I3: PERSON LIABLE (OFFICIAL OR POLITICAL OFFICE BEARER) | J3: TYPE OF PROHIBITED EXPENDITURE | K3: UI | L3: DP | M3: CC | N3: TR | O3: P | P3: WO | Q3: GENERAL COMMENTS
A4: 51 | B4: 30/06/2017 | D4: July 17 | E4: EF8736-05 | F4: Auditor-General | G4: 288046.25 | H4: Interest charged on overdue accounts | I4: Finance | J4: Wastefull | K4: X | O4: X | P4: X | Q4: interest charged on an delayed payment
E5: 2016/17 subtotal | G5: =SUM(G4) -> 288046.25
A6: 55 | B6: 31/07/2017 | C6: Dec 2017 | D6: Not paid | E6: 'FC-40062 | F6: Auditor-General | G6: 105467.92 | H6: Interest charged on overdue accounts | I6: Finance | J6: Wastefull | K6: X | P6: X | Q6: interest charged on an delayed payment
A7: 56 | B7: 31/08/2017 | C7: Dec 2017 | D7: Not paid | E7: 'FC-40574 | F7: Auditor-General | G7: 103168.3 | H7: Interest charged on overdue accounts | I7: Finance | J7: Wastefull | K7: X | P7: X | Q7: interest charged on an delayed payment
A8: 57 | B8: 30/09/2017 | C8: Dec 2017 | D8: Not paid | E8: 'FC-41091 | F8: Auditor-General | G8: 95381.69 | H8: Interest charged on overdue accounts | I8: Finance | J8: Wastefull | K8: X | P8: X | Q8: interest charged on an delayed payment
A9: 58 | B9: 31/10/2017 | C9: Dec 2017 | D9: Not paid | E9: 'FC-41634 | F9: Auditor-General | G9: 98163 | H9: Interest charged on overdue accounts | I9: Finance | J9: Wastefull | K9: X | P9: X | Q9: interest charged on an delayed payment
A10: 60 | B10: 30/11/2017 | C10: Dec 2017 | D10: Not paid | E10: 'FC-42203 | F10: Auditor-General | G10: 96194.8 | H10: Interest charged on overdue accounts | I10: Finance | J10: Wastefull | K10: X | P10: X | Q10: interest charged on an delayed payment
A11: 66 | B11: 31/12/2017 | C11: Feb 2018 | D11: Not paid | E11: 'FC-42772 | F11: Auditor-General | G11: 99081.69 | H11: AUDITOR-GENERAL AUDIT FEES | I11: Finance | J11: Wastefull | K11: X | P11: X | Q11: interest charged on an delayed payment
A12: 69 | B12: 31/01/2018 | C12: Feb 2018 | D12: Not paid | E12: 'FC-43360 | F12: Auditor-General | G12: 112771.41 | H12: AUDITOR-GENERAL AUDIT FEES | I12: Finance | J12: Wastefull | K12: X | P12: X | Q12: interest charged on an delayed payment
A13: 74 | B13: 28/02/2018 | C13: March 2018 | D13: Not paid | E13: 'FC-43880 | F13: Auditor-General | G13: 95991.86 | H13: AUDITOR-GENERAL AUDIT FEES | I13: Finance | J13: Wastefull | K13: X | P13: X | Q13: interest charged on an delayed payment
A14: 75 | B14: 15/03/2018 | C14: March 2018 | D14: Not paid | E14: '263 | F14: Auditor-General | G14: -91344.45 | H14: AUDITOR-GENERAL CREDIT NOTE PA | I14: Finance | J14: Wastefull | K14: X | P14: X | Q14: Reversal by AG
A15: 76 | B15: 15/03/2018 | C15: March 2018 | D15: Not paid | E15: '264 | F15: Auditor-General | G15: -105382.07 | H15: AUDITOR-GENERAL CREDIT NOTE PA | I15: Finance | J15: Wastefull | K15: X | P15: X | Q15: Reversal by AG
A16: 85 | B16: 31/03/2018 | C16: Ápril 2018 | D16: Not paid | E16: 'FC-44337 | F16: AUDITOR-GENERAL AUDIT FEES | G16: 110485.34 | H16: AUDITOR-GENERAL AUDIT FEES | I16: Finance | J16: Wastefull | K16: X | P16: X | Q16: interest charged on an delayed payment
A17: 91 | B17: 30/04/2018 | C17: May 2018 | D17: Not paid | E17: 'FC-44753 | F17: AUDITOR-GENERAL AUDIT FEES | G17: 24194.82 | H17: AUDITOR-GENERAL AUDIT FEES | I17: Finance | J17: Wastefull | K17: X | P17: X | Q17: interest charged on an delayed payment
... A19: 105 | B19: 30/06/2018 | C19: August 2018 | D19: Not paid | E19: 'FC-45620 | F19: AUDITOR-GENERAL AUDIT FEES | G19: 24441.97 | H19: AUDITOR-GENERAL AUDIT FEES | I19: Finance | J19: Wastefull | K19: X | P19: X | Q19: interest charged on an delayed payment
E20: 2017/18 subtotal | G20: =SUM(G6:G19) -> 791988.85
A21: 111 | B21: 31/08/2018 | C21: September 2018 | D21: Not paid | E21: 'FC-46417 | F21: AUDITOR-GENERAL AUDIT FEES | G21: 14059.3 | H21: AUDIT FEES | I21: Finance | J21: Wastefull | Q21: interest charged on an delayed payment - reversed later
A22: 118 | B22: 30/09/2018 | C22: November 2018 | D22: 43769 | E22: FC-46842 | F22: AUDITOR-GENERAL | G22: 11023.99 | H22: AUDIT FEES | I22: Finance | J22: Wastefull | K22: X | Q22: interest charged on an delayed payment
A23: 126 | B23: 31/10/2018 | C23: January 2019 | D23: 43769 | E23: FC-47286 | F23: AUDITOR-GENERAL | G23: 12584.58 | H23: AUDIT FEES | I23: Finance | J23: Wastefull | K23: X | Q23: interest charged on an delayed payment
A24: 134 | B24: 30/11/2018 | C24: January 2019 | D24: 43769 | E24: FC-47726 | F24: AUDITOR-GENERAL | G24: 15927.06 | H24: AUDIT FEES | I24: Finance | J24: Wastefull | K24: X | Q24: interest charged on an delayed payment
A25: 140 | B25: 31/07/2018 | C25: January 2019 | D25: Not paid | E25: FC-46026 | F25: AUDITOR-GENERAL | G25: 15991.85 | H25: AUDIT FEES | I25: Finance | J25: Wastefull | Q25: interest charged on an delayed payment - reversed later
A26: 141 | B26: 31/12/2018 | C26: January 2019 | D26: 43769 | E26: FC-48178 | F26: AUDITOR-GENERAL | G26: 15359.55 | H26: AUDIT FEES | I26: Finance | J26: Wastefull | K26: X | Q26: interest charged on an delayed payment
A27: 146 | B27: 31/01/2019 | C27: February 2019 | D27: 43769 | E27: FC-48669 | F27: AUDITOR-GENERAL | G27: 32530.65 | H27: AUDIT FEES | I27: Finance | J27: Wastefull | K27: X | Q27: interest charged on an delayed payment
A28: 147 | B28: 06/02/2019 | C28: February 2019 | D28: Not paid | E28: 344 | F28: AUDITOR-GENERAL | G28: -14059.3 | H28: AUDIT FEES | I28: Finance | J28: Wastefull | Q28: Reversal of interest charged on an delayed payment
A29: 148 | B29: 06/02/2019 | C29: February 2019 | D29: Not paid | E29: 345 | F29: AUDITOR-GENERAL | G29: -15991.85 | H29: AUDIT FEES | I29: Finance | J29: Wastefull | Q29: Reversal of interest charged on an delayed payment
A30: 152 | B30: 28/02/2019 | C30: May 2019 | D30: 43769 | E30: FC-49160 | F30: AUDITOR-GENERAL | G30: 23849.76 | H30: AUDIT FEES | I30: Finance | J30: Wastefull | K30: X | Q30: interest charged on an delayed payment
A31: 154 | B31: 31/03/2019 | C31: May 2019 | D31: 43769 | E31: 'FC-49609 | F31: AUDITOR-GENERAL | G31: 30006.82 | H31: AUDIT FEES | I31: Finance | J31: Wastefull | K31: X | Q31: interest charged on an delayed payment
A32: 162 | B32: 30/04/2019 | C32: May 2019 | D32: 43769 | E32: FC-50054 | F32: AUDITOR-GENERAL | G32: 25640.98 | H32: AUDIT FEES | I32: Finance | J32: Wastefull | K32: X | Q32: interest charged on an delayed payment
A33: 168 | B33: 31/05/2019 | C33: June 2019 | D33: 43769 | E33: FC-50515 | F33: AUDITOR-GENERAL | G33: 26113.2 | H33: AUDIT FEES | I33: Finance | J33: Wastefull | K33: X | Q33: interest charged on an delayed payment
A34: CFO manual insert | B34: 30/06/2019 | C34: 44012 | D34: Not Paid | E34: 43617 | F34: AUDITOR-GENERAL | G34: 28553.65 | H34: Interest | I34: Finance | J34: Wastefull | K34: X | Q34: interest charged on an delayed payment
E35: 2018/19 subtotal | G35: =SUM(G21:G34) -> 221590.24 | H35: 3389269.2
A36: 176 | B36: 31/07/2019 | C36: Oct 2019 | D36: 43769 | E36: FC-51449 | F36: Auditor General | G36: 25991.52 | H36: AUDIT FEES | I36: Finance | J36: Wastefull | K36: x | Q36: interest charged on an delayed payment
A37: 177 | B37: 31/08/2019 | C37: Oct 2019 | D37: Not paid | E37: FC-51909 | F37: Auditor General | G37: 17289.68 | H37: AUDIT FEES | I37: Finance | J37: Wastefull | K37: x | Q37: interest charged on an delayed payment
A38: 183 | B38: 30/09/2019 | C38: Nov 2019 | D38: Not paid | E38: FC-52386 | F38: Auditor-General | G38: 8298.86 | H38: AUDIT FEES | I38: Finance | J38: Wastefull | K38: X | Q38: interest charged on an delayed payment
A39: 189 | B39: 31/10/2019 | C39: Dec 2019 | D39: Not paid | E39: FC-52887 | F39: AUDITOR-GENERAL | G39: 12520.19 | H39: AUDIT FEES | I39: Finance | J39: Wastefull | K39: X | Q39: interest charged on an delayed payment
A40: 194 | B40: 30/11/2019 | C40: Jan 2020 | D40: Not paid | E40: FC-53405 | F40: AUDITOR-GENERAL | G40: 10660.28 | H40: AUDIT FEES | I40: Finance | J40: Wastefull | K40: X | Q40: interest charged on an delayed payment
A41: 196 | B41: 31/12/2019 | C41: Jan 2020 | D41: Not paid | E41: FC-53930 | F41: AUDITOR-GENERAL | G41: 7880.88 | H41: AUDIT FEES | I41: Finance | J41: Wastefull | K41: X | Q41: interest charged on an delayed payment
A42: 198 | B42: 31/01/2020 | C42: Feb 2020 | D42: Not paid | E42: FC-54481 | F42: AUDITOR-GENERAL | G42: 13821.02 | H42: AUDIT FEES | I42: Finance | J42: Wastefull | K42: X | Q42: interest charged on an delayed payment
A43: 202 | B43: 29/02/2020 | C43: Feb 2020 | D43: Not paid | E43: FC-55034 | F43: AUDITOR-GENERAL | G43: 9414.68 | H43: AUDIT FEES | I43: Finance | J43: Wastefull | K43: X | Q43: interest charged on an delayed payment
A44: 207 | B44: 31/03/2020 | C44: May 2020 | D44: 31/03/2020 | E44: EF011243-0003 | F44: AUDITOR-GENERAL | G44: 2479.69 | H44: AUDIT FEES | I44: Finance | J44: Wastefull | K44: X | O44: X | Q44: interest charged on an delayed payment
A45: 208 | B45: 30/04/2020 | C45: May 2020 | D45: Not paid | E45: 'FC-56111 | F45: AUDITOR-GENERAL | G45: 911.67 | H45: AUDIT FEES | I45: Finance | J45: Wastefull | K45: X | Q45: interest charged on an delayed payment
A46: CFO manual insert | B46: 31/05/2020 | D46: Not Paid | F46: AUDITOR-GENERAL | G46: -28553.65 | H46: Reversal of Interest due to settling of Capital Debt | Q46: Reversal of Interest due to settling of Capital Debt
A47: CFO manual insert | B47: 31/05/2020 | D47: Not Paid | F47: AUDITOR-GENERAL | G47: -17289.68 | H47: Reversal of Interest due to settling of Capital Debt | Q47: Reversal of Interest due to settling of Capital Debt
A48: CFO manual insert | B48: 31/05/2020 | D48: Not Paid | F48: AUDITOR-GENERAL | G48: -8298.86 | H48: Reversal of Interest due to settling of Capital Debt | Q48: Reversal of Interest due to settling of Capital Debt
A49: CFO manual insert | B49: 31/05/2020 | D49: Not Paid | F49: AUDITOR-GENERAL | G49: -12520.19 | H49: Reversal of Interest due to settling of Capital Debt | Q49: Reversal of Interest due to settling of Capital Debt
A50: CFO manual insert | B50: 31/05/2020 | D50: Not Paid | F50: AUDITOR-GENERAL | G50: -10660.28 | H50: Reversal of Interest due to settling of Capital Debt | Q50: Reversal of Interest due to settling of Capital Debt
A51: CFO manual insert | B51: 31/05/2020 | D51: Not Paid | F51: AUDITOR-GENERAL | G51: -7880.88 | H51: Reversal of Interest due to settling of Capital Debt | Q51: Reversal of Interest due to settling of Capital Debt
A52: CFO manual insert | B52: 31/05/2020 | D52: Not Paid | F52: AUDITOR-GENERAL | G52: -13821.02 | H52: Reversal of Interest due to settling of Capital Debt | Q52: Reversal of Interest due to settling of Capital Debt
A53: CFO manual insert | B53: 31/05/2020 | D53: Not Paid | F53: AUDITOR-GENERAL | G53: -9414.68 | H53: Reversal of Interest due to settling of Capital Debt | Q53: Reversal of Interest due to settling of Capital Debt
A54: CFO manual insert | B54: 31/05/2020 | D54: Not Paid | F54: AUDITOR-GENERAL | G54: -2479.69 | H54: Reversal of Interest due to settling of Capital Debt | Q54: Reversal of Interest due to settling of Capital Debt
A55: CFO manual insert | B55: 31/05/2020 | D55: Not Paid | F55: AUDITOR-GENERAL | G55: -911.67 | H55: Reversal of Interest due to settling of Capital Debt | Q55: Reversal of Interest due to settling of Capital Debt
E56: 2019/20 subtotal | G56: =SUM(G36:G55) -> -2562.13
F57: No Interest raised
E60: 2020/21 subtotal | G60: =SUM(G57:G59) -> 0
B62: TOTAL INTEREST CHARGED BY AUDITOR GENERAL (after reversals) | G62: =G60+G56+G35+G20+G5 -> 1299063.2

Sheet DWS
A1: ANNEXURE C - FRUITLESS & WASTEFULL EXPENDITURE FOR 2018/2019/2020/2021 DEPARTMENT OF WATER & SANITATION
A2: NO | B2: DATE OF DISCOVERY | C2: DATE REPORTED ACCOUNTING OFFICER | D2: TRANSACTION DETAILS
D3: DATE OF PAYMENT | E3: REFERENCE | F3: SERVICE PROVIDER | G3: AMOUNT | H3: DESCRIPTION OF INCIDENT | I3: PERSON LIABLE (OFFICIAL OR POLITICAL OFFICE BEARER) | J3: TYPE OF PROHIBITED EXPENDITURE | K3: UI | L3: DP | M3: CC | N3: TR | O3: P | P3: WO | Q3: GENERAL COMMENTS
E5: 2016/17 subtotal | G5: =SUM(G4) -> 0
A6: 86 | B6: 30/09/2017 | C6: May 2018 | D6: Not paid | E6: 'SEPT 2018 | F6: DEPT OF WATER AFFAIRS | G6: 211935.99 | H6: DEPT OF WATER | I6: Finance | J6: Wastefull | K6: X | P6: X | Q6: interest charged on an delayed payment
A7: 87 | B7: 31/03/2018 | C7: May 2018 | D7: Not paid | E7: 'MARCH INTEREST | F7: DEPT OF WATER AFFAIRS | G7: 1264966.8 | H7: DEPT OF WATER | I7: Finance | J7: Wastefull | K7: X | P7: X | Q7: interest charged on an delayed payment
A8: 96 | B8: 30/04/2018 | C8: August 2018 | D8: Not paid | E8: 'APRIL INT. | F8: DEPT OF WATER AFFAIRS | G8: 20208.39 | H8: DEPT OF WATER AFFAIRS | I8: Finance | J8: Wastefull | K8: X | P8: X | Q8: interest charged on an delayed payment
E9: 2017/18 subtotal | G9: =SUM(G6:G8) -> 1497111.2
A10: CFO manual insert | B10: 30/06/2019 | C10: 2018/19 | D10: Not paid | E10: 2018/19 Interest charge | F10: DEPT OF WATER AFFAIRS | G10: 2707742.4 | H10: DEPT OF WATER AFFAIRS | I10: Finance | J10: Wastefull | K10: X | P10: X | Q10: interest charged on an delayed payment
E11: 2018/19 subtotal | G11: =SUM(G10:G10) -> 2707742.4 | H11: 3389269.2
A13: Requested Interest breakdown as not reflected in our statements for entire year | B13: 30/06/2020 | C13: 2019/20 | D13: Not paid | E13: 2019/20 Interest charge | F13: DEPT OF WATER AFFAIRS | G13: 2341382.5 | H13: DEPT OF WATER AFFAIRS | I13: Finance | J13: Wastefull | K13: X | P13: X | Q13: interest charged on an delayed payment
E15: 2019/20 subtotal | G15: =SUM(G12:G14) -> 2341382.5
A16: 233 | B16: 30/10/2020 | C16: June 2021 | D16: Not paid | E16: 'OCT 2020 INT. | F16: 'DEPARTMENT OF WATER AFFAIRS | G16: 1521817.2 | H16: WATER PURCHASES | I16: Finance | J16: Wastefull | K16: X | Q16: interest charged on an delayed payment
A17: CFO manual insert | B17: 30/10/2020 | C17: June 2021 | D17: Not paid | E17: OCT 2021 SMALL INT. | F17: 'DEPARTMENT OF WATER AFFAIRS | G17: =226.39+383.09+396.09+411.73+4.32+4.32+4.32+4.45+7.39+7.39+7.39+7.59+7.81+7.81+7.81+8+8.22+8.22+8.22+8.4 -> 1528.96 | H17: INTEREST | I17: Finance | J17: Wastefull | K17: X | Q17: interest charged on an delayed payment
A18: 235 | B18: 30/11/2020 | C18: June 2021 | D18: Not paid | E18: 'NOV 2020 INT. | F18: 'DEPARTMENT OF WATER AFFAIRS | G18: 211770.15 | H18: WATER PURCHASES | I18: Finance | J18: Wastefull | K18: X | Q18: interest charged on an delayed payment
A19: CFO manual insert | B19: 30/11/2020 | C19: June 2021 | D19: Not paid | E19: NOV 2021 SMALL INT. | F19: 'DEPARTMENT OF WATER AFFAIRS | G19: =213.21+4.43+4.34+4.34+4.34 -> 230.66 | H19: INTEREST | I19: Finance | J19: Wastefull | K19: X | Q19: interest charged on an delayed payment
A20: 237 | B20: 31/01/2021 | C20: June 2021 | D20: Not paid | E20: 'JAN 2021 INT. | F20: 'DEPARTMENT OF WATER AFFAIRS | G20: 424485.31 | H20: WATER PURCHASES | I20: Finance | J20: Wastefull | K20: X | Q20: interest charged on an delayed payment
A21: CFO manual insert | B21: 31/01/2021 | C21: June 2021 | D21: Not paid | E21: JAN 2021 SMALL INT. | F21: 'DEPARTMENT OF WATER AFFAIRS | G21: =455.55+9.24+9.24+9.24+9.42 -> 492.69 | H21: INTEREST | I21: Finance | J21: Wastefull | K21: X | Q21: interest charged on an delayed payment
A22: 238 | B22: 28/02/2021 | C22: June 2021 | D22: Not paid | E22: 'FEB 2021 INT. | F22: 'DEPARTMENT OF WATER AFFAIRS | G22: 214063.83 | H22: WATER PURCHASES | I22: Finance | J22: Wastefull | K22: X | Q22: interest charged on an delayed payment
A23: CFO manual insert | B23: 28/02/2021 | C23: June 2021 | D23: Not paid | E23: FEB 2021 SMALL INT. | F23: 'DEPARTMENT OF WATER AFFAIRS | G23: =235.14+4.85+4.85+4.85+4.94 -> 254.63 | H23: INTEREST | I23: Finance | J23: Wastefull | K23: X | Q23: interest charged on an delayed payment
A24: 240 | B24: 31/03/2021 | C24: June 2021 | D24: Not paid | E24: 'MARCH 2021 INT. | F24: 'DEPARTMENT OF WATER AFFAIRS | G24: 222737.09 | H24: WATER PURCHASES | I24: Finance | J24: Wastefull | K24: X | Q24: interest charged on an delayed payment
A25: CFO manual insert | B25: 31/03/2021 | C25: June 2021 | D25: Not paid | E25: MARCH 2021 SMALL INT. | F25: 'DEPARTMENT OF WATER AFFAIRS | G25: =5.19+5.19+5.19+5.28+249.76 -> 270.61 | H25: INTEREST | I25: Finance | J25: Wastefull | K25: X | Q25: interest charged on an delayed payment
A26: CFO manual insert | B26: 30/04/2021 | C26: June 2021 | D26: Not paid | E26: APRIL 2021 INT. | F26: 'DEPARTMENT OF WATER AFFAIRS | G26: =(5.19+5.19+5.19+5.28)+(231.36+38445.21+67.64+1067.45+533.72+160.07+5657.82+176573.82)+249.76 -> 223007.7 | H26: INTEREST | I26: Finance | J26: Wastefull | K26: X | Q26: interest charged on an delayed payment
A27: CFO manual insert | B27: 31/05/2021 | C27: June 2021 | D27: Not paid | E27: MAY 2021 INT. | F27: 'DEPARTMENT OF WATER AFFAIRS | G27: =(5.45+5.36+5.36+5.36)+(231.36+38445.21+70.68+1087.74+543.87+163.11+5765.37+179448.79)+257.07 -> 226034.73 | H27: INTEREST | I27: Finance | J27: Wastefull | K27: X | Q27: interest charged on an delayed payment
E29: 2020/21 subtotal | G29: =SUM(G16:G28) -> 3046693.6
B31: TOTAL INTEREST CHARGED BY DWS (after reversals) | G31: =G29+G15+G11+G9+G5 -> 9592929.5

Sheet Eskom
A1: ANNEXURE D - FRUITLESS & WASTEFULL EXPENDITURE FOR 2018/2019/2020/2021 ESKOM
A2: NO | B2: DATE OF DISCOVERY | C2: DATE REPORTED ACCOUNTING OFFICER | D2: TRANSACTION DETAILS
D3: DATE OF PAYMENT | E3: REFERENCE | F3: SERVICE PROVIDER | G3: AMOUNT | H3: DESCRIPTION OF INCIDENT | I3: PERSON LIABLE (OFFICIAL OR POLITICAL OFFICE BEARER) | J3: TYPE OF PROHIBITED EXPENDITURE | K3: UI | L3: DP | M3: CC | N3: TR | O3: P | P3: WO | Q3: GENERAL COMMENTS
E5: 2016/17 subtotal | G5: =SUM(G4) -> 0
A6: 52 | B6: 21/07/2017 | C6: Nov 2017 | D6: Not paid | E6: 'JUL 17 | F6: Eskom | G6: 238001.33 | H6: Interest charged on overdue accounts | I6: Finance | J6: Wastefull | K6: X | P6: X | Q6: interest charged on a delayed payment
A7: 53 | B7: 26/09/2017 | C7: Nov 2017 | D7: Not paid | E7: 'SEP 2017 | F7: Eskom | G7: 466894.81 | H7: Interest charged on overdue accounts | I7: Finance | J7: Wastefull | K7: X | P7: X | Q7: interest charged on a delayed payment
A8: 54 | B8: 21/10/2017 | C8: Nov 2017 | D8: Not paid | E8: 'OCTOBER 17 | F8: Eskom | G8: 174962.49 | H8: Interest charged on overdue accounts | I8: Finance | J8: Wastefull | K8: X | P8: X | Q8: interest charged on a delayed payment
A9: 59 | B9: 22/11/2017 | C9: Dec 2017 | D9: Not paid | E9: 'NOV 2017 INT | F9: Eskom | G9: 461920.32 | H9: Interest charged on overdue accounts | I9: Finance | J9: Wastefull | K9: X | P9: X | Q9: interest charged on a delayed payment
A10: 61 | B10: 20/01/2017 | C10: Jan 2018 | D10: Not paid | E10: 'JAN 2018 | F10: Eskom | G10: 545385.13 | H10: Interest charged on overdue accounts | I10: Finance | J10: Wastefull | K10: X | P10: X | Q10: interest charged on a delayed payment
A11: 71 | B11: 21/02/2018 | C11: Feb 2018 | D11: Not paid | E11: 'FEB 2018 INT. | F11: Eskom Bulk | G11: 790307.26 | H11: ESKOM BULK ACCOUNT ESKOM BULK | I11: Finance | J11: Wastefull | K11: X | P11: X | Q11: Eskom error. To be reversed
A12: 72 | B12: 14/02/2018 | C12: March 2018 | D12: 14/02/2018 | E12: 'FEB INTEREST | F12: Eskom | G12: 4894.43 | H12: ESKOM FREE BASIC ELEC. | I12: Finance | J12: Wastefull | K12: X | O12: X | P12: X | Q12: EF009161-0003
A13: 82 | B13: 09/03/2018 | C13: Ápril 2018 | D13: Not paid | E13: 'MAR. INT 2018 | F13: ESKOM FREE BASIC ELEC. | G13: 6197.95 | H13: ESKOM FREE BASIC ELEC. | I13: Finance | J13: Wastefull | K13: X | P13: X | Q13: interest charged on a delayed payment
A14: 88 | B14: 16/04/2018 | C14: May 2018 | D14: Not paid | E14: 'APRIL 18 | F14: ESKOM FREE BASIC ELEC. | G14: 7015.03 | H14: Free Basic Electricity | I14: Finance | J14: Wastefull | K14: X | P14: X | Q14: interest charged on a delayed payment
A15: 93 | B15: 03/05/2018 | C15: May 2018 | D15: Not paid | E15: 'APRIL 2018 INT. | F15: ESKOM BULK ACCOUNT ESKOM BULK | G15: 299.39 | H15: ESKOM BULK ACCOUNT ESKOM BULK | I15: Finance | J15: Wastefull | K15: X | P15: X | Q15: interest charged on a delayed payment
A16: 94 | B16: 09/05/2018 | C16: May 2018 | D16: Not paid | E16: 'MAY 18 | F16: ESKOM FREE BASIC ELEC. | G16: 3085.74 | H16: ESKOM FREE BASIC ELEC. | I16: Finance | J16: Wastefull | K16: X | P16: X | Q16: interest charged on a delayed payment
A17: 102 | B17: 12/06/2018 | C17: August 2018 | D17: Not paid | E17: 'JUNE INTEREST | F17: ESKOM FREE BASIC ELEC. | G17: 8726.12 | H17: ESKOM FREE BASIC ELEC. | I17: Finance | J17: Wastefull | K17: X | P17: X | Q17: interest charged on a delayed payment
A18: 104 | B18: 30/06/2018 | C18: August 2018 | D18: Not paid | E18: 'INT. JUNE 2018 | F18: ESKOM BULK ACCOUNT BULK ACCOUN | G18: 424151.72 | H18: ESKOM BULK ACCOUNT ESKOM BULK | I18: Finance | J18: Wastefull | K18: X | P18: X | Q18: interest charged on a delayed payment
E20: 2017/18 subtotal | G20: =SUM(G6:G19) -> 3131841.7
A21: 104 | B21: 30/06/2018 | C21: August 2018 | D21: Not paid | E21: 'INT. JUNE 2018 | F21: ESKOM BULK ACCOUNT BULK ACCOUN | G21: 424151.72 | H21: ESKOM BULK ACCOUNT ESKOM BULK | I21: Finance | J21: Wastefull | K21: X | P21: X | Q21: interest charged on a delayed payment
A22: 110 | B22: 03/08/2018 | C22: September 2018 | D22: Not paid | E22: 'JULY 18 INT. | F22: ESKOM SMALL ACCOUNTS | G22: 47820.94 | H22: ESKOM SMALL ACCOUNTS | I22: Finance | J22: Wastefull | K22: X | Q22: interest charged on a delayed payment
A23: 113 | B23: 03/09/2018 | C23: November 2018 | D23: Not paid | E23: AUG 2018 INT | F23: ESKOM SMALL ACCOUNTS | G23: 51358.22 | H23: ESKOM SMALL ACCOUNTS | I23: Finance | J23: Wastefull | K23: X | Q23: interest charged on a delayed payment
A24: 117 | B24: 11/09/2018 | C24: November 2018 | D24: Not paid | E24: SEPT 2018 INT | F24: ESKOM FREE BASIC ELEC | G24: 9855.75 | H24: ESKOM FREE BASIC ELEC | I24: Finance | J24: Wastefull | K24: X | Q24: interest charged on a delayed payment
A25: 119 | B25: 01/10/2018 | C25: November 2018 | D25: Not paid | E25: SEPT 2018 INT | F25: ESKOM BULK ACCOUNT | G25: 72156.29 | H25: ESKOM BULK ACCOUNT | I25: Finance | J25: Wastefull | K25: X | Q25: interest charged on a delayed payment
A26: 120 | B26: 11/10/2018 | C26: November 2018 | D26: Not paid | E26: OCT 2018 INT | F26: ESKOM FREE BASIC ELEC | G26: 410.65 | H26: ESKOM FREE BASIC ELEC | I26: Finance | J26: Wastefull | K26: X | Q26: interest charged on a delayed payment
A27: 122 | B27: 31/10/2018 | C27: November 2018 | D27: Not paid | E27: OCT 2018 INT | F27: ESKOM BULK ACCOUNT | G27: 911456 | H27: ESKOM BULK ACCOUNT | I27: Finance | J27: Wastefull | K27: X | Q27: interest charged on a delayed payment
A28: 127 | B28: 18/08/2018 | C28: January 2019 | D28: 11/2018 | E28: EF009857-002 | F28: ESKOM | G28: 11585.52 | H28: ESKOM FREE BASIC ELEC | I28: Finance | J28: Wastefull | K28: X | O28: X | Q28: interest charged on a delayed payment
A29: 128 | B29: 10/07/2018 | C29: January 2019 | D29: 11/2018 | E29: EF009857-004 | F29: ESKOM | G29: 11291.1 | H29: ESKOM FREE BASIC ELEC | I29: Finance | J29: Wastefull | K29: X | O29: X | Q29: interest charged on a delayed payment
A30: 131 | B30: 29/11/2018 | C30: January 2019 | D30: 11/2018 | E30: EF010070-0001 | F30: ESKOM | G30: 11445.16 | H30: ESKOM SMALL ACCOUNTS | I30: Finance | J30: Wastefull | K30: X | O30: X | Q30: interest charged on a delayed payment
A31: 132 | B31: 29/11/2018 | C31: January 2019 | D31: 11/2018 | E31: EF010072-0001 | F31: ESKOM | G31: 102489.13 | H31: ESKOM SMALL ACCOUNTS | I31: Finance | J31: Wastefull | K31: X | O31: X | Q31: interest charged on a delayed payment
A32: 133 | B32: 29/11/2018 | C32: January 2019 | D32: 11/2018 | E32: EF010074-0001 | F32: ESKOM | G32: 1501.39 | H32: ESKOM SMALL ACCOUNTS | I32: Finance | J32: Wastefull | K32: X | O32: X | Q32: interest charged on a delayed payment
A33: 135 | B33: 03/12/2018 | C33: January 2019 | D33: Not paid | E33: NOV 2018 INT | F33: ESKOM | G33: 534733.98 | H33: ESKOM BULK ACCOUNT | I33: Finance | J33: Wastefull | K33: X | Q33: interest charged on a delayed payment
A34: 137 | B34: 17/11/2018 | C34: January 2019 | D34: 12/2018 | E34: EF010140-002 | F34: ESKOM | G34: 5810.3 | H34: ESKOM FREE BASIC ELEC | I34: Finance | J34: Wastefull | K34: X | O34: X | Q34: interest charged on a delayed payment
A35: 142 | B35: 02/01/2019 | C35: January 2019 | D35: Not paid | E35: DEC 2018 INT | F35: ESKOM | G35: 443489.26 | H35: ESKOM BULK ACCOUNT | I35: Finance | J35: Wastefull | K35: X | Q35: interest charged on a delayed payment
A36: 144 | B36: 10/12/2018 | C36: January 2019 | D36: Not paid | E36: DEC 2018 INT | F36: ESKOM | G36: 2868.44 | H36: ESKOM FREE BASIC ELEC | I36: Finance | J36: Wastefull | K36: X | Q36: interest charged on a delayed payment
A37: 145 | B37: 16/01/2019 | C37: January 2019 | D37: Not paid | E37: JAN 2019 INT | F37: ESKOM | G37: 1018.23 | H37: ESKOM FREE BASIC ELEC | I37: Finance | J37: Wastefull | K37: X | Q37: interest charged on a delayed payment
A38: 149 | B38: 06/02/2019 | C38: May 2019 | D38: Not paid | E38: JAN 2019 INT | F38: ESKOM | G38: 373154.8 | H38: ESKOM BULK ACCOUNT | I38: Finance | J38: Wastefull | K38: X | Q38: interest charged on a delayed payment
A39: 150 | B39: 06/02/2019 | C39: May 2019 | D39: 27/2/2019 | E39: EF010393-0001 | F39: ESKOM | G39: 2408.52 | H39: ESKOM SMALL ACCOUNTS | I39: Finance | J39: Wastefull | K39: X | O39: X | Q39: interest charged on a delayed payment
A40: 151 | B40: 14/02/2019 | C40: May 2019 | D40: Not paid | E40: FEB 2019 INT | F40: ESKOM | G40: 2327.39 | H40: ESKOM FREE BASIC ELEC | I40: Finance | J40: Wastefull | K40: X | Q40: interest charged on a delayed payment
A41: 158 | B41: 20/03/2019 | C41: May 2019 | D41: Not paid | E41: MARCH 2019 INT | F41: ESKOM | G41: 5293.1 | H41: ESKOM FREE BASIC ELEC | I41: Finance | J41: Wastefull | K41: X | Q41: interest charged on a delayed payment
A42: 161 | B42: 10/04/2019 | C42: May 2019 | D42: Not paid | E42: APRIL 2019 INT | F42: ESKOM | G42: 6013.7 | H42: ESKOM FREE BASIC ELEC | I42: Finance | J42: Wastefull | K42: X | Q42: interest charged on a delayed payment
A43: 167 | B43: 17/05/2019 | C43: June 2019 | D43: Not paid | E43: MAY 2019 INT | F43: ESKOM | G43: 13640.85 | H43: ESKOM FREE BASIC ELEC | I43: Finance | J43: Wastefull | K43: X | Q43: interest charged on a delayed payment
A44: 170 | B44: 21/06/2019 | C44: June 2019 | D44: Not paid | E44: JUNE 2019 INT | F44: ESKOM | G44: 8816.61 | H44: ESKOM FREE BASIC ELEC | I44: Finance | J44: Wastefull | K44: X | Q44: interest charged on a delayed payment
A45: 172 | B45: 30/06/2019 | C45: August 2018 | D45: Not paid | E45: 1282 | F45: ESKOM SMALL ACCOUNTS | G45: 1438.16 | H45: ESKOM SMALL ACCOUNTS | I45: Finance | J45: Wastefull | K45: X | Q45: interest charged on a delayed payment
E46: 2018/19 subtotal | G46: =SUM(G21:G45) -> 3056535.2 | H46: 3389269.2
A47: 175 | B47: 02/09/2019 | C47: Oct 2019 | D47: 2/9/2019 | E47: EF010828-0002 | F47: Eskom | G47: 994.11 | H47: ESKOM SMALL ACCOUNTS | I47: Finance | J47: Wastefull | K47: x | O47: x | Q47: interest charged on a delayed payment
A48: 178 | B48: 05/09/2019 | C48: Oct 2019 | D48: 05/09/2019 | E48: EF010847-0001 | F48: Eskom | G48: 720.66 | H48: ESKOM SMALL ACCOUNTS | I48: Finance | J48: Wastefull | K48: x | O48: x | Q48: interest charged on a delayed payment
A49: 179 | B49: 05/09/2019 | C49: Oct 2019 | D49: 05/09/2019 | E49: EF010841-0007 | F49: Eskom | G49: 5844.71 | H49: SKOM FBE JULY19 | I49: Finance | J49: Wastefull | K49: x | O49: x | Q49: interest charged on a delayed payment
A50: 180 | B50: 17/09/2019 | C50: Oct 2019 | D50: 17/09/2019 | E50: EF010874-0007 | F50: Eskom | G50: 124.69 | H50: ESKOM SMALL ACCOUNTS | I50: Finance | J50: Wastefull | K50: x | O50: x | Q50: interest charged on a delayed payment
A51: 181 | B51: 01/10/2019 | C51: Nov 2019 | D51: 01/10/2019 | E51: EF010893-0001 | F51: Eskom | G51: 60.98 | H51: ESKOM SMALL ACCOUNTS | I51: Finance | J51: Wastefull | K51: X | O51: X | Q51: interest charged on a delayed payment
A52: 182 | B52: 13/09/2019 | C52: Nov 2019 | D52: Not paid | E52: SEPT 2019 INT. | F52: Eskom | G52: 2129.27 | H52: ESKOM FREE BASIC ELECTRICITY | I52: Finance | J52: Wastefull | K52: X | Q52: interest charged on a delayed payment
A53: 184 | B53: 03/10/2019 | C53: Nov 2019 | D53: Not paid | E53: SEPT 2019 INT. | F53: Eskom | G53: 3169.84 | H53: ESKOM BULK ACCOUNT | I53: Finance | J53: Wastefull | K53: X | Q53: interest charged on a delayed payment
A54: 185 | B54: 10/10/2019 | C54: Nov 2019 | D54: 10/10/2019 | E54: EF010940-0004 | F54: Eskom | G54: 135.88 | H54: ESKOM SMALL ACCOUNTS | I54: Finance | J54: Wastefull | K54: X | O54: X | Q54: interest charged on a delayed payment
A55: 186 | B55: 14/10/2019 | C55: Nov 2019 | D55: 14/10/2019 | E55: EF010989-0002 | F55: Eskom | G55: 953.55 | H55: ESKOM FREE BASIC ELECTRICITY | I55: Finance | J55: Wastefull | K55: X | O55: X | Q55: interest charged on a delayed payment
A56: 190 | B56: 01/11/2019 | C56: Dec 2019 | D56: Not paid | E56: OCT 2019. INT | F56: ESKOM | G56: 3169.84 | H56: BULK ACCOUNT PURCHASE | I56: Finance | J56: Wastefull | K56: X | Q56: interest charged on a delayed payment
A57: 191 | B57: 16/11/2019 | C57: Dec 2019 | D57: Not paid | E57: NOV 2019 INT. | F57: ESKOM | G57: 4940.69 | H57: FREE BASIC SERVICES | I57: Finance | J57: Wastefull | K57: X | Q57: interest charged on a delayed payment
A58: 192 | B58: 20/11/2019 | C58: Dec 2019 | D58: 20/11/2019 | E58: EF010992-0011 | F58: ESKOM | G58: 378.13 | H58: SMALL ACCOUNTS | I58: Finance | J58: Wastefull | K58: X | O58: X | Q58: interest charged on a delayed payment
A59: 193 | B59: 02/12/2019 | C59: Dec 2019 | D59: 02/12/2019 | E59: EF011009-0009 | F59: ESKOM | G59: 214.71 | H59: SMALL ACCOUNTS | I59: Finance | J59: Wastefull | K59: X | O59: X | Q59: interest charged on a delayed payment
A60: 195 | B60: 04/12/2019 | C60: Jan 2020 | D60: Not paid | E60: NOV 2019.INT | F60: ESKOM | G60: 5829 | H60: BULK ACCOUNT PURCHASE | I60: Finance | J60: Wastefull | K60: X | Q60: interest charged on a delayed payment
A61: 200 | B61: 03/02/2020 | C61: Feb 2020 | D61: Not paid | E61: JAN 2020 INT. | F61: ESKOM | G61: 69579.05 | H61: BULK PURCHASES | I61: Finance | J61: Wastefull | K61: X | Q61: interest charged on a delayed payment
A62: 201 | B62: 12/02/2020 | C62: Feb 2020 | D62: 12/02/2020 | E62: EF011145-0009 | F62: ESKOM | G62: 69.46 | H62: SMALL ACCOUNTS | I62: Finance | J62: Wastefull | K62: X | O62: X | Q62: interest charged on a delayed payment
A63: 203 | B63: 19/03/2020 | C63: March 2020 | D63: Not paid | E63: 446 | F63: ESKOM | G63: -3169.84 | H63: BULK PURCHASES | I63: Finance | J63: Wastefull | K63: X | Q63: Reversal of interest charged - SEE NR 190
A64: 204 | B64: 19/03/2020 | C64: March 2020 | D64: Not paid | E64: 447 | F64: ESKOM | G64: -3169.84 | H64: BULK PURCHASES | I64: Finance | J64: Wastefull | K64: X | Q64: Reversal of interest charged - SEE NR 184
A65: 205 | B65: 19/03/2020 | C65: March 2020 | D65: Not paid | E65: 448 | F65: ESKOM | G65: -5829 | H65: BULK PURCHASES | I65: Finance | J65: Wastefull | K65: X | Q65: Reversal of interest charged - SEE NR 195
A66: 206 | B66: 19/03/2020 | C66: March 2020 | D66: Not paid | E66: 449 | F66: ESKOM | G66: -69579.05 | H66: BULK PURCHASES | I66: Finance | J66: Wastefull | K66: X | Q66: Reversal of interest charged - SEE NR 200
A67: 210 | B67: 20/05/2020 | C67: May 2020 | D67: 20/05/2020 | E67: 'EF011246-0001 | F67: ESKOM | G67: 3.73 | H67: ESKOM SMALL ACCOUNTS | I67: Finance | J67: Wastefull | K67: X | O67: X | Q67: interest charged on a delayed payment
E68: 2019/20 subtotal | G68: =SUM(G47:G67) -> 16570.57
A69: 215 | B69: 14/07/2020 | C69: August 2020 | D69: Not paid | E69: 'JULY 2020 INT. | F69: ESKOM | G69: 526.37 | H69: FREE BASIC ELECTRICITY | I69: Finance | J69: Wastefull | K69: X | Q69: interest charged on a delayed payment
A70: 216 | B70: 13/08/2020 | C70: August 2020 | D70: Not paid | E70: 'AUG 2020 INT. | F70: ESKOM | G70: 921.14 | H70: FREE BASIC ELECTRICITY | I70: Finance | J70: Wastefull | K70: X | Q70: interest charged on a delayed payment
A71: 220 | B71: 03/11/2020 | C71: October 2020 | D71: 03/11/2020 | E71: EF011702-0001 | F71: ESKOM | G71: 634.74 | H71: FBE ACCOUNT SEP 20 | I71: Finance | J71: Wastefull | K71: x | O71: x | Q71: interest charged on a delayed payment
A72: 222 | B72: 12/01/2021 | C72: February 2021 | D72: 12/01/2021 | E72: 'EF011916-0001 | F72: ESKOM | G72: 1380.65 | H72: FBE ACCCOUNT | I72: Finance | J72: Wastefull | K72: x | O72: x | Q72: interest charged on a delayed payment
A73: 224 | B73: 18/02/2021 | C73: March 2021 | D73: 18/02/2021 | E73: 'EF012135-0001 | F73: ESKOM | G73: 135.86 | H73: FBE ACCCOUNT | I73: Finance | J73: Wastefull | K73: X | O73: X | Q73: interest charged on a delayed payment
A74: 225 | B74: 18/02/2021 | C74: March 2021 | D74: 18/02/2021 | E74: 'EF012136-0001 | F74: ESKOM | G74: 3.56 | H74: PREPAID ELECT | I74: Finance | J74: Wastefull | K74: X | O74: X | Q74: interest charged on a delayed payment
A75: 227 | B75: 15/02/2021 | C75: April 2021 | D75: 15/02/2021 | E75: EF012239-0002 | F75: 'ESKOM | G75: 1904.25 | H75: FREE BASIC ELECTRICITY | I75: Finance | J75: Wastefull | K75: X | O75: X | Q75: interest charged on a delayed payment
A76: 228 | B76: 15/03/2021 | C76: April 2021 | D76: Not paid | E76: 'MARCH 2021 INT. | F76: 'ESKOM | G76: 273.93 | H76: FREE BASIC ELECTRICITY | I76: Finance | J76: Wastefull | K76: X | Q76: interest charged on a delayed payment
A77: 229 | B77: 16/03/2021 | C77: April 2021 | D77: Not paid | E77: '473 | F77: 'ESKOM | G77: -526.37 | H77: CREDIT NOTE PASSED | I77: Finance | J77: Wastefull | K77: X | Q77: interest charged on a delayed payment
A78: 231 | B78: 07/04/2021 | C78: May 2021 | D78: Not paid | E78: 'EF012405-0002 | F78: 'ESKOM | G78: 75165.06 | H78: BULK ACCOUNT PURCHASE | I78: Finance | J78: Wastefull | K78: X | O78: X | Q78: interest charged on a delayed payment
A79: 232 | B79: 16/04/2021 | C79: May 2021 | D79: Not paid | E79: 'EF012335-0001 | F79: 'ESKOM | G79: 273.93 | H79: FREE BASIC ELECTRICITY | I79: Finance | J79: Wastefull | K79: X | O79: X | Q79: interest charged on a delayed payment
A80: 242 | B80: 15/04/2021 | C80: June 2021 | D80: 15/04/2021 | E80: 'EF012413-0002 | F80: 'ESKOM | G80: 274.03 | H80: FREE BASIC ELECTRICITY | I80: Finance | J80: Wastefull | K80: X | O80: X | Q80: interest charged on a delayed payment
A81: 245 | B81: 07/05/2021 | C81: June 2021 | D81: Not paid | E81: '476 | F81: 'ESKOM | G81: -273.93 | H81: CREDIT NOTE PASSED | I81: Finance | J81: Wastefull | K81: X | Q81: CREDIT NOTE PASSED
E83: 2020/21 subtotal | G83: =SUM(G69:G82) -> 80693.22
B85: TOTAL INTEREST CHARGED BY ESKOM (after reversals) | G85: =G83+G68+G46+G20+G5 -> 6285640.7

Sheet Other SPs Write off
A1: ANNEXURE E - FRUITLESS & WASTEFULL EXPENDITURE FOR 2018/2019/2020/2021 OTHER SERVICE PROVIDERS
A2: NO | B2: DATE OF DISCOVERY | C2: DATE REPORTED ACCOUNTING OFFICER | D2: TRANSACTION DETAILS
D3: DATE OF PAYMENT | E3: REFERENCE | F3: SERVICE PROVIDER | G3: AMOUNT | H3: DESCRIPTION OF INCIDENT | I3: PERSON LIABLE (OFFICIAL OR POLITICAL OFFICE BEARER) | J3: TYPE OF PROHIBITED EXPENDITURE | K3: UI | L3: DP | M3: CC | N3: TR | O3: P | P3: WO | Q3: GENERAL COMMENTS
A4: 62 | B4: 31/12/2017 | C4: Jan 2018 | D4: Not paid | E4: 'DEC-17 | F4: Telkom | G4: 35.65 | H4: Interest charged on overdue accounts | I4: Finance | J4: Wastefull | K4: X | P4: X | Q4: interest charged on an delayed payment
A5: 63 | B5: 15/01/2018 | C5: Jan 2018 | D5: 15/01/2018 | E5: 268/2017 | F5: Huxtable Attorneys | G5: 2284.14 | H5: Interest and sheriff fees | I5: TBD | J5: Wastefull | K5: X | O5: X | P5: X | Q5: Delayed payment resulting in lawyer/sheriff fees
A6: 64 | B6: 31/10/2017 | C6: Feb 2018 | D6: Not paid | E6: 'INT OCT 17 | F6: BCX | G6: 47.65 | H6: BCX IT MAINTENANCE | I6: Finance | J6: Wastefull | K6: X | P6: X | Q6: interest charged on an delayed payment
A7: 65 | B7: 30/11/2017 | C7: Feb 2018 | D7: Not paid | E7: 'INT NOV 17 | F7: BCX | G7: 917.45 | H7: BCX IT MAINTENANCE | I7: Finance | J7: Wastefull | K7: X | P7: X | Q7: interest charged on an delayed payment
A8: 67 | B8: 31/12/2017 | C8: Feb 2018 | D8: Not paid | E8: 'INT DEC 17 | F8: BCX | G8: 1397.88 | H8: BCX IT MAINTENANCE | I8: Finance | J8: Wastefull | K8: X | P8: X | Q8: interest charged on an delayed payment
A9: 68 | B9: 01/01/2018 | C9: Feb 2018 | D9: Not paid | E9: '64477 | F9: Telkom | G9: 1166.22 | H9: TELKOM SA LTD TELEPHONES | I9: Finance | J9: Wastefull | K9: X | P9: X | Q9: interest charged on an delayed payment
A10: 70 | B10: 31/01/2018 | C10: Feb 2018 | D10: Not paid | E10: 'INT JAN 18 | F10: BCX | G10: 2181.9 | H10: BCX IT MAINTENANCE | I10: Finance | J10: Wastefull | K10: X | P10: X | Q10: interest charged on an delayed payment
A11: 73 | B11: 28/02/2018 | C11: March 2018 | D11: Not paid | E11: 'INTEREST FEB 18 | F11: BCX | G11: 2639.8 | H11: BCX IT MAINTENANCE | I11: Finance | J11: Wastefull | K11: X | P11: X | Q11: interest charged on an delayed payment
A12: 78 | B12: 31/12/2017 | C12: Ápril 2018 | D12: Not paid | E12: 'INT.1017 | F12: Kruiper Spares VEHICLE REPAIRS | G12: 63.51 | H12: MAINTENANCE OF VEHICLES | I12: Finance | J12: Wastefull | K12: X | P12: X | Q12: interest charged on an delayed payment
A13: 79 | B13: 31/01/2018 | C13: Ápril 2018 | D13: Not paid | E13: 'INT.1118 | F13: Kruiper Spares VEHICLE REPAIRS | G13: 63.51 | H13: MAINTENANCE OF VEHICLES | I13: Finance | J13: Wastefull | K13: X | P13: X | Q13: interest charged on an delayed payment
A14: 80 | B14: 28/02/2018 | C14: Ápril 2018 | D14: Not paid | E14: 'INT.1218 | F14: Kruiper Spares VEHICLE REPAIRS | G14: 64.2 | H14: MAINTENANCE OF VEHICLES | I14: Finance | J14: Wastefull | K14: X | P14: X | Q14: interest charged on an delayed payment
A15: 81 | B15: 01/03/2018 | C15: Ápril 2018 | D15: Not paid | E15: 'FEB 2018 INT. | F15: TELKOM SA LTD TELEPHONES | G15: 1355.94 | H15: TELKOM SA LTD TELEPHONES | I15: Finance | J15: Wastefull | K15: X | P15: X | Q15: interest charged on an delayed payment
A16: 83 | B16: 31/03/2018 | C16: Ápril 2018 | D16: Not paid | E16: 'INT. MARCH 2018 | F16: BCX IT MAINTENANCE | G16: 3049.73 | H16: BCX IT MAINTENANCE | I16: Finance | J16: Wastefull | K16: X | P16: X | Q16: interest charged on an delayed payment
A17: 84 | B17: 31/03/2018 | C17: Ápril 2018 | D17: Not paid | E17: 'INT.0118 | F17: Kruiper Spares VEHICLE REPAIRS | G17: 64.89 | H17: MAINTENANCE OF VEHICLES | I17: Finance | J17: Wastefull | K17: X | P17: X | Q17: interest charged on an delayed payment
... A21: 95 | B21: 14/05/2018 | C21: May 2018 | D21: Not paid | E21: 'INA64557 | F21: MUNSOFT (PTY) LTD PROFFESIONAL | G21: 2379.19 | H21: IT FEES - FIN SYSTEM | I21: Finance | J21: Wastefull | K21: X | P21: X | Q21: interest charged on an delayed payment
A22: 98 | B22: 31/05/2018 | C22: August 2018 | D22: June 2018 | E22: 'MAY 2018 INT. | F22: BCX IT MAINTENANCE | G22: 3107.8 | H22: BCX IT MAINTENANCE | I22: Finance | J22: Wastefull | K22: X | O22: X | P22: X | Q22: EF009437-014
A23: 99 | B23: 31/05/2018 | C23: August 2018 | D23: Not paid | E23: 'INT.0318 | F23: Kruiper Spares VEHICLE REPAIRS | G23: 66.29 | H23: MAINTENANCE OF VEHICLES | I23: Finance | J23: Wastefull | K23: X | P23: X | Q23: interest charged on an delayed payment
A24: 100 | B24: 31/05/2018 | C24: August 2018 | D24: Not paid | E24: 'MAY 2018 INT. | F24: TELKOM SA LTD TELEPHONES | G24: 1359.66 | H24: TELKOM SA LTD TELEPHONES | I24: Finance | J24: Wastefull | K24: X | P24: X | Q24: interest charged on an delayed payment
A25: 103 | B25: 30/06/2018 | C25: August 2018 | D25: Not paid | E25: 'INT.0418 | F25: Kruiper Spares VEHICLE REPAIRS | G25: 67 | H25: MAINTENANCE OF VEHICLES | I25: Finance | J25: Wastefull | K25: X | P25: X | Q25: interest charged on an delayed payment
A26: 106 | B26: 30/06/2018 | C26: August 2018 | D26: Not paid | E26: 'JUNE INT. | F26: TELKOM SA LTD TELEPHONES | G26: 1988.1 | H26: TELKOM SA LTD TELEPHONES | I26: Finance | J26: Wastefull | K26: X | P26: X | Q26: interest charged on an delayed payment
E27: 2017/18 subtotal | G27: =SUM(G4:G26) -> 29895.29
A28: 109 | B28: 31/07/2018 | C28: September 2018 | D28: 31/07/2018 | E28: EF009549-003 | F28: TELKOM SA LTD TELEPHONES | G28: 1728.56 | H28: TELEPHONE ACCOUNT | I28: Finance | J28: Wastefull | K28: X | O28: X | Q28: interest charged on an delayed payment
A29: 112 | B29: 31/08/2018 | C29: November 2018 | D29: Not paid | E29: IN016604 | F29: TRANSGEAR BUSINESS TRUST | G29: 2425.95 | H29: VEHICLE MAINTENANCE | I29: Finance | J29: Wastefull | K29: X | Q29: interest charged on an delayed payment
A30: 114 | B30: 13/09/2018 | C30: November 2018 | D30: Not paid | E30: INA65449 | F30: MUNSOFT (PTY) LTD | G30: 1857.86 | H30: PROFFESIONAL FEES | I30: Finance | J30: Wastefull | K30: X | Q30: interest charged on an delayed payment
A31: 115 | B31: 30/09/2018 | C31: November 2018 | D31: Not paid | E31: IN016618 | F31: TRANSGEAR BUSINESS TRUST | G31: 2486.6 | H31: VEHICLE MAINTENANCE | I31: Finance | J31: Wastefull | K31: X | Q31: interest charged on an delayed payment
A32: 116 | B32: 01/09/2018 | C32: November 2018 | D32: Not paid | E32: INT. SEPT 2018 | F32: TELKOM SA LTD | G32: 969 | H32: TELEPHONES | I32: Finance | J32: Wastefull | K32: X | Q32: interest charged on an delayed payment
A33: 121 | B33: 22/10/2018 | C33: November 2018 | D33: Not paid | E33: INA65665 | F33: MUNSOFT (PTY) LTD | G33: 2070.12 | H33: PROFFESIONAL FEES | I33: Finance | J33: Wastefull | K33: X | Q33: interest charged on an delayed payment
A34: 123 | B34: 08/11/2018 | C34: November 2018 | D34: October 18 | E34: EF009963-0001 | F34: DRIVING LICENCE CARD ACC | G34: 464.79 | H34: DRIVING LICENCE CARDS | I34: Finance | J34: Wastefull | K34: X | O34: X | Q34: interest charged on an delayed payment
A35: 124 | B35: 10/07/2018 | C35: January 2019 | D35: Not paid | E35: INA65043 | F35: MUNSOFT | G35: 4741.21 | H35: PROFFESIONAL FEES | I35: Finance | J35: Wastefull | K35: X | Q35: interest charged on an delayed payment
A36: 125 | B36: 31/07/2018 | C36: January 2019 | D36: Not paid | E36: IN016590 | F36: TRANSGEAR BUSINESS TRUST | G36: 2366.78 | H36: VEHICLE MAINTENANCE | I36: Finance | J36: Wastefull | K36: X | Q36: interest charged on an delayed payment
A37: 129 | B37: 31/10/2018 | C37: January 2019 | D37: Not paid | E37: IN016643 | F37: TRANSGEAR BUSINESS TRUST | G37: 2548.77 | H37: VEHICLE MAINTENANCE | I37: Finance | J37: Wastefull | K37: X | Q37: interest charged on an delayed payment
A38: 130 | B38: 16/11/2018 | C38: January 2019 | D38: Not paid | E38: INA65860 | F38: MUNSOFT | G38: 3620.73 | H38: PROFFESIONAL FEES | I38: Finance | J38: Wastefull | K38: X | Q38: interest charged on an delayed payment
A39: 136 | B39: 30/11/2018 | C39: January 2019 | D39: Not paid | E39: IN016659 | F39: TRANSGEAR BUSINESS TRUST | G39: 2612.49 | H39: VEHICLE MAINTENANCE | I39: Finance | J39: Wastefull | K39: X | Q39: interest charged on an delayed payment
A40: 138 | B40: 1/10/2018 | C40: January 2019 | D40: 12/2018 | E40: EF010137-002 | F40: TELKOM | G40: 1016.8 | H40: TELEPHONE ACCOUNT | I40: Finance | J40: Wastefull | K40: X | O40: X | Q40: interest charged on an delayed payment
A41: 139 | B41: 1/11/2018 | C41: January 2019 | D41: Not paid | E41: NOV 2018 INT | F41: TELKOM | G41: 876.3 | H41: TELEPHONE ACCOUNT | I41: Finance | J41: Wastefull | K41: X | Q41: interest charged on an delayed payment
A42: 143 | B42: 31/12/2018 | C42: January 2019 | D42: Not paid | E42: IN016667 | F42: TRANSGEAR BUSINESS TRUST | G42: 955.05 | H42: VEHICLE MAINTENANCE | I42: Finance | J42: Wastefull | K42: X | Q42: interest charged on an delayed payment
A43: 155 | B43: 31/07/2018 | C43: May 2019 | D43: Not paid | E43: INT.0518 | F43: Kruiper Spares | G43: 67.72 | H43: MAINTENANCE OF VEHICLES | I43: Finance | J43: Wastefull | Q43: interest charged on an delayed payment - REVERSED: SEE NR 165
A44: 156 | B44: 31/10/2018 | C44: May 2019 | D44: 05/2019 | E44: EF010568-0003 | F44: BUCO | G44: 57.46 | H44: MAINTENANCE ITEMS | I44: Finance | J44: Wastefull | K44: X | O44: X | Q44: interest charged on an delayed payment
A45: 157 | B45: 28/02/2019 | C45: May 2019 | D45: Not paid | E45: FEB 2019 INT | F45: NHLS | G45: 9.68 | H45: WATER SAMPLES | I45: Finance | J45: Wastefull | K45: X | Q45: interest charged on an delayed payment
A46: 159 | B46: 31/03/2019 | C46: May 2019 | D46: 05/2019 | E46: EF010568-0004 | F46: BUCO | G46: 88.4 | H46: MAINTENANCE ITEMS | I46: Finance | J46: Wastefull | K46: X | O46: X | Q46: interest charged on an delayed payment
A47: 160 | B47: 01/04/2019 | C47: May 2019 | D47: Not paid | E47: APRIL 2019 INT | F47: TELKOM | G47: 724.5 | H47: TELEPHONES | I47: Finance | J47: Wastefull | K47: X | Q47: interest charged on an delayed payment
A48: 163 | B48: 30/04/2019 | C48: May 2019 | D48: 05/2019 | E48: EF010629-0002 | F48: CRASH TOWING | G48: 43.13 | H48: TOWING AND RECOVERY | I48: Finance | J48: Wastefull | K48: X | O48: X | Q48: interest charged on an delayed payment
A49: 164 | B49: 14/05/2019 | C49: May 2019 | D49: 05/2019 | E49: EF010588-0001 | F49: WHEELDON RUSHMERE & COLE | G49: 5653.4 | H49: LEGAL COSTS | I49: Finance | J49: Wastefull | K49: X | O49: X | Q49: interest charged on an delayed payment
A50: 165 | B50: 29/05/2019 | C50: May 2019 | D50: Not paid | E50: 367 | F50: KRUIPER SPARES | G50: -67.72 | H50: CREDIT NOTE | I50: Finance | J50: Wastefull | Q50: Reversal of interest charged on an delayed payment - SEE NR 155
A51: 166 | B51: 01/05/2019 | C51: June 2019 | D51: Not paid | E51: MAY 2019 INT | F51: TELKOM SA LTD | G51: 983.94 | H51: TELEPHONE ACCOUNT | I51: Finance | J51: Wastefull | K51: X | Q51: interest charged on an delayed payment
A52: 171 | B52: 30/06/2019 | C52: June 2019 | D52: Not paid | E52: 1250 | F52: MIMECAST | G52: 109320 | H52: E-MAIL BACK-UP | I52: Finance | J52: Wastefull | K52: X | Q52: interest charged on an delayed payment
A53: 173 | B53: 30/06/2019 | C53: August 2018 | D53: Not paid | E53: 1279 | F53: TELKOM | G53: 795.6 | H53: TELKOM SA LTD TELEPHONES | I53: Finance | J53: Wastefull | K53: X | Q53: interest charged on an delayed payment
E54: 2018/19 subtotal | G54: =SUM(G28:G53) -> 148417.12
A55: 187 | B55: 31/08/2019 | C55: Dec 2019 | D55: Not paid | E55: AUG 2019 INT. | F55: NHLS EC | G55: 20.42 | H55: WATER SAMPLING | I55: Finance | J55: Wastefull | K55: X | Q55: interest charged on an delayed payment
A56: 188 | B56: 30/09/2019 | C56: Dec 2019 | D56: Not paid | E56: SEPT 2019 INT. | F56: NHLS EC | G56: 27.09 | H56: WATER SAMPLING | I56: Finance | J56: Wastefull | K56: X | Q56: interest charged on an delayed payment
A57: 197 | B57: 03/02/2020 | C57: Jan 2020 | D57: 03/02/2020 | E57: EF011113-0028 | F57: SALA PENSION FUND | G57: 2572.17 | H57: CONTRIBUTIONS | I57: Finance | J57: Wastefull | K57: X | O57: X | Q57: interest charged on an delayed payment
A58: 211 | B58: 02/06/2020 | C58: May 2020 | D58: 02/06/2020 | E58: 'EF011282-0001 | F58: NHLS | G58: 97.57 | H58: WATER SAMPLING | I58: Finance | J58: Wastefull | K58: X | O58: X | Q58: interest charged on an delayed payment
A59: 213 | B59: 01/06/2020 | C59: June 2020 | D59: Not paid | E59: 'INT. JUNE | F59: TELKOM | G59: 736.5 | H59: TELEPHONES | I59: Finance | J59: Wastefull | K59: X | Q59: interest charged on an delayed payment
A60: 214 | B60: 30/06/2020 | C60: June 2020 | D60: Not paid | E60: '30062020 | F60: NOMATHEMBA | G60: 241.78 | H60: ELECTRICAL CONTRACT | I60: Finance | J60: Wastefull | K60: X | Q60: interest charged on an delayed payment
E61: 2019/20 subtotal | G61: =SUM(G55:G60) -> 3695.53
A62: 217 | B62: 03/09/2020 | C62: September 2020 | D62: 03/09/2020 | E62: EF011555-0003 | F62: SIYAWELLA TRAVELLING | G62: 913.73 | H62: TRAVELLING AND ACCOMMODATION | I62: Finance | J62: Wastefull | K62: x | O62: x | Q62: interest charged on an delayed payment
A63: 218 | B63: 30/06/2020 | C63: September 2020 | D63: 03/09/2020 | E63: EF011555-0016 | F63: SIYAWELLA TRAVELLING | G63: 14521.13 | H63: TRAVELLING AND ACCOMMODATION | I63: Finance | J63: Wastefull | K63: x | O63: x | Q63: interest charged on an delayed payment
A64: 219 | B64: 03/11/2020 | C64: October 2020 | D64: 03/11/2020 | E64: EF011701-0001 | F64: TELKOM | G64: 759.6 | H64: TELEPHONES | I64: Finance | J64: Wastefull | K64: x | O64: x | Q64: interest charged on an delayed payment
A65: 223 | B65: 17/02/2021 | C65: March 2021 | D65: 17/02/2021 | E65: EF012152-0007 | F65: DRIVING LICENCE CARD | G65: 360.99 | H65: DRIVERS LICENCES | I65: Finance | J65: Wastefull | K65: X | O65: X | Q65: billing differences
A66: 226 | B66: 01/03/2021 | C66: March 2021 | D66: 01/03/2021 | E66: 'EF012168-0002 | F66: TELKOM | G66: 779.65 | H66: TELEPHONE | I66: Finance | J66: Wastefull | K66: X | O66: X | Q66: interest charged on an delayed payment
A67: 230 | B67: 01/04/2021 | C67: April 2021 | D67: 01/04/2021 | E67: EF012269-0001 | F67: 'SALA PENSION FUND | G67: 1412.77 | H67: INTEREST ON ARREARS | I67: Finance | J67: Wastefull | K67: X | O67: X | Q67: interest charged on an delayed payment
A68: 234 | B68: 31/10/2020 | C68: June 2021 | D68: Not paid | E68: 'OCT 2020 INT. | F68: 'NHLS EC | G68: 12.68 | H68: WATER SAMPLING | I68: Finance | J68: Wastefull | K68: X | Q68: interest charged on an delayed payment
A69: 236 | B69: 31/01/2021 | C69: June 2021 | D69: Not paid | E69: 'JAN 2021 INT. | F69: 'NHLS EC | G69: 12.68 | H69: WATER SAMPLING | I69: Finance | J69: Wastefull | K69: X | Q69: interest charged on an delayed payment
A70: 239 | B70: 28/02/2021 | C70: June 2021 | D70: Not paid | E70: 'FEB 2021 INT. | F70: 'NHLS EC | G70: 5.73 | H70: WATER SAMPLING | I70: Finance | J70: Wastefull | K70: X | Q70: interest charged on an delayed payment
A71: 241 | B71: 31/03/2021 | C71: June 2021 | D71: Not paid | E71: 'MAR 2021 INT. | F71: 'NHLS EC | G71: 24.96 | H71: WATER SAMPLING | I71: Finance | J71: Wastefull | K71: X | Q71: interest charged on an delayed payment
A72: 243 | B72: 30/04/2021 | C72: June 2021 | D72: Not paid | E72: 'APRIL 2021 INT. | F72: 'NHLS EC | G72: 12.26 | H72: WATER SAMPLING | I72: Finance | J72: Wastefull | K72: X | Q72: interest charged on an delayed payment
E74: 2020/21 subtotal | G74: =SUM(G62:G73) -> 18816.18
B76: TOTAL INTEREST CHARGED BY Other SP's (after reversals) | G76: =G74+G61+G54+G27 -> 200824.12
B78: UI | C78: Irregular expenditure under investigation
B79: DP | C79: Disciplinary process initiated against responsible person
B80: CC | C80: Criminal chargers laid with SAPS
B81: TR | C81: Transferred to receivables for recovery
B82: P | C82: Paid or in process of paying in instalments
B83: WO | C83: Written off

Sheet Needs further Investigation
A1: ANNEXURE F - FRUITLESS & WASTEFULL EXPENDITURE FOR 2018/2019/2020/2021 Case requiring further details or investigation
A2: NO | B2: DATE OF DISCOVERY | C2: DATE REPORTED ACCOUNTING OFFICER | D2: TRANSACTION DETAILS
D3: DATE OF PAYMENT | E3: REFERENCE | F3: SERVICE PROVIDER | G3: AMOUNT | H3: DESCRIPTION OF INCIDENT | I3: PERSON LIABLE (OFFICIAL OR POLITICAL OFFICE BEARER) | J3: TYPE OF PROHIBITED EXPENDITURE | K3: UI | L3: DP | M3: CC | N3: TR | O3: P | P3: WO | Q3: GENERAL COMMENTS
A4: 107 | B4: 12/06/2018 | C4: August 2018 | D4: 12/06/2018 | E4: EF 009421-0001 | F4: LEGAL RESOURCE CENTRE | G4: 270000 | H4: COURT ORDER TO PAY DAMAGES | I4: Not identified yet | J4: Fruitless | K4: X | O4: X | Q4: House @ Egazini demolished without proper negotiations
B7: UI | C7: Irregular expenditure under investigation
B8: DP | C8: Disciplinary process initiated against responsible person
B9: CC | C9: Criminal chargers laid with SAPS
B10: TR | C10: Transferred to receivables for recovery
B11: P | C11: Paid or in process of paying in instalments
B12: WO | C12: Written off

Sheet Recon062017
A1: RECONCILIATION: FRUITLESS & WASTEFULL EXPENDITURE FOR 2016/2017
A2: NO | B2: DATE OF DISCOVERY | C2: DATE REPORTED ACCOUNTING OFFICER | D2: TRANSACTION DETAILS
D3: DATE OF PAYMENT | E3: PAYMENT VOUCHER | F3: SERVICE PROVIDER | G3: AMOUNT | H3: DESCRIPTION OF INCIDENT | I3: PERSON LIABLE (OFFICIAL OR POLITICAL OFFICE BEARER) | J3: TYPE OF PROHIBITED EXPENDITURE | K3: UI | L3: DP | M3: CC | N3: TR | O3: P | P3: WO | Q3: GENERAL COMMENTS
G4: 10998668 | H4: Opening Balance | J4: Wastefull | Q4: From AFS 2015/2016
A5: 1 | B5: 12/07/2016 | D5: July 16 | F5: Eskom | G5: 9597.47 | H5: Interest charged on overdue accounts | I5: Finance | J5: Wastefull | K5: X | O5: X | P5: X | Q5: interest charged on an delayed payment
A6: 2 | B6: 28/07/2016 | D6: July 16 | F6: Telkom | G6: 904.86 | H6: Interest charged on overdue accounts | I6: Finance | J6: Wastefull | K6: X | O6: X | P6: X | Q6: interest charged on an delayed payment
A7: 3 | B7: 06/07/2016 | D7: July 16 | F7: Eskom | G7: 1405.06 | H7: Interest charged on overdue accounts | I7: Finance | J7: Wastefull | K7: X | O7: X | P7: X | Q7: interest charged on an delayed payment
A8: 4 | B8: 28/07/2016 | D8: July 16 | F8: Eskom | G8: 701803.8 | H8: Interest charged on overdue accounts | I8: Finance | J8: Wastefull | K8: X | O8: X | P8: X | Q8: interest charged on an delayed payment
A9: 5 | B9: 31/08/2016 | D9: Sept 16 | F9: Eskom | G9: 61074.92 | H9: Interest charged on overdue accounts | I9: Finance | J9: Wastefull | K9: X | O9: X | Q9: interest charged on an delayed payment
A10: 6 | B10: 12/09/2016 | D10: Sept 16 | F10: Eskom | G10: 225.18 | H10: Interest charged on overdue accounts | I10: Finance | J10: Wastefull | K10: X | O10: X | Q10: interest charged on an delayed payment
A11: 7 | B11: 26/09/2016 | D11: Sept 16 | F11: Telkom | G11: 3424.34 | H11: Interest charged on overdue accounts | I11: Finance | J11: Wastefull | K11: X | O11: X | Q11: interest charged on an delayed payment
A12: 8 | B12: 27/09/2016 | D12: Sept 16 | F12: Eskom | G12: 853924.65 | H12: Interest charged on overdue accounts | I12: Finance | J12: Wastefull | K12: X | O12: X | Q12: interest charged on an delayed payment
A13: 9 | B13: 27/09/2016 | D13: Óct 16 | F13: Telkom | G13: 3295.66 | H13: Interest charged on overdue accounts | I13: Finance | J13: Wastefull | K13: X | O13: X | Q13: interest charged on an delayed payment
A14: 10 | B14: 30/09/2016 | D14: Óct 16 | F14: Eskom | G14: 3472.7 | H14: Interest charged on overdue accounts | I14: Finance | J14: Wastefull | K14: X | O14: X | Q14: interest charged on an delayed payment
A15: 11 | B15: 21/10/2016 | D15: Óct 16 | F15: Eskom | G15: 701552.66 | H15: Interest charged on overdue accounts | I15: Finance | J15: Wastefull | K15: X | O15: X | Q15: interest charged on an delayed payment
A16: 12 | B16: 30/09/2016 | D16: Nov 16 | F16: Auditor-General | G16: 79314.45 | H16: Interest charged on overdue accounts | I16: Finance | J16: Wastefull | K16: X | O16: X | Q16: interest charged on an delayed payment
A17: 13 | B17: 28/10/2016 | D17: Nov 16 | F17: Telkom | G17: 2496.07 | H17: Interest charged on overdue accounts | I17: Finance | J17: Wastefull | K17: X | O17: X | Q17: interest charged on an delayed payment
A18: 16 | B18: 10/10/2016 | D18: Dec 16 | F18: Eskom | G18: 176.61 | H18: Interest charged on overdue accounts | I18: Finance | J18: Wastefull | K18: X | O18: X | Q18: interest charged on an delayed payment
A19: 17 | B19: 10/11/2016 | D19: Dec 16 | F19: Eskom | G19: 335.91 | H19: Interest charged on overdue accounts | I19: Finance | J19: Wastefull | K19: X | O19: X | Q19: interest charged on an delayed payment
A20: 18 | B20: 24/11/2016 | D20: Dec 16 | F20: Eskom | G20: 2774.69 | H20: Interest charged on overdue accounts | I20: Finance | J20: Wastefull | K20: X | O20: X | Q20: interest charged on an delayed payment
... A38: 37 | B38: 30/04/2017 | D38: April 17 | F38: AG RECON 2016 | G38: 172056.69 | H38: Interest charged on overdue accounts | I38: Finance | J38: Wastefull | K38: X | O38: X | Q38: interest charged on an delayed payment
A39: 38 | B39: 31/03/2017 | D39: May 17 | F39: Dept of Water | G39: 1130704.5 | H39: Interest charged on overdue accounts | I39: Finance | J39: Wastefull | K39: X | Q39: interest charged on an delayed payment
A40: 39 | B40: 30/04/2017 | D40: May 17 | F40: Eskom | G40: 3477.2 | H40: Interest charged on overdue accounts | I40: Finance | J40: Wastefull | K40: X | O40: X | Q40: interest charged on an delayed payment
A41: 40 | B41: 30/04/2017 | D41: May 17 | F41: Auditor-General | G41: 99933.44 | H41: Interest charged on overdue accounts | I41: Finance | J41: Wastefull | K41: X | O41: X | Q41: interest charged on an delayed payment
A42: 41 | B42: 24/05/2017 | D42: May 17 | F42: Eskom | G42: 74748.97 | H42: Interest charged on overdue accounts | I42: Finance | J42: Wastefull | K42: X | O42: X | Q42: interest charged on an delayed payment
A43: 42 | B43: 31/05/2017 | D43: June 17 | E43: EF008400-0001 | F43: Eskom | G43: 2071.06 | H43: Interest charged on overdue accounts | I43: Finance | J43: Wastefull | K43: X | O43: X | Q43: interest charged on an delayed payment
A44: 43 | B44: 31/05/2017 | D44: June 17 | F44: Auditor-General | G44: 101673.54 | H44: Interest charged on overdue accounts | I44: Finance | J44: Wastefull | K44: X | Q44: interest charged on an delayed payment
A45: 44 | B45: 31/05/2017 | D45: June 17 | F45: NHLS EC | G45: 4.48 | H45: Interest charged on overdue accounts | I45: Finance | J45: Wastefull | K45: X | Q45: interest charged on an delayed payment
A46: 46 | B46: 26/06/2017 | D46: June 17 | F46: Eskom | G46: 215756.8 | H46: Interest charged on overdue accounts | I46: Finance | J46: Wastefull | K46: X | Q46: interest charged on an delayed payment
A47: 47 | B47: 30/06/2017 | D47: June 17 | F47: Eskom | G47: 159.24 | H47: Interest charged on overdue accounts | I47: Finance | J47: Wastefull | K47: X | Q47: interest charged on an delayed payment
A48: 48 | B48: 30/06/2017 | D48: June 17 | F48: Solstice Networks | G48: 35520 | H48: Interest charged on overdue accounts | I48: Finance | J48: Wastefull | K48: X | Q48: interest charged on an delayed payment
A49: 49 | B49: 30/06/2017 | D49: June 17 | F49: Telkom | G49: 1002.6 | H49: Interest charged on overdue accounts | I49: Finance | J49: Wastefull | K49: X | Q49: interest charged on an delayed payment
F50: Total | G50: =SUM(G4:G49) -> 17069786
F51: GL | G51: 8842666.2
F52: Difference | G52: =G50-G51 -> 8227119.3
G53: =G23 -> 3791.93
G54: =G19 -> 335.91
E56: GL Total | G56: =[2]June17!L65 -> 5540985.6
E57: Difference | G57: =G50-G56 -> 11528800
G58: =G4 -> 10998668 | H58: Opening Balance as per AFS 15/16
G59: =-('[2]inerest paid Feb17'!G6+'[2]inerest paid Feb17'!G7+'[2]inerest paid Feb17'!G30+'[2]inerest paid Feb17'!G31+'[2]inerest paid Feb17'!G35+[2]March17!G38+[2]June17!M60) -> 530131.91 | H59: Reversal of interest
E60: Journal to be done | G60: =SUM(G5:G8) -> 713711.19 | H60: Written off by Council Resolution C9.1 - November 16
A63: Preparer: | C63: ___________________________
A65: Reviewer: | C65: ___________________________

Sheet COMBINEDnov25
A1: ANNEXURE 2 - FRUITLESS & WASTEFULL EXPENDITURE FOR 2018/2021/2022/2023/2024/2025/2026/2027
A2: NO | B2: DATE OF DISCOVERY | C2: DATE REPORTED ACCOUNTING OFFICER | D2: TRANSACTION DETAILS
D3: DATE OF PAYMENT | E3: REFERENCE | F3: SERVICE PROVIDER | G3: AMOUNT | H3: DESCRIPTION OF INCIDENT | I3: PERSON LIABLE (OFFICIAL OR POLITICAL OFFICE BEARER) | J3: TYPE OF PROHIBITED EXPENDITURE | K3: UI | L3: DP | M3: CC | N3: TR | O3: P | P3: WO | Q3: GENERAL COMMENTS
A4: 107 | B4: 12/06/2018 | C4: August 2018 | D4: 12/06/2018 | E4: EF 009421-0001 | F4: LEGAL RESOURCE CENTRE | G4: 270000 | H4: COURT ORDER TO PAY DAMAGES | I4: Not identified yet | J4: Fruitless | K4: X | O4: X | Q4: House @ Egazini demolished without proper negotiations
F5: 2017/2018 | G5: =G4 -> 270000
A6: 244 | B6: 30/04/2021 | C6: July 2021 | E6: 'APR 2021 INT. | F6: DEPARTMENT OF WATER AFFAIRS | G6: 222737.09 | H6: INTEREST | I6: FINANCE | J6: WASTEFULL | K6: x | P6: x | Q6: interest charged on an delayed payment
A7: 245 | B7: 03/05/2021 | C7: July 2021 | E7: 'APRIL 2021 INT. | F7: ESKOM BULK ACCOUNT | G7: 20443.04 | H7: INTEREST | I7: FINANCE | J7: WASTEFULL | K7: x | P7: x | Q7: interest charged on an delayed payment
A8: 246 | B8: 31/05/2021 | C8: July 2021 | E8: 'MAY 2021 INT. | F8: AMATOLA WATER-AMANZI | G8: 56776.52 | H8: INTEREST | I8: FINANCE | J8: WASTEFULL | K8: x | P8: x | Q8: interest charged on an delayed payment
A9: 247 | B9: 31/05/2021 | C9: July 2021 | E9: 'MAY 2021 INT. | F9: DEPARTMENT OF WATER AFFAIRS | G9: 225756.13 | H9: INTEREST | I9: FINANCE | J9: WASTEFULL | K9: x | P9: x | Q9: interest charged on an delayed payment
A10: 248 | B10: 31/05/2021 | C10: July 2021 | E10: 'MAY 2021 INT. | F10: CRASH TOWING AND RECOVERY | G10: 143.75 | H10: INTEREST | I10: FINANCE | J10: WASTEFULL | K10: x | P10: x | Q10: interest charged on an delayed payment
A11: 249 | B11: 01/06/2021 | C11: July 2021 | E11: 'MAY 2021 INT. | F11: ESKOM BULK ACCOUNT BULK ACC | G11: 23546.77 | H11: INTEREST | I11: FINANCE | J11: WASTEFULL | K11: x | P11: x | Q11: interest charged on an delayed payment
A12: 250 | B12: 18/06/2021 | C12: July 2021 | D12: 18/06/2021 | E12: 'EF012659-0002 | F12: 'ESKOM FREE BASIC ELECTRICITY | G12: 270.52 | H12: INTEREST | I12: FINANCE | J12: WASTEFULL | K12: x | O12: x | P12: x | Q12: interest charged on an delayed payment
A13: 251 | B13: 30/06/2021 | C13: July 2021 | E13: 'JUNE 2021 INT. | F13: CRASH TOWING AND RECOVERY | G13: 147.34 | H13: INTEREST | I13: FINANCE | J13: WASTEFULL | K13: x | P13: x | Q13: interest charged on an delayed payment
A14: 252 | B14: 30/06/2021 | C14: July 2021 | E14: 'JUNE 2021 INT. | F14: ESKOM BULK ACCOUNT BULK ACC | G14: 287.32 | H14: INTEREST | I14: FINANCE | J14: WASTEFULL | K14: x | P14: x | Q14: interest charged on an delayed payment
A15: 253 | B15: 29/07/2021 | C15: August | D15: 29/07/2021 | E15: 'EF012699-0001 | F15: 'ESKOM SMALL ACCOUNTS | G15: 144.32 | H15: INTEREST | I15: FINANCE | J15: WASTEFULL | K15: x | O15: x | P15: x | Q15: interest charged on an delayed payment
A16: 254 | B16: 09/07/2021 | C16: August | E16: '000001708 | F16: 'AUDITOR-GENERAL | G16: 3724.16 | H16: INTEREST | I16: FINANCE | J16: WASTEFULL | K16: x | O16: x | P16: x | Q16: interest charged on an delayed payment
A17: 255 | B17: 09/07/2021 | C17: August | E17: '000001711 | F17: 'AMATOLA WATER JUNE 2021 | G17: 54945.03 | H17: INTEREST | I17: FINANCE | J17: WASTEFULL | K17: x | P17: x | Q17: interest charged on an delayed payment
A18: 256 | B18: 09/07/2021 | C18: August | E18: '000001711 | F18: 'INTEREST REVERSED DEC 20 | G18: -184633.78 | H18: INTEREST REVERSED | I18: FINANCE | J18: WASTEFULL | K18: x | P18: x | Q18: interest charged on an delayed payment reversed
A19: 257 | B19: 09/07/2021 | C19: August | E19: '000001702 | F19: 'DWAF INTEREST JUNE 2021 | G19: 228598.95 | H19: INTEREST | I19: FINANCE | J19: WASTEFULL | P19: x | Q19: interest charged on an delayed payment
A20: 258 | B20: 09/07/2021 | C20: August | E20: '000001713 | F20: 'BATE CHUBB & ASSOCIATES | G20: 19550 | H20: INTEREST | I20: FINANCE | J20: WASTEFULL | K20: x | O20: x | P20: x | Q20: interest charged on an delayed payment
A21: 259 | B21: 31/07/2021 | C21: September | E21: 'JULY 2021 INT. | F21: 'DEPARTMENT OF WATER AFFAIRS | G21: 232031.85 | H21: INTEREST | I21: FINANCE | J21: WASTEFULL | K21: x | P21: x | Q21: interest charged on an delayed payment
A22: 260 | B22: 25/08/2021 | C22: September | D22: 25/08/2021 | E22: 'EF012761-0001 | F22: 'ESKOM SMALL ACCOUNTS | G22: 126.35 | H22: INTEREST | I22: FINANCE | J22: WASTEFULL | K22: x | O22: x | P22: x | Q22: interest charged on an delayed payment
A23: 261 | B23: 26/08/2021 | C23: September | D23: 26/08/2021 | E23: 'EF012775-0001 | F23: 'ESKOM FBE | G23: 1758.37 | H23: INTEREST July Account | I23: FINANCE | J23: WASTEFULL | K23: x | O23: x | P23: x | Q23: interest charged on an delayed payment
A24: 262 | B24: 04/11/2021 | C24: December | D24: 04/11/2021 | E24: 'EF012918-0001 | F24: 'ESKOM FBE | G24: 136.29 | H24: INTEREST October Account | I24: FINANCE | J24: WASTEFULL | K24: x | O24: x | P24: x | Q24: interest charged on an delayed payment
A25: 263 | B25: 02/12/2021 | C25: December | D25: 02/12/2021 | E25: 'EF012938-0001 | F25: 'WHEELDON RUSHMERE & COLE | G25: 7202.37 | H25: INTEREST | I25: FINANCE | J25: WASTEFULL | K25: x | O25: x | P25: x | Q25: interest charged on an delayed payment
A26: 264 | B26: 02/12/2021 | C26: December | D26: 02/12/2021 | E26: 'EF012997-0001 | F26: 'X NGQOYIYA STIPEND | G26: 2200 | H26: STIPEND PAID TO INCORRECT ACCOUNT | I26: FINANCE | J26: WASTEFULL | K26: x | O26: x
A27: 265 | B27: 02/12/2021 | C27: December | D27: 02/12/2021 | E27: 'EF013001-0001 | F27: 'ESKOM SMALL ACCOUNTS | G27: 481.9 | H27: INTEREST | I27: FINANCE | J27: WASTEFULL | K27: x | O27: x | P27: x | Q27: interest charged on an delayed payment
A28: 266 | B28: 02/12/2021 | C28: December | D28: 02/12/2021 | E28: 'EF013001-0003 | F28: 'ESKOM SMALL ACCOUNTS | G28: 726.59 | H28: INTEREST | I28: FINANCE | J28: WASTEFULL | K28: x | O28: x | P28: x | Q28: interest charged on an delayed payment
A29: 267 | B29: 02/12/2021 | C29: December | D29: 02/12/2021 | E29: 'EF013001-0004 | F29: 'ESKOM FBE ACCOUNT | G29: 136.29 | H29: INTEREST | I29: FINANCE | J29: WASTEFULL | K29: x | O29: x | P29: x | Q29: interest charged on an delayed payment
A30: 268 | B30: 03/12/2021 | C30: December | D30: 03/12/2021 | E30: 'EF013017-0001 | F30: 'GOODHOPE CYCLE & KEYS SERVICE | G30: 250 | H30: TENDER BOX LOCK OPENED | I30: SCM | J30: WASTEFULL | K30: x | O30: x | P30: x | Q30: Locksmith had to unlock Tender Box as SCM staff on leave with key
A31: 269 | B31: 05/01/2022 | C31: January | D31: 05/01/2022 | E31: 'EF013040-0001 | F31: ESKOM | G31: -153285.74 | H31: INTEREST REVERSED | I31: FINANCE | J31: WASTEFULL | K31: x | O31: x | P31: x | Q31: Interest charged on an delayed payment reversed
A32: 270 | B32: 31/01/2022 | C32: March | D32: 31/01/2022 | E32: 'EF013050-0002 | F32: ESKOM FBE ACCOUNT | G32: 1090.15 | H32: INTEREST | I32: FINANCE | J32: WASTEFULL | K32: x | O32: x | P32: x | Q32: Interest charged on an delayed payment
A33: 271 | B33: 31/01/2022 | C33: March | D33: 31/01/2022 | E33: 'EF013071-0001 | F33: ESKOM SMALL ACCOUNTS | G33: 706.33 | H33: INTEREST | I33: FINANCE | J33: WASTEFULL | K33: x | O33: x | P33: x | Q33: Interest charged on an delayed payment
A34: 272 | B34: 31/01/2022 | C34: March | D34: 31/01/2022 | E34: 'EF013071-0002 | F34: ESKOM SMALL ACCOUNTS | G34: 515.52 | H34: INTEREST | I34: FINANCE | J34: WASTEFULL | K34: x | O34: x | P34: x | Q34: Interest charged on an delayed payment
A35: 273 | B35: 28/02/2022 | C35: March | D35: 28/02/2022 | E35: 'EF013153-0008 | F35: SALA PENSION FUND | G35: 8390.78 | H35: INTEREST | I35: FINANCE | J35: WASTEFULL | K35: x | O35: x | P35: x | Q35: Interest charged on an delayed payment
A36: 274 | B36: 28/02/2022 | C36: March | D36: 28/02/2022 | E36: 'EF013153-0009 | F36: SALA PENSION FUND | G36: 2832.78 | H36: INTEREST | I36: FINANCE | J36: WASTEFULL | K36: x | O36: x | P36: x | Q36: Interest charged on an delayed payment
A37: 275 | B37: 07/03/2022 | C37: April | D37: 07/03/2022 | E37: 'EF013157-0006 | F37: 'TELKOM SA LTD | G37: 3046.52 | H37: INTEREST | I37: FINANCE | J37: WASTEFULL | K37: x | O37: x | P37: x | Q37: Interest charged on an delayed payment
A38: 276 | B38: 07/03/2022 | C38: April | D38: 07/03/2022 | E38: 'EF013157-0002 | F38: 'ESKOM SMALL ACCOUNT | G38: 236.69 | H38: INTEREST | I38: FINANCE | J38: WASTEFULL | K38: x | O38: x | P38: x | Q38: Interest charged on an delayed payment
... A41: 279 | B41: 14/03/2022 | C41: April | D41: 14/03/2022 | E41: 'EF013158-0033 | F41: 'ESKOM FBE ACCOUNT | G41: 4900.68 | H41: INTEREST | I41: FINANCE | J41: WASTEFULL | K41: x | O41: x | P41: x | Q41: Interest charged on an delayed payment
A42: 280 | B42: 29/04/2022 | C42: June | E42: TO001322 | F42: 'ESKOM SMALL ACCOUNTS | G42: 0.02 | H42: INTEREST | I42: FINANCE | J42: WASTEFULL | K42: x | P42: x | Q42: Interest charged on an delayed payment
A43: 281 | B43: 11/05/2022 | C43: June | D43: 11/05/2022 | E43: 'EF013178-0013 | F43: 'ESKOM BULK ACCOUNT | G43: 27192.52 | H43: INTEREST | I43: FINANCE | J43: WASTEFULL | K43: x | O43: x | P43: x | Q43: Interest charged on an delayed payment
A44: 282 | B44: 11/05/2022 | C44: June | D44: 11/05/2022 | E44: 'EF013178-0015 | F44: 'ESKOM FBE | G44: 5147.79 | H44: INTEREST | I44: FINANCE | J44: WASTEFULL | K44: x | O44: x | P44: x | Q44: Interest charged on an delayed payment
A45: 283 | B45: 11/05/2022 | C45: June | D45: 11/05/2022 | E45: 'EF013178-0016 | F45: 'ESKOM FBE | G45: 3052.18 | H45: INTEREST | I45: FINANCE | J45: WASTEFULL | K45: x | O45: x | P45: x | Q45: Interest charged on an delayed payment
A46: 284 | B46: 11/05/2022 | C46: June | D46: 11/05/2022 | E46: 'EF013178-0017 | F46: 'ESKOM SMALL ACCOUNTS | G46: 1911.14 | H46: INTEREST | I46: FINANCE | J46: WASTEFULL | K46: x | O46: x | P46: x | Q46: Interest charged on an delayed payment
A47: 285 | B47: 11/05/2022 | C47: June | D47: 11/05/2022 | E47: 'EF013178-0018 | F47: 'ESKOM SMALL ACCOUNTS | G47: 715.41 | H47: INTEREST | I47: FINANCE | J47: WASTEFULL | K47: x | O47: x | P47: x | Q47: Interest charged on an delayed payment
A48: 286 | B48: 31/07/2021 | C48: July | E48: 'JULY 2021 INT. | F48: AMATOLA WATER-AMANZI | G48: 56776.52 | H48: INTEREST | I48: FINANCE | J48: WASTEFULL | K48: x | P48: x | Q48: Interest charged on an delayed payment
A49: 287 | B49: 31/08/2021 | C49: July | E49: 'AUG 2021 INT. | F49: AMATOLA WATER-AMANZI | G49: 34537.1 | H49: INTEREST | I49: FINANCE | J49: WASTEFULL | K49: x | P49: x | Q49: Interest charged on an delayed payment
A50: 288 | B50: 30/09/2021 | C50: July | E50: 'SEPT 2021 INT. | F50: AMATOLA WATER-AMANZI | G50: 33423 | H50: INTEREST | I50: FINANCE | J50: WASTEFULL | K50: x | P50: x | Q50: Interest charged on an delayed payment
A51: 289 | B51: 30/09/2021 | C51: July | E51: 'SEPT 2021 INT. | F51: DEPARTMENT OF WATER AFFAIRS | G51: 479389.92 | H51: INTEREST | I51: FINANCE | J51: WASTEFULL | K51: x | P51: x | Q51: Interest charged on an delayed payment
A52: 290 | B52: 31/10/2021 | C52: July | E52: 'FC 66036 | F52: AUDITOR-GENERAL | G52: 4639.37 | H52: INTEREST | I52: FINANCE | J52: WASTEFULL | K52: x | P52: x | Q52: Interest charged on an delayed payment
A53: 291 | B53: 31/10/2021 | C53: July | E53: 'OCT 2021 INT. | F53: AMATOLA WATER-AMANZI | G53: 34537.1 | H53: INTEREST | I53: FINANCE | J53: WASTEFULL | K53: x | P53: x | Q53: Interest charged on an delayed payment
A54: 292 | B54: 30/11/2021 | C54: July | E54: 'FC 66616 | F54: AUDITOR-GENERAL | G54: 9810.18 | H54: INTEREST | I54: FINANCE | J54: WASTEFULL | K54: x | P54: x | Q54: Interest charged on an delayed payment
A55: 293 | B55: 30/11/2021 | C55: July | E55: 'NOV 2021 INT. | F55: AMATOLA WATER-AMANZI | G55: 33423.01 | H55: INTEREST | I55: FINANCE | J55: WASTEFULL | K55: x | P55: x | Q55: Interest charged on an delayed payment
A56: 294 | B56: 31/12/2021 | C56: July | E56: 'FC 67198 | F56: AUDITOR-GENERAL | G56: 7178.39 | H56: INTEREST | I56: FINANCE | J56: WASTEFULL | K56: x | P56: x | Q56: Interest charged on an delayed payment
A57: 295 | B57: 31/12/2021 | C57: July | E57: 'DEC 2021 INT. | F57: AMATOLA WATER-AMANZI | G57: 24672.41 | H57: INTEREST | I57: FINANCE | J57: WASTEFULL | K57: x | P57: x | Q57: Interest charged on an delayed payment
A58: 296 | B58: 31/01/2022 | C58: July | E58: 'FC 67793 | F58: AUDITOR-GENERAL | G58: 16356.13 | H58: INTEREST | I58: FINANCE | J58: WASTEFULL | K58: x | P58: x | Q58: Interest charged on an delayed payment
A59: 297 | B59: 31/01/2022 | C59: July | E59: 'JAN 2022 INT. | F59: AMATOLA WATER-AMANZI | G59: 25553.56 | H59: INTEREST | I59: FINANCE | J59: WASTEFULL | K59: x | P59: x | Q59: Interest charged on an delayed payment
... A76: 314 | B76: 31/05/2022 | C76: July | E76: 'MAY 2022 INT. | F76: ESKOM BULK ACCOUNT | G76: 195918.32 | H76: INTEREST | I76: FINANCE | J76: WASTEFULL | K76: x | P76: x | Q76: Interest charged on an delayed payment
A77: 315 | B77: 17/06/2022 | C77: July | D77: =B77 -> 17/06/2022 | E77: 'EF013222-0012 | F77: DOHS INTEREST EARNED ON UNSPENT GRANT | G77: 13971 | H77: INTEREST | I77: FINANCE | J77: WASTEFULL | K77: x | O77: X | P77: x | Q77: Interest earned on unspent, invested funds paid to DoHS
A78: 316 | B78: 23/06/2022 | C78: July | D78: =B78 -> 23/06/2022 | E78: 'EF013228-0002 | F78: ESKOM SMALL ACCOUNTS | G78: 819.28 | H78: INTEREST | I78: FINANCE | J78: WASTEFULL | K78: x | O78: X | P78: x | Q78: Interest charged on an delayed payment
A79: 317 | B79: 30/06/2022 | C79: July | E79: 'FC70615 | F79: AUDITOR-GENERAL | G79: 15198.76 | H79: INTEREST | I79: FINANCE | J79: WASTEFULL | K79: x | P79: x | Q79: Interest charged on an delayed payment
A80: 318 | B80: 30/06/2022 | C80: July | E80: 'JUNE 2022 INT. | F80: ESKOM BULK ACCOUNT | G80: 505103.29 | H80: INTEREST | I80: FINANCE | J80: WASTEFULL | K80: x | O80: x | P80: x | Q80: Interest charged on an delayed payment
B81: 30/06/2022 | C81: August | D81: 2022/13 | E81: '000002045 | F81: 'Unwinding of interest on | G81: 2299526.5 | H81: 'Unwinding of interest on | I81: FINANCE | J81: WASTEFULL | K81: x | Q81: Interest charged on an delayed payment
B82: 30/06/2022 | C82: August | D82: 2022/13 | E82: '000001890 | F82: 'ESKOM SMALL ACCOUNT | G82: 3927.92 | H82: INTEREST | I82: FINANCE | J82: WASTEFULL | K82: x | Q82: Interest charged on an delayed payment
B83: 30/06/2022 | C83: August | D83: 2022/13 | E83: '000001890 | F83: 'ESKOM SMALL ACCOUNTS | G83: 4827.83 | H83: INTEREST | I83: FINANCE | J83: WASTEFULL | K83: x | Q83: Interest charged on an delayed payment
B84: 30/06/2022 | C84: August | D84: 2022/13 | E84: '000001890 | F84: 'ESKOM SMALL ACCOUNTS | G84: 3253 | H84: INTEREST | I84: FINANCE | J84: WASTEFULL | K84: x | Q84: Interest charged on an delayed payment
B85: 30/06/2022 | C85: August | D85: 2022/13 | E85: '000001928 | F85: 'ESKOM SMALL ACCOUNT | G85: 3927.92 | H85: INTEREST | I85: FINANCE | J85: WASTEFULL | K85: x | Q85: Interest charged on an delayed payment
B86: 30/06/2022 | C86: August | D86: 2022/13 | E86: '000001928 | F86: 'ESKOM SMALL ACCOUNTS | G86: 4827.83 | H86: INTEREST | I86: FINANCE | J86: WASTEFULL | K86: x | Q86: Interest charged on an delayed payment
B87: 30/06/2022 | C87: August | D87: 2022/13 | E87: '000001928 | F87: 'ESKOM SMALL ACCOUNTS | G87: 3253 | H87: INTEREST | I87: FINANCE | J87: WASTEFULL | K87: x | Q87: Interest charged on an delayed payment
B88: 30/06/2022 | C88: August | D88: 2022/13 | E88: '000001928 | F88: 'ESKOM SMALL ACCOUNTS | G88: 4734.16 | H88: INTEREST | I88: FINANCE | J88: WASTEFULL | K88: x | Q88: Interest charged on an delayed payment
B89: 30/06/2022 | C89: August | D89: 2022/13 | E89: '000001929 | F89: 'X NGQOYIYA STIPEND | G89: -2200 | H89: STIPEND PAID TO INCORRECT ACCOUNT | I89: FINANCE | J89: WASTEFULL | K89: x | P89: x | Q89: Reversed
B90: 30/06/2022 | C90: August | D90: 2022/13 | E90: '000001931 | F90: 'AUDITOR-GENERAL AUDIT FEE | G90: -9810.18 | H90: INTEREST | I90: FINANCE | J90: WASTEFULL | K90: x | P90: x | Q90: Reversed
B91: 30/06/2022 | C91: August | D91: 2022/13 | E91: '000001931 | F91: 'ESKOM BULK ACCOUNT BULK P | G91: -270282.9 | H91: INTEREST | I91: FINANCE | J91: WASTEFULL | K91: x | P91: x | Q91: Reversed
B92: 30/06/2022 | C92: August | D92: 2022/13 | E92: '000001931 | F92: 'SALA PENSION FUND INTERES | G92: -8390.78 | H92: INTEREST | I92: FINANCE | J92: WASTEFULL | K92: x | P92: x | Q92: Reversed
B93: 30/06/2022 | C93: August | D93: 2022/13 | E93: '000001931 | F93: 'ESKOM FBE ACCOUNT INTERES | G93: -4900.68 | H93: INTEREST | I93: FINANCE | J93: WASTEFULL | K93: x | P93: x | Q93: Reversed
B94: 30/06/2022 | C94: August | D94: 2022/13 | E94: '000001931 | F94: 'ESKOM SMALL ACCOUNTS INTE | G94: -1911.14 | H94: INTEREST | I94: FINANCE | J94: WASTEFULL | K94: x | P94: x | Q94: Reversed
B95: 30/06/2022 | C95: August | D95: 2022/13 | E95: '000001931 | F95: 'AUDITOR-GENERAL AUDIT FEE | G95: -4433.2 | H95: INTEREST | I95: FINANCE | J95: WASTEFULL | K95: x | P95: x | Q95: Reversed
B96: 30/06/2022 | C96: August | D96: 2022/13 | E96: '000001931 | F96: 'DEPARTMENT OF WATER AFFAI | G96: -479389.92 | H96: INTEREST | I96: FINANCE | J96: WASTEFULL | K96: x | P96: x | Q96: Reversed
B97: 30/06/2022 | C97: August | D97: 2022/13 | E97: '000001931 | F97: 'ESKOM BULK ACCOUNT INTERE | G97: 153285.74 | H97: INTEREST | I97: FINANCE | J97: WASTEFULL | K97: x | P97: x | Q97: Reversed
B98: 30/06/2022 | C98: August | D98: 2022/13 | E98: '000001931 | F98: 'ESKOM SMALL ACCOUNTS INTE | G98: -1952.13 | H98: INTEREST | I98: FINANCE | J98: WASTEFULL | K98: x | P98: x | Q98: Reversed
B99: 30/06/2022 | C99: August | D99: 2022/13 | E99: '000001931 | F99: 'ESKOM SMALL ACCOUNTS | G99: -3253 | H99: INTEREST | I99: FINANCE | J99: WASTEFULL | K99: x | P99: x | Q99: Reversed
B100: 30/06/2022 | C100: August | D100: 2022/13 | E100: '000001931 | F100: 'AMATOLA WATER-AMANZI INTE | G100: -25553.56 | H100: INTEREST | I100: FINANCE | J100: WASTEFULL | K100: x | P100: x | Q100: Reversed
... B155: 18/05/2023 | C155: August | D155: 2022/15 | E155: '580 | F155: 'INA76041 INV REF INA ..76 | G155: -4589.2 | H155: INTEREST | I155: FINANCE | J155: WASTEFULL | K155: x | P155: x | Q155: Reversed
F157: 2021/2022 | G157: =SUM(G6:G155) -> 2977148.8
A158: 319 | B158: 31/08/2022 | C158: August | D158: 05/09/2022 | E158: 'EF013269-0035 | F158: ESKOM SMALL ACCOUNTS | G158: 77.85 | H158: INTEREST | I158: FINANCE | J158: WASTEFULL | K158: x | O158: x | Q158: Interest charged on a delayed payment
A159: 320 | B159: 31/08/2022 | C159: August | D159: 05/09/2022 | E159: 'EF013269-0036 | F159: ESKOM SMALL ACCOUNTS | G159: 1937.37 | H159: INTEREST | I159: FINANCE | J159: WASTEFULL | K159: x | O159: x | Q159: Interest charged on a delayed payment
A160: 321 | B160: 31/08/2022 | C160: August | D160: 05/09/2022 | E160: 'EF013269-0037 | F160: ESKOM SMALL ACCOUNTS | G160: 4734.16 | H160: INTEREST | I160: FINANCE | J160: WASTEFULL | K160: x | O160: x | Q160: Interest charged on a delayed payment
A161: 322 | B161: 31/08/2022 | C161: August | D161: 05/09/2022 | E161: 'EF013269-0038 | F161: ESKOM FBE ACCOUNT | G161: 2718.21 | H161: INTEREST | I161: FINANCE | J161: WASTEFULL | K161: x | O161: x | Q161: Interest charged on a delayed payment
A162: 323 | B162: 31/08/2022 | C162: August | D162: 05/09/2022 | E162: 'EF013269-0039 | F162: ESKOM FBE ACCOUNT | G162: 10463.62 | H162: INTEREST | I162: FINANCE | J162: WASTEFULL | K162: x | O162: x | Q162: Interest charged on a delayed payment
A163: 324 | B163: 31/07/2022 | C163: November | E163: '412139253(INTEREST) | F163: DEPARTMENT OF WATER AFFAIRS | G163: 25168.7 | H163: INTEREST | I163: FINANCE | J163: WASTEFULL | K163: x | Q163: Interest charged on a delayed payment
A164: 325 | B164: 44774 | C164: November | E164: 985499322986 INTERES | F164: ESKOM BULK ACCOUNT | G164: 383635.4 | H164: INTEREST | I164: FINANCE | J164: WASTEFULL | K164: x | Q164: Interest charged on a delayed payment
A165: 326 | B165: 44804 | C165: November | E165: '412144094(INTEREST) | F165: DEPARTMENT OF WATER AFFAIRS | G165: 24290.94 | H165: INTEREST | I165: FINANCE | J165: WASTEFULL | K165: x | Q165: Interest charged on a delayed payment
A166: 327 | B166: 44804 | C166: November | E166: '985227352677 IN TERE | F166: ESKOM BULK ACCOUNT | G166: 912226.24 | H166: INTEREST | I166: FINANCE | J166: WASTEFULL | K166: x | Q166: Interest charged on a delayed payment
A167: 328 | B167: 44834 | C167: November | E167: '985909418359 I NTERE | F167: ESKOM BULK ACCOUNT | G167: 610585.3 | H167: INTEREST | I167: FINANCE | J167: WASTEFULL | K167: x | Q167: Interest charged on a delayed payment
A168: 329 | B168: 44867 | C168: November | D168: 44867 | E168: 'EF013307-0023 | F168: ESKOM SMALL ACCOUNTS | G168: 920.11 | H168: INTEREST | I168: FINANCE | J168: WASTEFULL | K168: x | O168: x | Q168: Interest charged on a delayed payment
A169: 330 | B169: 16/11/2022 | C169: December | D169: 16/11/2022 | E169: 'EF013326-0015 | F169: DBSA-OCT 2022 | G169: 1638.27 | H169: INTEREST | I169: FINANCE | J169: WASTEFULL | K169: x | O169: x | Q169: Interest charged on a delayed payment. FNB to investigate
A170: 331 | B170: 01/12/2022 | C170: December 2022 | D170: 01/12/2022 | E170: 'EF013333-0021 | F170: ESKOM SMALL ACCOUNTS | G170: 257.72 | H170: INTEREST | I170: FINANCE | J170: WASTEFULL | K170: x | O170: x | Q170: Interest charged on a delayed payment
A171: 332 | B171: 02/12/2022 | C171: January 2023 | E171: NOV2022- INTEREST | F171: 'ESKOM BULK ACCOUNT | G171: 675274.02 | H171: INTEREST | I171: FINANCE | J171: WASTEFULL | K171: x | Q171: Interest charged on a delayed payment
A172: 333 | B172: 14/12/2022 | C172: January 2023 | D172: 14/12/2022 | E172: 'EF013346-0009 | F172: 'ESKOM SMALL ACCOUNTS | G172: 1100.6 | H172: INTEREST | I172: FINANCE | J172: WASTEFULL | K172: x | O172: x | Q172: Interest charged on a delayed payment
A173: 334 | B173: 26/01/2023 | C173: February 2023 | D173: 26/01/2023 | E173: 'EF013358-0005 | F173: 'ESKOM SMALL ACCOUNTS | G173: 169.55 | H173: INTEREST | I173: FINANCE | J173: WASTEFULL | K173: x | O173: x | Q173: Interest charged on a delayed payment
...

Sheet Nov 2025
A1: Fin Year: | B1: 2026
A3: From Fiscal: | C3: To Fiscal:
A5: Item: | B5: Expenditure:Interest | C5: Dividends and Rent on Land:Interest Paid:Overdue Accounts
A6: Function: | B6: Function:Finance and Administration:Core Function:Finance:Finance (204)
A7: Project: | B7: Operational:Municipal Running Cost
A8: Costing: | B8: Costing:Default
A9: Funding: | B9: Fund:Operational:Revenue:General Revenue:Taxes:Property Rates:Levies
A10: Regional: | B10: Regional:Regional Identifier:Local Government by Province:Eastern Cape:District Municipalities:DC10 Sarah Baartman:Municipalities:EC104 Makana:Whole of the Municipality
A11: Segment: | B11: Interest on Overdue accounts
A13: Opening for YEAR (2026): | D13: Closing for YEAR (2026): | E13: 790780.93
A15: Fiscal | B15: Trans Date | C15: Journal No | D15: Remarks | E15: Source Code | F15: PayDocNo | G15: Amount | H15: Costing Code | I15: Kilometer | J15: Fuel Litre | K15: OPR | L15: Name | M15: PostQcdePREFIX | N15: PostQcdeCODE | O15: InterfaceNo | P15: Cbk InterfaceNo | Q15: VatRate | R15: Document Reference Number | S15: Module | T15: Accrual Order Number | U15: Credi
A16: 45839 | B16: 22/07/2025 | C16: '883618855184. | D16: 'ESKOM SMALL ACCOUNTS interest | E16: CRS | F16: ' | G16: 105.01 | O16: 2073 | R16: ' | S16: STDEXP | T16: ' | U16: '
A17: 45870 | B17: 11/8/2025 | C17: '612818150124. | D17: 'ESKOM SMALL ACCOUNTS interest | E17: CRS | F17: 'EF013930-0002 | G17: 1942.13 | O17: 2116 | R17: ' | S17: STDEXP | T17: ' | U17: '
A18: 45870 | B18: 12/8/2025 | C18: '649689274890. | D18: 'ESKOM SMALL ACCOUNTS interest | E18: CRS | F18: 'EF013930-0002 | G18: 28.18 | O18: 2116 | R18: ' | S18: STDEXP | T18: ' | U18: '
A19: 45870 | B19: 12/8/2025 | C19: '695252408626. | D19: 'ESKOM SMALL ACCOUNTS interest | E19: CRS | F19: 'EF013930-0002 | G19: 47.85 | O19: 2116 | R19: ' | S19: STDEXP | T19: ' | U19: '
A20: 45870 | B20: 12/8/2025 | C20: '840269898129. | D20: 'ESKOM SMALL ACCOUNTS interest | E20: CRS | F20: 'EF013930-0002 | G20: 71.4 | O20: 2116 | R20: ' | S20: STDEXP | T20: ' | U20: '
A21: 45870 | B21: 12/8/2025 | C21: '872238172287. | D21: 'ESKOM SMALL ACCOUNTS interest | E21: CRS | F21: 'EF013930-0002 | G21: 48.41 | O21: 2116 | R21: ' | S21: STDEXP | T21: ' | U21: '
A22: 45870 | B22: 4/9/2025 | C22: '985201888591 INT | D22: 'ESKOM BULK ACCOUNT ESKOM INTE | E22: CRS | F22: ' | G22: 779495.26 | O22: 2116 | R22: ' | S22: STDEXP | T22: ' | U22: '
A23: 45901 | B23: 19/06/2025 | C23: '676874994592A | D23: 'ESKOM SMALL ACCOUNTS interest | E23: CRS | F23: 'EF013923-0001 | G23: 0.87 | O23: 2146 | R23: ' | S23: STDEXP | T23: ' | U23: '
A24: 45901 | B24: 4/7/2025 | C24: '506011272007. | D24: 'ESKOM SMALL ACCOUNTS interest | E24: CRS | F24: 'EF013961-0001 | G24: 150.01 | O24: 2146 | R24: ' | S24: STDEXP | T24: ' | U24: '
A25: 45901 | B25: 4/7/2025 | C25: '712310776979. | D25: 'ESKOM SMALL ACCOUNTS interest | E25: CRS | F25: 'EF013961-0001 | G25: 330.06 | O25: 2146 | R25: ' | S25: STDEXP | T25: ' | U25: '
A26: 45901 | B26: 4/7/2025 | C26: '742836548184. | D26: 'ESKOM SMALL ACCOUNTS interest | E26: CRS | F26: 'EF013961-0001 | G26: 75.87 | O26: 2146 | R26: ' | S26: STDEXP | T26: ' | U26: '
A27: 45901 | B27: 4/7/2025 | C27: '754128734550. | D27: 'ESKOM SMALL ACCOUNTS interest | E27: CRS | F27: 'EF013961-0001 | G27: 56.34 | O27: 2146 | R27: ' | S27: STDEXP | T27: ' | U27: '
... A98: 45962 | B98: 24/10/2025 | C98: '883587453236. | D98: 'ESKOM Interest on overdue acc | E98: CRS | F98: ' | G98: 11.6 | O98: 2187 | R98: ' | S98: STDEXP | T98: ' | U98: '

Sheet Oct 2025
A2: Fin Year: | B2: 2026
A4: From Fiscal: | C4: To Fiscal:
A6: Item: | B6: Expenditure:Interest | C6: Dividends and Rent on Land:Interest Paid:Overdue Accounts
A7: Function: | B7: Function:Finance and Administration:Core Function:Finance:Finance (204)
A8: Project: | B8: Operational:Municipal Running Cost
A9: Costing: | B9: Costing:Default
A10: Funding: | B10: Fund:Operational:Revenue:General Revenue:Taxes:Property Rates:Levies
A11: Regional: | B11: Regional:Regional Identifier:Local Government by Province:Eastern Cape:District Municipalities:DC10 Sarah Baartman:Municipalities:EC104 Makana:Whole of the Municipality
A12: Segment: | B12: Interest on Overdue accounts
A14: Opening for YEAR (2026): | D14: Closing for YEAR (2026): | E14: 787970.1
A16: Fiscal | B16: Trans Date | C16: Journal No | D16: Remarks | E16: Source Code | F16: PayDocNo | G16: Amount | H16: Costing Code | I16: Kilometer | J16: Fuel Litre | K16: OPR | L16: Name | M16: PostQcdePREFIX | N16: PostQcdeCODE | O16: InterfaceNo | P16: Cbk InterfaceNo | Q16: VatRate | R16: Document Reference Number | S16: Module | T16: Accrual Order Number | U16: Credi
A17: 45839 | B17: 22/07/2025 | C17: '883618855184. | D17: 'ESKOM SMALL ACCOUNTS interest | E17: CRS | F17: ' | G17: 105.01 | O17: 2073 | R17: ' | S17: STDEXP | T17: ' | U17: '
A18: 45870 | B18: 11/08/2025 | C18: '612818150124. | D18: 'ESKOM SMALL ACCOUNTS interest | E18: CRS | F18: 'EF013930-0002 | G18: 1942.13 | O18: 2116 | R18: ' | S18: STDEXP | T18: ' | U18: '
A19: 45870 | B19: 12/08/2025 | C19: '649689274890. | D19: 'ESKOM SMALL ACCOUNTS interest | E19: CRS | F19: 'EF013930-0002 | G19: 28.18 | O19: 2116 | R19: ' | S19: STDEXP | T19: ' | U19: '
A20: 45870 | B20: 12/08/2025 | C20: '695252408626. | D20: 'ESKOM SMALL ACCOUNTS interest | E20: CRS | F20: 'EF013930-0002 | G20: 47.85 | O20: 2116 | R20: ' | S20: STDEXP | T20: ' | U20: '
A21: 45870 | B21: 12/08/2025 | C21: '840269898129. | D21: 'ESKOM SMALL ACCOUNTS interest | E21: CRS | F21: 'EF013930-0002 | G21: 71.4 | O21: 2116 | R21: ' | S21: STDEXP | T21: ' | U21: '
A22: 45870 | B22: 12/08/2025 | C22: '872238172287. | D22: 'ESKOM SMALL ACCOUNTS interest | E22: CRS | F22: 'EF013930-0002 | G22: 48.41 | O22: 2116 | R22: ' | S22: STDEXP | T22: ' | U22: '
A23: 45870 | B23: 04/09/2025 | C23: '985201888591 INT | D23: 'ESKOM BULK ACCOUNT ESKOM INTE | E23: CRS | F23: ' | G23: 779495.26 | O23: 2116 | R23: ' | S23: STDEXP | T23: ' | U23: '
A24: 45901 | B24: 19/06/2025 | C24: '676874994592A | D24: 'ESKOM SMALL ACCOUNTS interest | E24: CRS | F24: 'EF013923-0001 | G24: 0.87 | O24: 2146 | R24: ' | S24: STDEXP | T24: ' | U24: '
A25: 45901 | B25: 04/07/2025 | C25: '506011272007. | D25: 'ESKOM SMALL ACCOUNTS interest | E25: CRS | F25: 'EF013961-0001 | G25: 150.01 | O25: 2146 | R25: ' | S25: STDEXP | T25: ' | U25: '
A26: 45901 | B26: 04/07/2025 | C26: '712310776979. | D26: 'ESKOM SMALL ACCOUNTS interest | E26: CRS | F26: 'EF013961-0001 | G26: 330.06 | O26: 2146 | R26: ' | S26: STDEXP | T26: ' | U26: '
A27: 45901 | B27: 04/07/2025 | C27: '742836548184. | D27: 'ESKOM SMALL ACCOUNTS interest | E27: CRS | F27: 'EF013961-0001 | G27: 75.87 | O27: 2146 | R27: ' | S27: STDEXP | T27: ' | U27: '
A28: 45901 | B28: 04/07/2025 | C28: '754128734550. | D28: 'ESKOM SMALL ACCOUNTS interest | E28: CRS | F28: 'EF013961-0001 | G28: 56.34 | O28: 2146 | R28: ' | S28: STDEXP | T28: ' | U28: '
... A94: 45931 | B94: 01/09/2025 | C94: '889074291575. | D94: 'ESKOM SMALL ACCOUNTS interest | E94: CRS | F94: 'EF013964-0001 | G94: 65.43 | O94: 2171 | R94: ' | S94: STDEXP | T94: ' | U94: '

Sheet Sept 2025
A1: Fin Year: | B1: 2026
A3: From Fiscal: | C3: To Fiscal:
A5: Item: | B5: Expenditure:Interest | C5: Dividends and Rent on Land:Interest Paid:Overdue Accounts
A6: Function: | B6: Function:Finance and Administration:Core Function:Finance:Finance (204)
A7: Project: | B7: Operational:Municipal Running Cost
A8: Costing: | B8: Costing:Default
A9: Funding: | B9: Fund:Operational:Revenue:General Revenue:Taxes:Property Rates:Levies
A10: Regional: | B10: Regional:Regional Identifier:Local Government by Province:Eastern Cape:District Municipalities:DC10 Sarah Baartman:Municipalities:EC104 Makana:Whole of the Municipality
A11: Segment: | B11: Interest on Overdue accounts
A13: Opening for YEAR (2026): | D13: Closing for YEAR (2026): | E13: 787062.79
A15: Fiscal | B15: Trans Date | C15: Journal No | D15: Remarks | E15: Source Code | F15: PayDocNo | G15: Amount | H15: Costing Code | I15: Kilometer | J15: Fuel Litre | K15: OPR | L15: Name | M15: PostQcdePREFIX | N15: PostQcdeCODE | O15: InterfaceNo | P15: Cbk InterfaceNo | Q15: VatRate | R15: Document Reference Number | S15: Module | T15: Accrual Order Number | U15: Credi
A16: 45839 | B16: 22/07/2025 | C16: '883618855184. | D16: 'ESKOM SMALL ACCOUNTS interest | E16: CRS | F16: ' | G16: 105.01 | O16: 2073 | R16: ' | S16: STDEXP | T16: ' | U16: '
A17: 45870 | B17: 11/08/2025 | C17: '612818150124. | D17: 'ESKOM SMALL ACCOUNTS interest | E17: CRS | F17: 'EF013930-0002 | G17: 1942.13 | O17: 2116 | R17: ' | S17: STDEXP | T17: ' | U17: '
A18: 45870 | B18: 12/08/2025 | C18: '649689274890. | D18: 'ESKOM SMALL ACCOUNTS interest | E18: CRS | F18: 'EF013930-0002 | G18: 28.18 | O18: 2116 | R18: ' | S18: STDEXP | T18: ' | U18: '
A19: 45870 | B19: 12/08/2025 | C19: '695252408626. | D19: 'ESKOM SMALL ACCOUNTS interest | E19: CRS | F19: 'EF013930-0002 | G19: 47.85 | O19: 2116 | R19: ' | S19: STDEXP | T19: ' | U19: '
A20: 45870 | B20: 12/08/2025 | C20: '840269898129. | D20: 'ESKOM SMALL ACCOUNTS interest | E20: CRS | F20: 'EF013930-0002 | G20: 71.4 | O20: 2116 | R20: ' | S20: STDEXP | T20: ' | U20: '
A21: 45870 | B21: 12/08/2025 | C21: '872238172287. | D21: 'ESKOM SMALL ACCOUNTS interest | E21: CRS | F21: 'EF013930-0002 | G21: 48.41 | O21: 2116 | R21: ' | S21: STDEXP | T21: ' | U21: '
A22: 45870 | B22: 04/09/2025 | C22: '985201888591 INT | D22: 'ESKOM BULK ACCOUNT ESKOM INTE | E22: CRS | F22: ' | G22: 779495.26 | O22: 2116 | R22: ' | S22: STDEXP | T22: ' | U22: '
A23: 45901 | B23: 19/06/2025 | C23: '676874994592A | D23: 'ESKOM SMALL ACCOUNTS interest | E23: CRS | F23: 'EF013923-0001 | G23: 0.87 | O23: 2146 | R23: ' | S23: STDEXP | T23: ' | U23: '
A24: 45901 | B24: 04/07/2025 | C24: '506011272007. | D24: 'ESKOM SMALL ACCOUNTS interest | E24: CRS | F24: ' | G24: 150.01 | O24: 2146 | R24: ' | S24: STDEXP | T24: ' | U24: '
A25: 45901 | B25: 04/07/2025 | C25: '712310776979. | D25: 'ESKOM SMALL ACCOUNTS interest | E25: CRS | F25: ' | G25: 330.06 | O25: 2146 | R25: ' | S25: STDEXP | T25: ' | U25: '
A26: 45901 | B26: 04/07/2025 | C26: '742836548184. | D26: 'ESKOM SMALL ACCOUNTS interest | E26: CRS | F26: ' | G26: 75.87 | O26: 2146 | R26: ' | S26: STDEXP | T26: ' | U26: '
A27: 45901 | B27: 04/07/2025 | C27: '754128734550. | D27: 'ESKOM SMALL ACCOUNTS interest | E27: CRS | F27: ' | G27: 56.34 | O27: 2146 | R27: ' | S27: STDEXP | T27: ' | U27: '
... A78: 45901 | B78: 19/09/2025 | C78: '545364496654A | D78: 'ESKOM SMALL ACCOUNTS interest | E78: CRS | F78: ' | G78: 46.84 | O78: 2150 | R78: ' | S78: STDEXP | T78: ' | U78: '
A79: 2025/09,19/09/2025,'545364496654A,"'ESKOM SMALL ACCOUNTS interest",CRS,',46.84,,,,,,,,2150,,,',STDEXP,',',

Sheet Aug 2025
A2: Fin Year: | B2: 2026
A4: From Fiscal: | C4: To Fiscal:
A6: Item: | B6: Expenditure:Interest | C6: Dividends and Rent on Land:Interest Paid:Overdue Accounts
A7: Function: | B7: Function:Finance and Administration:Core Function:Finance:Finance (204)
A8: Project: | B8: Operational:Municipal Running Cost
A9: Costing: | B9: Costing:Default
A10: Funding: | B10: Fund:Operational:Revenue:General Revenue:Taxes:Property Rates:Levies
A11: Regional: | B11: Regional:Regional Identifier:Local Government by Province:Eastern Cape:District Municipalities:DC10 Sarah Baartman:Municipalities:EC104 Makana:Whole of the Municipality
A12: Segment: | B12: Interest on Overdue accounts
A14: Opening for YEAR (2026): | D14: Closing for YEAR (2026): | E14: 781633.23
A16: Fiscal | B16: Trans Date | C16: Journal No | D16: Remarks | E16: Source Code | F16: PayDocNo | G16: Amount | H16: Costing Code | I16: Kilometer | J16: Fuel Litre | K16: OPR | L16: Name | M16: PostQcdePREFIX | N16: PostQcdeCODE | O16: InterfaceNo | P16: Cbk InterfaceNo | Q16: VatRate | R16: Document Reference Number | S16: Module | T16: Accrual Order Number | U16: Credi
A17: 45870 | B17: 11/08/2025 | C17: '612818150124. | D17: 'ESKOM SMALL ACCOUNTS interest | E17: CRS | F17: ' | G17: 1942.13 | O17: 2116 | R17: ' | S17: STDEXP | T17: ' | U17: '
A18: 45870 | B18: 12/08/2025 | C18: '649689274890. | D18: 'ESKOM SMALL ACCOUNTS interest | E18: CRS | F18: ' | G18: 28.18 | O18: 2116 | R18: ' | S18: STDEXP | T18: ' | U18: '
A19: 45870 | B19: 12/08/2025 | C19: '695252408626. | D19: 'ESKOM SMALL ACCOUNTS interest | E19: CRS | F19: ' | G19: 47.85 | O19: 2116 | R19: ' | S19: STDEXP | T19: ' | U19: '
A20: 45870 | B20: 12/08/2025 | C20: '840269898129. | D20: 'ESKOM SMALL ACCOUNTS interest | E20: CRS | F20: ' | G20: 71.4 | O20: 2116 | R20: ' | S20: STDEXP | T20: ' | U20: '
A21: 45870 | B21: 12/08/2025 | C21: '872238172287. | D21: 'ESKOM SMALL ACCOUNTS interest | E21: CRS | F21: ' | G21: 48.41 | O21: 2116 | R21: ' | S21: STDEXP | T21: ' | U21: '
A22: 45870 | B22: 04/09/2025 | C22: '985201888591 INT | D22: 'ESKOM BULK ACCOUNT ESKOM INTE | E22: CRS | F22: ' | G22: 779495.26 | O22: 2116 | R22: ' | S22: STDEXP | T22: ' | U22: '

Sheet July25
A1: Fin Year: | B1: 2026
A3: From Fiscal: | C3: To Fiscal:
A5: Item: | B5: Expenditure:Interest | C5: Dividends and Rent on Land:Interest Paid:Overdue Accounts
A6: Function: | B6: Function:Finance and Administration:Core Function:Finance:Finance (204)
A7: Project: | B7: Operational:Municipal Running Cost
A8: Costing: | B8: Costing:Default
A9: Funding: | B9: Fund:Operational:Revenue:General Revenue:Taxes:Property Rates:Levies
A10: Regional: | B10: Regional:Regional Identifier:Local Government by Province:Eastern Cape:District Municipalities:DC10 Sarah Baartman:Municipalities:EC104 Makana:Whole of the Municipality
A11: Segment: | B11: Interest on Overdue accounts
A13: Opening for YEAR (2026): | D13: Closing for YEAR (2026): | E13: 105.01
A15: Fiscal | B15: Trans Date | C15: Journal No | D15: Remarks | E15: Source Code | F15: PayDocNo | G15: Amount | H15: Costing Code | I15: Kilometer | J15: Fuel Litre | K15: OPR | L15: Name | M15: PostQcdePREFIX | N15: PostQcdeCODE | O15: InterfaceNo | P15: Cbk InterfaceNo | Q15: VatRate | R15: Document Reference Number | S15: Module | T15: Accrual Order Number | U15: Credi
A16: 45839 | B16: 22/07/2025 | C16: '883618855184. | D16: 'ESKOM SMALL ACCOUNTS interest | E16: CRS | F16: ' | G16: 105.01 | O16: 2073 | R16: ' | S16: STDEXP | T16: ' | U16: '
A17: 2025/07,22/07/2025,'883618855184.,"'ESKOM SMALL ACCOUNTS interest",CRS,',105.01,,,,,,,,2073,,,',STDEXP,',',

Sheet June25
A1: Fin Year: | B1: 2025
A3: From Fiscal: | C3: To Fiscal:
A5: Item: | B5: Expenditure:Interest | C5: Dividends and Rent on Land:Interest Paid:Overdue Accounts
A6: Function: | B6: Function:Finance and Administration:Core Function:Finance:Finance (204)
A7: Project: | B7: Operational:Municipal Running Cost
A8: Costing: | B8: Costing:Default
A9: Funding: | B9: Fund:Operational:Revenue:General Revenue:Taxes:Property Rates:Levies
A10: Regional: | B10: Regional:Regional Identifier:Local Government by Province:Eastern Cape:District Municipalities:DC10 Sarah Baartman:Municipalities:EC104 Makana:Whole of the Municipality
A11: Segment: | B11: Interest on Overdue accounts
A13: Opening for YEAR (2025): | D13: Closing for YEAR (2025): | E13: 7893999.89
A15: Fiscal | B15: Trans Date | C15: Journal No | D15: Remarks | E15: Source Code | F15: PayDocNo | G15: Amount | H15: Costing Code | I15: Kilometer | J15: Fuel Litre | K15: OPR | L15: Name | M15: PostQcdePREFIX | N15: PostQcdeCODE | O15: InterfaceNo | P15: Cbk InterfaceNo | Q15: VatRate | R15: Document Reference Number | S15: Module | T15: Accrual Order Number | U15: Credi
A16: 45474 | B16: 04/07/2024 | C16: '855226949771A | D16: 'ESKOM SMALL ACCOUNTS interest | E16: CRS | F16: ' | G16: 1.38 | O16: 1845 | R16: ' | S16: STDEXP | T16: ' | U16: '
A17: 45474 | B17: 11/07/2024 | C17: '62445630634A | D17: 'ESKOM SMALL ACCOUNTS interest | E17: CRS | F17: ' | G17: 0.52 | O17: 1845 | R17: ' | S17: STDEXP | T17: ' | U17: '
A18: 45474 | B18: 25/07/2024 | C18: '707183761933A | D18: 'ESKOM SMALL ACCOUNTS interest | E18: CRS | F18: ' | G18: 2.31 | O18: 1847 | R18: ' | S18: STDEXP | T18: ' | U18: '
A19: 45474 | B19: 25/07/2024 | C19: '810237065050A | D19: 'ESKOM SMALL ACCOUNTS interest | E19: CRS | F19: ' | G19: 71.98 | O19: 1847 | R19: ' | S19: STDEXP | T19: ' | U19: '
A20: 45474 | B20: 28/07/2024 | C20: '968118328105A | D20: 'ESKOM SMALL ACCOUNTS interest | E20: CRS | F20: ' | G20: 23.29 | O20: 1847 | R20: ' | S20: STDEXP | T20: ' | U20: '
A21: 45505 | B21: 06/08/2024 | C21: '855927273678A | D21: 'ESKOM SMALL ACCOUNTS interest | E21: CRS | F21: ' | G21: 2.47 | O21: 1863 | R21: ' | S21: STDEXP | T21: ' | U21: '
A22: 45505 | B22: 10/08/2024 | C22: '61222364012A | D22: 'ESKOM SMALL ACCOUNTS interest | E22: CRS | F22: ' | G22: 2.07 | O22: 1867 | R22: ' | S22: STDEXP | T22: ' | U22: '
A23: 45505 | B23: 12/08/2024 | C23: '649176086079A | D23: 'ESKOM SMALL ACCOUNTS interest | E23: CRS | F23: ' | G23: 0.55 | O23: 1867 | R23: ' | S23: STDEXP | T23: ' | U23: '
A24: 45505 | B24: 21/08/2024 | C24: '883555426557A | D24: 'ESKOM INTEREST ON OVER DUE AC | E24: CRS | F24: 'EF013688-0004 | G24: 17.05 | O24: 1888 | R24: ' | S24: STDEXP | T24: ' | U24: '
A25: 45505 | B25: 27/08/2024 | C25: '810133084247A | D25: 'ESKOM SMALL ACCOUNTS interest | E25: CRS | F25: ' | G25: 0.86 | O25: 1878 | R25: ' | S25: STDEXP | T25: ' | U25: '
A26: 45536 | B26: 05/09/2024 | C26: '855838485653A | D26: 'ESKOM SMALL ACCOUNTS interest | E26: CRS | F26: 'EF013693-0014 | G26: 0.89 | O26: 1907 | R26: ' | S26: STDEXP | T26: ' | U26: '
A27: 45536 | B27: 10/09/2024 | C27: '612144149251A | D27: 'ESKOM SMALL ACCOUNTS interest | E27: CRS | F27: ' | G27: 0.68 | O27: 1907 | R27: ' | S27: STDEXP | T27: ' | U27: '
... A29: 45536 | B29: 28/09/2024 | C29: '968410145947A | D29: 'ESKOM SMALL ACCOUNTS interest | E29: CRS | F29: 'EF013713-0020 | G29: 0.22 | O29: 1913 | R29: ' | S29: STDEXP | T29: ' | U29: '
A30: 45536 | B30: 03/10/2024 | C30: 'TI000426 | D30: 'ESKOM SMALL ACCOUNTS DISCREPE | E30: CBK | F30: 'TI000426 | G30: -0.89 | M30: BNKCDE | O30: 2097 | R30: ' | S30: CBK | T30: ' | U30: '
A31: 45566 | B31: 03/10/2024 | C31: '985064560234 int | D31: 'ESKOM BULK ACCOUNT bulk elect | E31: CRS | F31: ' | G31: 367847.91 | O31: 1933 | R31: ' | S31: STDEXP | T31: ' | U31: '
A32: 45566 | B32: 09/10/2024 | C32: '612021865177A | D32: 'ESKOM SMALL ACCOUNTS interest | E32: CRS | F32: 'EF013713-0005 | G32: 0.8 | O32: 1927 | R32: ' | S32: STDEXP | T32: ' | U32: '
A33: 45566 | B33: 25/10/2024 | C33: '810108306455A | D33: 'ESKOM SMALL ACCOUNTS interest | E33: CRS | F33: ' | G33: 1.65 | O33: 1933 | R33: ' | S33: STDEXP | T33: ' | U33: '
A34: 45566 | B34: 28/10/2024 | C34: '968226116187A | D34: 'ESKOM SMALL ACCOUNTS interest | E34: CRS | F34: ' | G34: 0.52 | O34: 1933 | R34: ' | S34: STDEXP | T34: ' | U34: '
A35: 45566 | B35: 07/11/2024 | C35: 'TI000431 | D35: 'ESKOM SMALL ACC REVERSAL INT | E35: CBK | F35: 'TI000431 | G35: -1.55 | M35: BNKCDE | O35: 2124 | R35: ' | S35: CBK | T35: ' | U35: '
A36: 45597 | B36: 11/11/2024 | C36: '612331575948A | D36: 'ESKOM SMALL ACCOUNTS interest | E36: CRS | F36: ' | G36: 1.51 | O36: 1963 | R36: ' | S36: STDEXP | T36: ' | U36: '
A37: 45597 | B37: 27/11/2024 | C37: '810492443619A | D37: 'ESKOM SMALL ACCOUNTS interest | E37: CRS | F37: ' | G37: 1.44 | O37: 1967 | R37: ' | S37: STDEXP | T37: ' | U37: '
A38: 45597 | B38: 28/11/2024 | C38: '968061132567A | D38: 'ESKOM SMALL ACCOUNTS interest | E38: CRS | F38: ' | G38: 0.48 | O38: 1967 | R38: ' | S38: STDEXP | T38: ' | U38: '
A39: 45627 | B39: 04/09/2024 | C39: '985753425841. | D39: 'ESKOM BULK ACCOUNT INTEREST | E39: CRS | F39: ' | G39: 777839.55 | O39: 1976 | R39: ' | S39: STDEXP | T39: ' | U39: '
A40: 45627 | B40: 13/12/2024 | C40: '883321589376. | D40: 'ESKOM INTEREST ON OVER DUE AC | E40: CRS | F40: 'EF013744-0004 | G40: 11.82 | O40: 1976 | R40: ' | S40: STDEXP | T40: ' | U40: '
A41: 45658 | B41: 28/12/2024 | C41: '968167982674 | E41: 'ESKOM SMALL ACCOUNTS interest | F41: CRS | G41: 'EF013781-0001 | H41: .25 | P41: 1994 | S41: ' | T41: STDEXP | U41: ' | V41: '
A42: 45658 | B42: 28/12/2024 | C42: '968167982674.. | D42: 'ESKOM ARREARS | E42: CRS | F42: ' | G42: 0.25 | O42: 1994 | R42: ' | S42: STDEXP | T42: ' | U42: '
A43: 45658 | B43: 08/01/2025 | C43: 'INA88436 | D43: 'MUNSOFT (PTY) LTD INTEREST OV | E43: CRS | F43: ' | G43: 1417.28 | O43: 1993 | R43: ' | S43: STDEXP | T43: ' | U43: '
A44: 45658 | B44: 05/02/2025 | C44: '931 | D44: 'ESKOM CREDIT NOTE PASSED INV | E44: CRS | F44: ' | G44: -0.25 | O44: 1994 | R44: '968167982674.. | S44: STDEXP | T44: ' | U44: '
A45: 45689 | B45: 31/10/2024 | C45: '985160335900. | D45: 'ESKOM BULK ACCOUNT interest o | E45: CRS | F45: ' | G45: 680627.93 | O45: 1998 | R45: ' | S45: STDEXP | T45: ' | U45: '
A46: 45689 | B46: 04/12/2024 | C46: '985975876020. | D46: 'ESKOM BULK ACCOUNT interest o | E46: CRS | F46: ' | G46: 955992.72 | O46: 1998 | R46: ' | S46: STDEXP | T46: ' | U46: '
A47: 45689 | B47: 02/01/2025 | C47: '985627334645. | D47: 'ESKOM BULK ACCOUNT interest o | E47: CRS | F47: ' | G47: 611632.89 | O47: 1998 | R47: ' | S47: STDEXP | T47: ' | U47: '
A48: 45717 | B48: 21/01/2025 | C48: '760590664452. | D48: 'ESKOM SMALL ACCOUNTS interest | E48: CRS | F48: 'EF013814-0001 | G48: 71.92 | O48: 2010 | R48: ' | S48: STDEXP | T48: ' | U48: '
A49: 45717 | B49: 28/01/2025 | C49: '793610343298. | D49: 'ESKOM SMALL ACCOUNTS interest | E49: CRS | F49: 'EF013814-0001 | G49: 52.28 | O49: 2010 | R49: ' | S49: STDEXP | T49: ' | U49: '
A50: 45717 | B50: 03/02/2025 | C50: '810778995337.. | D50: 'ESKOM SMALL ACCOUNTS interest | E50: CRS | F50: 'EF013814-0001 | G50: 61.98 | O50: 2010 | R50: ' | S50: STDEXP | T50: ' | U50: '
A51: 45717 | B51: 06/02/2025 | C51: '506116892244. | D51: 'ESKOM SMALL ACCOUNTS interest | E51: CRS | F51: 'EF013814-0001 | G51: 77.16 | O51: 2010 | R51: ' | S51: STDEXP | T51: ' | U51: '
A52: 45717 | B52: 06/02/2025 | C52: '643039909839. | D52: 'ESKOM SMALL ACCOUNTS interest | E52: CRS | F52: 'EF013814-0001 | G52: 30.65 | O52: 2010 | R52: ' | S52: STDEXP | T52: ' | U52: '
A53: 45717 | B53: 06/02/2025 | C53: '685212024232. | D53: 'ESKOM SMALL ACCOUNTS interest | E53: CRS | F53: 'EF013814-0001 | G53: 39.91 | O53: 2010 | R53: ' | S53: STDEXP | T53: ' | U53: '
... A105: 45809 | B105: 30/06/2025 | C105: 'INA90770 | D105: 'MUNSOFT (PTY) LTD INTEREST | E105: CRS | F105: ' | G105: 5984.03 | O105: 2053 | R105: ' | S105: STDEXP | T105: ' | U105: '
A106: 2025/06,30/06/2025,'INA90770,"'MUNSOFT (PTY) LTD INTEREST",CRS,',5984.03,,,,,,,,2053,,,',STDEXP,',',

Sheet May25
A1: Fin Year: | B1: 2025
A3: From Fiscal: | C3: To Fiscal:
A5: Item: | B5: Expenditure:Interest | C5: Dividends and Rent on Land:Interest Paid:Overdue Accounts
A6: Function: | B6: Function:Finance and Administration:Core Function:Finance:Finance (204)
A7: Project: | B7: Operational:Municipal Running Cost
A8: Costing: | B8: Costing:Default
A9: Funding: | B9: Fund:Operational:Revenue:General Revenue:Taxes:Property Rates:Levies
A10: Regional: | B10: Regional:Regional Identifier:Local Government by Province:Eastern Cape:District Municipalities:DC10 Sarah Baartman:Municipalities:EC104 Makana:Whole of the Municipality
A11: Segment: | B11: Interest on Overdue accounts
A13: Opening for YEAR (2025): | D13: Closing for YEAR (2025): | E13: 7866128.1
A15: Fiscal | B15: Trans Date | C15: Journal No | D15: Remarks | E15: Source Code | F15: PayDocNo | G15: Amount | H15: Costing Code | I15: Kilometer | J15: Fuel Litre | K15: OPR | L15: Name | M15: PostQcdePREFIX | N15: PostQcdeCODE | O15: InterfaceNo | P15: Cbk InterfaceNo | Q15: VatRate | R15: Document Reference Number | S15: Module | T15: Accrual Order Number | U15: Credi
A16: 45474 | B16: 04/07/2024 | C16: '855226949771A | D16: 'ESKOM SMALL ACCOUNTS interest | E16: CRS | F16: ' | G16: 1.38 | O16: 1845 | R16: ' | S16: STDEXP | T16: ' | U16: '
A17: 45474 | B17: 11/07/2024 | C17: '62445630634A | D17: 'ESKOM SMALL ACCOUNTS interest | E17: CRS | F17: ' | G17: 0.52 | O17: 1845 | R17: ' | S17: STDEXP | T17: ' | U17: '
A18: 45474 | B18: 25/07/2024 | C18: '707183761933A | D18: 'ESKOM SMALL ACCOUNTS interest | E18: CRS | F18: ' | G18: 2.31 | O18: 1847 | R18: ' | S18: STDEXP | T18: ' | U18: '
A19: 45474 | B19: 25/07/2024 | C19: '810237065050A | D19: 'ESKOM SMALL ACCOUNTS interest | E19: CRS | F19: ' | G19: 71.98 | O19: 1847 | R19: ' | S19: STDEXP | T19: ' | U19: '
A20: 45474 | B20: 28/07/2024 | C20: '968118328105A | D20: 'ESKOM SMALL ACCOUNTS interest | E20: CRS | F20: ' | G20: 23.29 | O20: 1847 | R20: ' | S20: STDEXP | T20: ' | U20: '
A21: 45505 | B21: 06/08/2024 | C21: '855927273678A | D21: 'ESKOM SMALL ACCOUNTS interest | E21: CRS | F21: ' | G21: 2.47 | O21: 1863 | R21: ' | S21: STDEXP | T21: ' | U21: '
A22: 45505 | B22: 10/08/2024 | C22: '61222364012A | D22: 'ESKOM SMALL ACCOUNTS interest | E22: CRS | F22: ' | G22: 2.07 | O22: 1867 | R22: ' | S22: STDEXP | T22: ' | U22: '
A23: 45505 | B23: 12/08/2024 | C23: '649176086079A | D23: 'ESKOM SMALL ACCOUNTS interest | E23: CRS | F23: ' | G23: 0.55 | O23: 1867 | R23: ' | S23: STDEXP | T23: ' | U23: '
A24: 45505 | B24: 21/08/2024 | C24: '883555426557A | D24: 'ESKOM INTEREST ON OVER DUE AC | E24: CRS | F24: 'EF013688-0004 | G24: 17.05 | O24: 1888 | R24: ' | S24: STDEXP | T24: ' | U24: '
A25: 45505 | B25: 27/08/2024 | C25: '810133084247A | D25: 'ESKOM SMALL ACCOUNTS interest | E25: CRS | F25: ' | G25: 0.86 | O25: 1878 | R25: ' | S25: STDEXP | T25: ' | U25: '
A26: 45536 | B26: 05/09/2024 | C26: '855838485653A | D26: 'ESKOM SMALL ACCOUNTS interest | E26: CRS | F26: 'EF013693-0014 | G26: 0.89 | O26: 1907 | R26: ' | S26: STDEXP | T26: ' | U26: '
A27: 45536 | B27: 10/09/2024 | C27: '612144149251A | D27: 'ESKOM SMALL ACCOUNTS interest | E27: CRS | F27: ' | G27: 0.68 | O27: 1907 | R27: ' | S27: STDEXP | T27: ' | U27: '
... A29: 45536 | B29: 28/09/2024 | C29: '968410145947A | D29: 'ESKOM SMALL ACCOUNTS interest | E29: CRS | F29: 'EF013713-0020 | G29: 0.22 | O29: 1913 | R29: ' | S29: STDEXP | T29: ' | U29: '
A30: 45536 | B30: 03/10/2024 | C30: 'TI000426 | D30: 'ESKOM SMALL ACCOUNTS DISCREPE | E30: CBK | F30: 'TI000426 | G30: -0.89 | M30: BNKCDE | O30: 2097 | R30: ' | S30: CBK | T30: ' | U30: '
A31: 45566 | B31: 03/10/2024 | C31: '985064560234 int | D31: 'ESKOM BULK ACCOUNT bulk elect | E31: CRS | F31: ' | G31: 367847.91 | O31: 1933 | R31: ' | S31: STDEXP | T31: ' | U31: '
A32: 45566 | B32: 09/10/2024 | C32: '612021865177A | D32: 'ESKOM SMALL ACCOUNTS interest | E32: CRS | F32: 'EF013713-0005 | G32: 0.8 | O32: 1927 | R32: ' | S32: STDEXP | T32: ' | U32: '
A33: 45566 | B33: 25/10/2024 | C33: '810108306455A | D33: 'ESKOM SMALL ACCOUNTS interest | E33: CRS | F33: ' | G33: 1.65 | O33: 1933 | R33: ' | S33: STDEXP | T33: ' | U33: '
A34: 45566 | B34: 28/10/2024 | C34: '968226116187A | D34: 'ESKOM SMALL ACCOUNTS interest | E34: CRS | F34: ' | G34: 0.52 | O34: 1933 | R34: ' | S34: STDEXP | T34: ' | U34: '
A35: 45566 | B35: 07/11/2024 | C35: 'TI000431 | D35: 'ESKOM SMALL ACC REVERSAL INT | E35: CBK | F35: 'TI000431 | G35: -1.55 | M35: BNKCDE | O35: 2124 | R35: ' | S35: CBK | T35: ' | U35: '
A36: 45597 | B36: 11/11/2024 | C36: '612331575948A | D36: 'ESKOM SMALL ACCOUNTS interest | E36: CRS | F36: ' | G36: 1.51 | O36: 1963 | R36: ' | S36: STDEXP | T36: ' | U36: '
A37: 45597 | B37: 27/11/2024 | C37: '810492443619A | D37: 'ESKOM SMALL ACCOUNTS interest | E37: CRS | F37: ' | G37: 1.44 | O37: 1967 | R37: ' | S37: STDEXP | T37: ' | U37: '
A38: 45597 | B38: 28/11/2024 | C38: '968061132567A | D38: 'ESKOM SMALL ACCOUNTS interest | E38: CRS | F38: ' | G38: 0.48 | O38: 1967 | R38: ' | S38: STDEXP | T38: ' | U38: '
A39: 45627 | B39: 04/09/2024 | C39: '985753425841. | D39: 'ESKOM BULK ACCOUNT INTEREST | E39: CRS | F39: ' | G39: 777839.55 | O39: 1976 | R39: ' | S39: STDEXP | T39: ' | U39: '
A40: 45627 | B40: 13/12/2024 | C40: '883321589376. | D40: 'ESKOM INTEREST ON OVER DUE AC | E40: CRS | F40: 'EF013744-0004 | G40: 11.82 | O40: 1976 | R40: ' | S40: STDEXP | T40: ' | U40: '
A41: 45658 | B41: 28/12/2024 | C41: '968167982674 | E41: 'ESKOM SMALL ACCOUNTS interest | F41: CRS | G41: 'EF013781-0001 | H41: .25 | P41: 1994 | S41: ' | T41: STDEXP | U41: ' | V41: '
A42: 45658 | B42: 28/12/2024 | C42: '968167982674.. | D42: 'ESKOM ARREARS | E42: CRS | F42: ' | G42: 0.25 | O42: 1994 | R42: ' | S42: STDEXP | T42: ' | U42: '
A43: 45658 | B43: 08/01/2025 | C43: 'INA88436 | D43: 'MUNSOFT (PTY) LTD INTEREST OV | E43: CRS | F43: ' | G43: 1417.28 | O43: 1993 | R43: ' | S43: STDEXP | T43: ' | U43: '
A44: 45658 | B44: 05/02/2025 | C44: '931 | D44: 'ESKOM CREDIT NOTE PASSED INV | E44: CRS | F44: ' | G44: -0.25 | O44: 1994 | R44: '968167982674.. | S44: STDEXP | T44: ' | U44: '
A45: 45689 | B45: 31/10/2024 | C45: '985160335900. | D45: 'ESKOM BULK ACCOUNT interest o | E45: CRS | F45: ' | G45: 680627.93 | O45: 1998 | R45: ' | S45: STDEXP | T45: ' | U45: '
A46: 45689 | B46: 04/12/2024 | C46: '985975876020. | D46: 'ESKOM BULK ACCOUNT interest o | E46: CRS | F46: ' | G46: 955992.72 | O46: 1998 | R46: ' | S46: STDEXP | T46: ' | U46: '
A47: 45689 | B47: 02/01/2025 | C47: '985627334645. | D47: 'ESKOM BULK ACCOUNT interest o | E47: CRS | F47: ' | G47: 611632.89 | O47: 1998 | R47: ' | S47: STDEXP | T47: ' | U47: '
A48: 45717 | B48: 21/01/2025 | C48: '760590664452. | D48: 'ESKOM SMALL ACCOUNTS interest | E48: CRS | F48: 'EF013814-0001 | G48: 71.92 | O48: 2010 | R48: ' | S48: STDEXP | T48: ' | U48: '
A49: 45717 | B49: 28/01/2025 | C49: '793610343298. | D49: 'ESKOM SMALL ACCOUNTS interest | E49: CRS | F49: 'EF013814-0001 | G49: 52.28 | O49: 2010 | R49: ' | S49: STDEXP | T49: ' | U49: '
A50: 45717 | B50: 03/02/2025 | C50: '810778995337.. | D50: 'ESKOM SMALL ACCOUNTS interest | E50: CRS | F50: 'EF013814-0001 | G50: 61.98 | O50: 2010 | R50: ' | S50: STDEXP | T50: ' | U50: '
A51: 45717 | B51: 06/02/2025 | C51: '506116892244. | D51: 'ESKOM SMALL ACCOUNTS interest | E51: CRS | F51: 'EF013814-0001 | G51: 77.16 | O51: 2010 | R51: ' | S51: STDEXP | T51: ' | U51: '
A52: 45717 | B52: 06/02/2025 | C52: '643039909839. | D52: 'ESKOM SMALL ACCOUNTS interest | E52: CRS | F52: 'EF013814-0001 | G52: 30.65 | O52: 2010 | R52: ' | S52: STDEXP | T52: ' | U52: '
A53: 45717 | B53: 06/02/2025 | C53: '685212024232. | D53: 'ESKOM SMALL ACCOUNTS interest | E53: CRS | F53: 'EF013814-0001 | G53: 39.91 | O53: 2010 | R53: ' | S53: STDEXP | T53: ' | U53: '
... A101: 45778 | B101: 04/06/2025 | C101: '985615858387. | D101: 'ESKOM BULK ACCOUNT interest o | E101: CRS | F101: ' | G101: 738815.7 | O101: 2040 | R101: ' | S101: STDEXP | T101: ' | U101: '
A102: 2025/05,04/06/2025,'985615858387.,"'ESKOM BULK ACCOUNT interest o",CRS,',738815.7,,,,,,,,2040,,,',STDEXP,',',

Sheet April25
A1: Fin Year: | B1: 2025
A3: From Fiscal: | C3: To Fiscal:
A5: Item: | B5: Expenditure:Interest | C5: Dividends and Rent on Land:Interest Paid:Overdue Accounts
A6: Function: | B6: Function:Finance and Administration:Core Function:Finance:Finance (204)
A7: Project: | B7: Operational:Municipal Running Cost
A8: Costing: | B8: Costing:Default
A9: Funding: | B9: Fund:Operational:Revenue:General Revenue:Taxes:Property Rates:Levies
A10: Regional: | B10: Regional:Regional Identifier:Local Government by Province:Eastern Cape:District Municipalities:DC10 Sarah Baartman:Municipalities:EC104 Makana:Whole of the Municipality
A11: Segment: | B11: Interest on Overdue accounts
A13: Opening for YEAR (2025): | D13: Closing for YEAR (2025): | E13: 4214535.28
A15: Fiscal | B15: Trans Date | C15: Journal No | D15: Remarks | E15: Source Code | F15: PayDocNo | G15: Amount | H15: Costing Code | I15: Kilometer | J15: Fuel Litre | K15: OPR | L15: Name | M15: PostQcdePREFIX | N15: PostQcdeCODE | O15: InterfaceNo | P15: Cbk InterfaceNo | Q15: VatRate | R15: Document Reference Number | S15: Module | T15: Accrual Order Number | U15: Credi
A16: 45474 | B16: 04/07/2024 | C16: '855226949771A | D16: 'ESKOM SMALL ACCOUNTS interest | E16: CRS | F16: ' | G16: 1.38 | O16: 1845 | R16: ' | S16: STDEXP | T16: ' | U16: '
A17: 45474 | B17: 11/07/2024 | C17: '62445630634A | D17: 'ESKOM SMALL ACCOUNTS interest | E17: CRS | F17: ' | G17: 0.52 | O17: 1845 | R17: ' | S17: STDEXP | T17: ' | U17: '
A18: 45474 | B18: 25/07/2024 | C18: '707183761933A | D18: 'ESKOM SMALL ACCOUNTS interest | E18: CRS | F18: ' | G18: 2.31 | O18: 1847 | R18: ' | S18: STDEXP | T18: ' | U18: '
A19: 45474 | B19: 25/07/2024 | C19: '810237065050A | D19: 'ESKOM SMALL ACCOUNTS interest | E19: CRS | F19: ' | G19: 71.98 | O19: 1847 | R19: ' | S19: STDEXP | T19: ' | U19: '
A20: 45474 | B20: 28/07/2024 | C20: '968118328105A | D20: 'ESKOM SMALL ACCOUNTS interest | E20: CRS | F20: ' | G20: 23.29 | O20: 1847 | R20: ' | S20: STDEXP | T20: ' | U20: '
A21: 45505 | B21: 06/08/2024 | C21: '855927273678A | D21: 'ESKOM SMALL ACCOUNTS interest | E21: CRS | F21: ' | G21: 2.47 | O21: 1863 | R21: ' | S21: STDEXP | T21: ' | U21: '
A22: 45505 | B22: 10/08/2024 | C22: '61222364012A | D22: 'ESKOM SMALL ACCOUNTS interest | E22: CRS | F22: ' | G22: 2.07 | O22: 1867 | R22: ' | S22: STDEXP | T22: ' | U22: '
A23: 45505 | B23: 12/08/2024 | C23: '649176086079A | D23: 'ESKOM SMALL ACCOUNTS interest | E23: CRS | F23: ' | G23: 0.55 | O23: 1867 | R23: ' | S23: STDEXP | T23: ' | U23: '
A24: 45505 | B24: 21/08/2024 | C24: '883555426557A | D24: 'ESKOM INTEREST ON OVER DUE AC | E24: CRS | F24: 'EF013688-0004 | G24: 17.05 | O24: 1888 | R24: ' | S24: STDEXP | T24: ' | U24: '
A25: 45505 | B25: 27/08/2024 | C25: '810133084247A | D25: 'ESKOM SMALL ACCOUNTS interest | E25: CRS | F25: ' | G25: 0.86 | O25: 1878 | R25: ' | S25: STDEXP | T25: ' | U25: '
A26: 45536 | B26: 05/09/2024 | C26: '855838485653A | D26: 'ESKOM SMALL ACCOUNTS interest | E26: CRS | F26: 'EF013693-0014 | G26: 0.89 | O26: 1907 | R26: ' | S26: STDEXP | T26: ' | U26: '
A27: 45536 | B27: 10/09/2024 | C27: '612144149251A | D27: 'ESKOM SMALL ACCOUNTS interest | E27: CRS | F27: ' | G27: 0.68 | O27: 1907 | R27: ' | S27: STDEXP | T27: ' | U27: '
... A29: 45536 | B29: 28/09/2024 | C29: '968410145947A | D29: 'ESKOM SMALL ACCOUNTS interest | E29: CRS | F29: 'EF013713-0020 | G29: 0.22 | O29: 1913 | R29: ' | S29: STDEXP | T29: ' | U29: '
A30: 45536 | B30: 03/10/2024 | C30: 'TI000426 | D30: 'ESKOM SMALL ACCOUNTS DISCREPE | E30: CBK | F30: 'TI000426 | G30: -0.89 | M30: BNKCDE | O30: 2097 | R30: ' | S30: CBK | T30: ' | U30: '
A31: 45566 | B31: 03/10/2024 | C31: '985064560234 int | D31: 'ESKOM BULK ACCOUNT bulk elect | E31: CRS | F31: ' | G31: 367847.91 | O31: 1933 | R31: ' | S31: STDEXP | T31: ' | U31: '
A32: 45566 | B32: 09/10/2024 | C32: '612021865177A | D32: 'ESKOM SMALL ACCOUNTS interest | E32: CRS | F32: 'EF013713-0005 | G32: 0.8 | O32: 1927 | R32: ' | S32: STDEXP | T32: ' | U32: '
A33: 45566 | B33: 25/10/2024 | C33: '810108306455A | D33: 'ESKOM SMALL ACCOUNTS interest | E33: CRS | F33: ' | G33: 1.65 | O33: 1933 | R33: ' | S33: STDEXP | T33: ' | U33: '
A34: 45566 | B34: 28/10/2024 | C34: '968226116187A | D34: 'ESKOM SMALL ACCOUNTS interest | E34: CRS | F34: ' | G34: 0.52 | O34: 1933 | R34: ' | S34: STDEXP | T34: ' | U34: '
A35: 45566 | B35: 07/11/2024 | C35: 'TI000431 | D35: 'ESKOM SMALL ACC REVERSAL INT | E35: CBK | F35: 'TI000431 | G35: -1.55 | M35: BNKCDE | O35: 2124 | R35: ' | S35: CBK | T35: ' | U35: '
A36: 45597 | B36: 11/11/2024 | C36: '612331575948A | D36: 'ESKOM SMALL ACCOUNTS interest | E36: CRS | F36: ' | G36: 1.51 | O36: 1963 | R36: ' | S36: STDEXP | T36: ' | U36: '
A37: 45597 | B37: 27/11/2024 | C37: '810492443619A | D37: 'ESKOM SMALL ACCOUNTS interest | E37: CRS | F37: ' | G37: 1.44 | O37: 1967 | R37: ' | S37: STDEXP | T37: ' | U37: '
A38: 45597 | B38: 28/11/2024 | C38: '968061132567A | D38: 'ESKOM SMALL ACCOUNTS interest | E38: CRS | F38: ' | G38: 0.48 | O38: 1967 | R38: ' | S38: STDEXP | T38: ' | U38: '
A39: 45627 | B39: 04/09/2024 | C39: '985753425841. | D39: 'ESKOM BULK ACCOUNT INTEREST | E39: CRS | F39: ' | G39: 777839.55 | O39: 1976 | R39: ' | S39: STDEXP | T39: ' | U39: '
A40: 45627 | B40: 13/12/2024 | C40: '883321589376. | D40: 'ESKOM INTEREST ON OVER DUE AC | E40: CRS | F40: 'EF013744-0004 | G40: 11.82 | O40: 1976 | R40: ' | S40: STDEXP | T40: ' | U40: '
A41: 45658 | B41: 28/12/2024 | C41: '968167982674 | E41: 'ESKOM SMALL ACCOUNTS interest | F41: CRS | G41: 'EF013781-0001 | H41: .25 | P41: 1994 | S41: ' | T41: STDEXP | U41: ' | V41: '
A42: 45658 | B42: 28/12/2024 | C42: '968167982674.. | D42: 'ESKOM ARREARS | E42: CRS | F42: ' | G42: 0.25 | O42: 1994 | R42: ' | S42: STDEXP | T42: ' | U42: '
A43: 45658 | B43: 08/01/2025 | C43: 'INA88436 | D43: 'MUNSOFT (PTY) LTD INTEREST OV | E43: CRS | F43: ' | G43: 1417.28 | O43: 1993 | R43: ' | S43: STDEXP | T43: ' | U43: '
A44: 45658 | B44: 05/02/2025 | C44: '931 | D44: 'ESKOM CREDIT NOTE PASSED INV | E44: CRS | F44: ' | G44: -0.25 | O44: 1994 | R44: '968167982674.. | S44: STDEXP | T44: ' | U44: '
A45: 45689 | B45: 31/10/2024 | C45: '985160335900. | D45: 'ESKOM BULK ACCOUNT interest o | E45: CRS | F45: ' | G45: 680627.93 | O45: 1998 | R45: ' | S45: STDEXP | T45: ' | U45: '
A46: 45689 | B46: 04/12/2024 | C46: '985975876020. | D46: 'ESKOM BULK ACCOUNT interest o | E46: CRS | F46: ' | G46: 955992.72 | O46: 1998 | R46: ' | S46: STDEXP | T46: ' | U46: '
A47: 45689 | B47: 02/01/2025 | C47: '985627334645. | D47: 'ESKOM BULK ACCOUNT interest o | E47: CRS | F47: ' | G47: 611632.89 | O47: 1998 | R47: ' | S47: STDEXP | T47: ' | U47: '
A48: 45717 | B48: 21/01/2025 | C48: '760590664452. | D48: 'ESKOM SMALL ACCOUNTS interest | E48: CRS | F48: 'EF013814-0001 | G48: 71.92 | O48: 2010 | R48: ' | S48: STDEXP | T48: ' | U48: '
A49: 45717 | B49: 28/01/2025 | C49: '793610343298. | D49: 'ESKOM SMALL ACCOUNTS interest | E49: CRS | F49: 'EF013814-0001 | G49: 52.28 | O49: 2010 | R49: ' | S49: STDEXP | T49: ' | U49: '
A50: 45717 | B50: 03/02/2025 | C50: '810778995337.. | D50: 'ESKOM SMALL ACCOUNTS interest | E50: CRS | F50: 'EF013814-0001 | G50: 61.98 | O50: 2010 | R50: ' | S50: STDEXP | T50: ' | U50: '
A51: 45717 | B51: 06/02/2025 | C51: '506116892244. | D51: 'ESKOM SMALL ACCOUNTS interest | E51: CRS | F51: 'EF013814-0001 | G51: 77.16 | O51: 2010 | R51: ' | S51: STDEXP | T51: ' | U51: '
A52: 45717 | B52: 06/02/2025 | C52: '643039909839. | D52: 'ESKOM SMALL ACCOUNTS interest | E52: CRS | F52: 'EF013814-0001 | G52: 30.65 | O52: 2010 | R52: ' | S52: STDEXP | T52: ' | U52: '
A53: 45717 | B53: 06/02/2025 | C53: '685212024232. | D53: 'ESKOM SMALL ACCOUNTS interest | E53: CRS | F53: 'EF013814-0001 | G53: 39.91 | O53: 2010 | R53: ' | S53: STDEXP | T53: ' | U53: '
... A67: 45748 | B67: 30/04/2025 | C67: '98563153397. | D67: 'ESKOM BULK ACCOUNT interest o | E67: CRS | F67: ' | G67: 818046.9 | O67: 2031 | R67: ' | S67: STDEXP | T67: ' | U67: '
A68: 2025/04,30/04/2025,'98563153397.,"'ESKOM BULK ACCOUNT interest o",CRS,',818046.9,,,,,,,,2031,,,',STDEXP,',',

Sheet march25
A1: Fin Year: | B1: 2025
A3: From Fiscal: | C3: To Fiscal:
A5: Item: | B5: Expenditure:Interest | C5: Dividends and Rent on Land:Interest Paid:Overdue Accounts
A6: Function: | B6: Function:Finance and Administration:Core Function:Finance:Finance (204)
A7: Project: | B7: Operational:Municipal Running Cost
A8: Costing: | B8: Costing:Default
A9: Funding: | B9: Fund:Operational:Revenue:General Revenue:Taxes:Property Rates:Levies
A10: Regional: | B10: Regional:Regional Identifier:Local Government by Province:Eastern Cape:District Municipalities:DC10 Sarah Baartman:Municipalities:EC104 Makana:Whole of the Municipality
A11: Segment: | B11: Interest on Overdue accounts
A13: Opening for YEAR (2025): | D13: Closing for YEAR (2025): | E13: 3396338.95
A15: Fiscal | B15: Trans Date | C15: Journal No | D15: Remarks | E15: Source Code | F15: PayDocNo | G15: Amount | H15: Costing Code | I15: Kilometer | J15: Fuel Litre | K15: OPR | L15: Name | M15: PostQcdePREFIX | N15: PostQcdeCODE | O15: InterfaceNo | P15: Cbk InterfaceNo | Q15: VatRate | R15: Document Reference Number | S15: Module | T15: Accrual Order Number | U15: Credi
A16: 45474 | B16: 04/07/2024 | C16: '855226949771A | D16: 'ESKOM SMALL ACCOUNTS interest | E16: CRS | F16: ' | G16: 1.38 | O16: 1845 | R16: ' | S16: STDEXP | T16: ' | U16: '
A17: 45474 | B17: 11/07/2024 | C17: '62445630634A | D17: 'ESKOM SMALL ACCOUNTS interest | E17: CRS | F17: ' | G17: .52 | O17: 1845 | R17: ' | S17: STDEXP | T17: ' | U17: '
A18: 45474 | B18: 25/07/2024 | C18: '707183761933A | D18: 'ESKOM SMALL ACCOUNTS interest | E18: CRS | F18: ' | G18: 2.31 | O18: 1847 | R18: ' | S18: STDEXP | T18: ' | U18: '
A19: 45474 | B19: 25/07/2024 | C19: '810237065050A | D19: 'ESKOM SMALL ACCOUNTS interest | E19: CRS | F19: ' | G19: 71.98 | O19: 1847 | R19: ' | S19: STDEXP | T19: ' | U19: '
A20: 45474 | B20: 28/07/2024 | C20: '968118328105A | D20: 'ESKOM SMALL ACCOUNTS interest | E20: CRS | F20: ' | G20: 23.29 | O20: 1847 | R20: ' | S20: STDEXP | T20: ' | U20: '
A21: 45505 | B21: 06/08/2024 | C21: '855927273678A | D21: 'ESKOM SMALL ACCOUNTS interest | E21: CRS | F21: ' | G21: 2.47 | O21: 1863 | R21: ' | S21: STDEXP | T21: ' | U21: '
A22: 45505 | B22: 10/08/2024 | C22: '61222364012A | D22: 'ESKOM SMALL ACCOUNTS interest | E22: CRS | F22: ' | G22: 2.07 | O22: 1867 | R22: ' | S22: STDEXP | T22: ' | U22: '
A23: 45505 | B23: 12/08/2024 | C23: '649176086079A | D23: 'ESKOM SMALL ACCOUNTS interest | E23: CRS | F23: ' | G23: .55 | O23: 1867 | R23: ' | S23: STDEXP | T23: ' | U23: '
A24: 45505 | B24: 21/08/2024 | C24: '883555426557A | D24: 'ESKOM INTEREST ON OVER DUE AC | E24: CRS | F24: 'EF013688-0004 | G24: 17.05 | O24: 1888 | R24: ' | S24: STDEXP | T24: ' | U24: '
A25: 45505 | B25: 27/08/2024 | C25: '810133084247A | D25: 'ESKOM SMALL ACCOUNTS interest | E25: CRS | F25: ' | G25: .86 | O25: 1878 | R25: ' | S25: STDEXP | T25: ' | U25: '
A26: 45536 | B26: 05/09/2024 | C26: '855838485653A | D26: 'ESKOM SMALL ACCOUNTS interest | E26: CRS | F26: 'EF013693-0014 | G26: .89 | O26: 1907 | R26: ' | S26: STDEXP | T26: ' | U26: '
A27: 45536 | B27: 10/09/2024 | C27: '612144149251A | D27: 'ESKOM SMALL ACCOUNTS interest | E27: CRS | F27: ' | G27: .68 | O27: 1907 | R27: ' | S27: STDEXP | T27: ' | U27: '
... A29: 45536 | B29: 28/09/2024 | C29: '968410145947A | D29: 'ESKOM SMALL ACCOUNTS interest | E29: CRS | F29: 'EF013713-0020 | G29: .22 | O29: 1913 | R29: ' | S29: STDEXP | T29: ' | U29: '
A30: 45536 | B30: 03/10/2024 | C30: 'TI000426 | D30: 'ESKOM SMALL ACCOUNTS DISCREPE | E30: CBK | F30: 'TI000426 | G30: -.89 | M30: BNKCDE | O30: 2097 | R30: ' | S30: CBK | T30: ' | U30: '
A31: 45566 | B31: 03/10/2024 | C31: '985064560234 int | D31: 'ESKOM BULK ACCOUNT bulk elect | E31: CRS | F31: ' | G31: 367847.91 | O31: 1933 | R31: ' | S31: STDEXP | T31: ' | U31: '
A32: 45566 | B32: 09/10/2024 | C32: '612021865177A | D32: 'ESKOM SMALL ACCOUNTS interest | E32: CRS | F32: 'EF013713-0005 | G32: .8 | O32: 1927 | R32: ' | S32: STDEXP | T32: ' | U32: '
A33: 45566 | B33: 25/10/2024 | C33: '810108306455A | D33: 'ESKOM SMALL ACCOUNTS interest | E33: CRS | F33: ' | G33: 1.65 | O33: 1933 | R33: ' | S33: STDEXP | T33: ' | U33: '
A34: 45566 | B34: 28/10/2024 | C34: '968226116187A | D34: 'ESKOM SMALL ACCOUNTS interest | E34: CRS | F34: ' | G34: .52 | O34: 1933 | R34: ' | S34: STDEXP | T34: ' | U34: '
A35: 45566 | B35: 07/11/2024 | C35: 'TI000431 | D35: 'ESKOM SMALL ACC REVERSAL INT | E35: CBK | F35: 'TI000431 | G35: -1.55 | M35: BNKCDE | O35: 2124 | R35: ' | S35: CBK | T35: ' | U35: '
A36: 45597 | B36: 11/11/2024 | C36: '612331575948A | D36: 'ESKOM SMALL ACCOUNTS interest | E36: CRS | F36: ' | G36: 1.51 | O36: 1963 | R36: ' | S36: STDEXP | T36: ' | U36: '
A37: 45597 | B37: 27/11/2024 | C37: '810492443619A | D37: 'ESKOM SMALL ACCOUNTS interest | E37: CRS | F37: ' | G37: 1.44 | O37: 1967 | R37: ' | S37: STDEXP | T37: ' | U37: '
A38: 45597 | B38: 28/11/2024 | C38: '968061132567A | D38: 'ESKOM SMALL ACCOUNTS interest | E38: CRS | F38: ' | G38: .48 | O38: 1967 | R38: ' | S38: STDEXP | T38: ' | U38: '
A39: 45627 | B39: 04/09/2024 | C39: '985753425841. | D39: 'ESKOM BULK ACCOUNT INTEREST | E39: CRS | F39: ' | G39: 777839.55 | O39: 1976 | R39: ' | S39: STDEXP | T39: ' | U39: '
A40: 45627 | B40: 13/12/2024 | C40: '883321589376. | D40: 'ESKOM INTEREST ON OVER DUE AC | E40: CRS | F40: 'EF013744-0004 | G40: 11.82 | O40: 1976 | R40: ' | S40: STDEXP | T40: ' | U40: '
A41: 45658 | B41: 28/12/2024 | C41: '968167982674 | E41: 'ESKOM SMALL ACCOUNTS interest | F41: CRS | G41: 'EF013781-0001 | H41: .25 | P41: 1994 | S41: ' | T41: STDEXP | U41: ' | V41: '
A42: 45658 | B42: 28/12/2024 | C42: '968167982674.. | D42: 'ESKOM ARREARS | E42: CRS | F42: ' | G42: .25 | O42: 1994 | R42: ' | S42: STDEXP | T42: ' | U42: '
A43: 45658 | B43: 08/01/2025 | C43: 'INA88436 | D43: 'MUNSOFT (PTY) LTD INTEREST OV | E43: CRS | F43: ' | G43: 1417.28 | O43: 1993 | R43: ' | S43: STDEXP | T43: ' | U43: '
A44: 45658 | B44: 05/02/2025 | C44: '931 | D44: 'ESKOM CREDIT NOTE PASSED INV | E44: CRS | F44: ' | G44: -.25 | O44: 1994 | R44: '968167982674.. | S44: STDEXP | T44: ' | U44: '
A45: 45689 | B45: 31/10/2024 | C45: '985160335900. | D45: 'ESKOM BULK ACCOUNT interest o | E45: CRS | F45: ' | G45: 680627.93 | O45: 1998 | R45: ' | S45: STDEXP | T45: ' | U45: '
A46: 45689 | B46: 04/12/2024 | C46: '985975876020. | D46: 'ESKOM BULK ACCOUNT interest o | E46: CRS | F46: ' | G46: 955992.72 | O46: 1998 | R46: ' | S46: STDEXP | T46: ' | U46: '
A47: 45689 | B47: 02/01/2025 | C47: '985627334645. | D47: 'ESKOM BULK ACCOUNT interest o | E47: CRS | F47: ' | G47: 611632.89 | O47: 1998 | R47: ' | S47: STDEXP | T47: ' | U47: '
A48: 45717 | B48: 21/01/2025 | C48: '760590664452. | D48: 'ESKOM SMALL ACCOUNTS interest | E48: CRS | F48: 'EF013814-0001 | G48: 71.92 | O48: 2010 | R48: ' | S48: STDEXP | T48: ' | U48: '
A49: 45717 | B49: 28/01/2025 | C49: '793610343298. | D49: 'ESKOM SMALL ACCOUNTS interest | E49: CRS | F49: 'EF013814-0001 | G49: 52.28 | O49: 2010 | R49: ' | S49: STDEXP | T49: ' | U49: '
A50: 45717 | B50: 03/02/2025 | C50: '810778995337.. | D50: 'ESKOM SMALL ACCOUNTS interest | E50: CRS | F50: 'EF013814-0001 | G50: 61.98 | O50: 2010 | R50: ' | S50: STDEXP | T50: ' | U50: '
A51: 45717 | B51: 06/02/2025 | C51: '506116892244. | D51: 'ESKOM SMALL ACCOUNTS interest | E51: CRS | F51: 'EF013814-0001 | G51: 77.16 | O51: 2010 | R51: ' | S51: STDEXP | T51: ' | U51: '
A52: 45717 | B52: 06/02/2025 | C52: '643039909839. | D52: 'ESKOM SMALL ACCOUNTS interest | E52: CRS | F52: 'EF013814-0001 | G52: 30.65 | O52: 2010 | R52: ' | S52: STDEXP | T52: ' | U52: '
A53: 45717 | B53: 06/02/2025 | C53: '685212024232. | D53: 'ESKOM SMALL ACCOUNTS interest | E53: CRS | F53: 'EF013814-0001 | G53: 39.91 | O53: 2010 | R53: ' | S53: STDEXP | T53: ' | U53: '
... A61: 45717 | B61: 07/02/2025 | C61: '946474409201. | D61: 'ESKOM SMALL ACCOUNTS interest | E61: CRS | F61: 'EF013814-0001 | G61: 58.33 | O61: 2010 | R61: ' | S61: STDEXP | T61: ' | U61: '
A62: 2025/03,07/02/2025,'946474409201.,"'ESKOM SMALL ACCOUNTS interest",CRS,'EF013814-0001,58.33,,,,,,,,2010,,,',STDEXP,',',

Sheet Jan25
A1: Fin Year: | B1: 2025
A3: From Fiscal: | C3: To Fiscal:
A5: Item: | B5: Expenditure:Interest | C5: Dividends and Rent on Land:Interest Paid:Overdue Accounts
A6: Function: | B6: Function:Finance and Administration:Core Function:Finance:Finance (204)
A7: Project: | B7: Operational:Municipal Running Cost
A8: Costing: | B8: Costing:Default
A9: Funding: | B9: Fund:Operational:Revenue:General Revenue:Taxes:Property Rates:Levies
A10: Regional: | B10: Regional:Regional Identifier:Local Government by Province:Eastern Cape:District Municipalities:DC10 Sarah Baartman:Municipalities:EC104 Makana:Whole of the Municipality
A11: Segment: | B11: Interest on Overdue accounts
A13: Opening for YEAR (2025): | D13: Closing for YEAR (2025): | E13: 1147245.57
A15: Fiscal | B15: Trans Date | C15: Journal No | D15: Remarks | E15: Source Code | F15: PayDocNo | G15: Amount | H15: Costing Code | I15: Kilometer | J15: Fuel Litre | K15: OPR | L15: Name | M15: PostQcdePREFIX | N15: PostQcdeCODE | O15: InterfaceNo | P15: Cbk InterfaceNo | Q15: VatRate | R15: Document Reference Number | S15: Accrual Order Number | T15: Ceditor Code
A16: 45474 | B16: 04/07/2024 | C16: '855226949771A | D16: 'ESKOM SMALL ACCOUNTS interest | E16: CRS | F16: ' | G16: 1.38 | O16: 1845 | R16: ' | S16: ' | T16: '
A17: 45474 | B17: 11/07/2024 | C17: '62445630634A | D17: 'ESKOM SMALL ACCOUNTS interest | E17: CRS | F17: ' | G17: 0.52 | O17: 1845 | R17: ' | S17: ' | T17: '
A18: 45474 | B18: 25/07/2024 | C18: '707183761933A | D18: 'ESKOM SMALL ACCOUNTS interest | E18: CRS | F18: ' | G18: 2.31 | O18: 1847 | R18: ' | S18: ' | T18: '
A19: 45474 | B19: 25/07/2024 | C19: '810237065050A | D19: 'ESKOM SMALL ACCOUNTS interest | E19: CRS | F19: ' | G19: 71.98 | O19: 1847 | R19: ' | S19: ' | T19: '
A20: 45474 | B20: 28/07/2024 | C20: '968118328105A | D20: 'ESKOM SMALL ACCOUNTS interest | E20: CRS | F20: ' | G20: 23.29 | O20: 1847 | R20: ' | S20: ' | T20: '
A21: 45505 | B21: 06/08/2024 | C21: '855927273678A | D21: 'ESKOM SMALL ACCOUNTS interest | E21: CRS | F21: ' | G21: 2.47 | O21: 1863 | R21: ' | S21: ' | T21: '
A22: 45505 | B22: 10/08/2024 | C22: '61222364012A | D22: 'ESKOM SMALL ACCOUNTS interest | E22: CRS | F22: ' | G22: 2.07 | O22: 1867 | R22: ' | S22: ' | T22: '
A23: 45505 | B23: 12/08/2024 | C23: '649176086079A | D23: 'ESKOM SMALL ACCOUNTS interest | E23: CRS | F23: ' | G23: 0.55 | O23: 1867 | R23: ' | S23: ' | T23: '
A24: 45505 | B24: 21/08/2024 | C24: '883555426557A | D24: 'ESKOM INTEREST ON OVER DUE AC | E24: CRS | F24: 'EF013688-0004 | G24: 17.05 | O24: 1888 | R24: ' | S24: ' | T24: '
A25: 45505 | B25: 27/08/2024 | C25: '810133084247A | D25: 'ESKOM SMALL ACCOUNTS interest | E25: CRS | F25: ' | G25: 0.86 | O25: 1878 | R25: ' | S25: ' | T25: '
A26: 45536 | B26: 05/09/2024 | C26: '855838485653A | D26: 'ESKOM SMALL ACCOUNTS interest | E26: CRS | F26: 'EF013693-0014 | G26: 0.89 | O26: 1907 | R26: ' | S26: ' | T26: '
A27: 45536 | B27: 10/09/2024 | C27: '612144149251A | D27: 'ESKOM SMALL ACCOUNTS interest | E27: CRS | F27: ' | G27: 0.68 | O27: 1907 | R27: ' | S27: ' | T27: '
... A29: 45536 | B29: 28/09/2024 | C29: '968410145947A | D29: 'ESKOM SMALL ACCOUNTS interest | E29: CRS | F29: 'EF013713-0020 | G29: 0.22 | O29: 1913 | R29: ' | S29: ' | T29: '
A30: 45536 | B30: 03/10/2024 | C30: 'TI000426 | D30: 'ESKOM SMALL ACCOUNTS DISCREPE | E30: CBK | F30: 'TI000426 | G30: -0.89 | M30: BNKCDE | O30: 2097 | R30: ' | S30: ' | T30: '
A31: 45566 | B31: 03/10/2024 | C31: '985064560234 int | D31: 'ESKOM BULK ACCOUNT bulk elect | E31: CRS | F31: ' | G31: 367847.91 | O31: 1933 | R31: ' | S31: ' | T31: '
A32: 45566 | B32: 09/10/2024 | C32: '612021865177A | D32: 'ESKOM SMALL ACCOUNTS interest | E32: CRS | F32: 'EF013713-0005 | G32: 0.8 | O32: 1927 | R32: ' | S32: ' | T32: '
A33: 45566 | B33: 25/10/2024 | C33: '810108306455A | D33: 'ESKOM SMALL ACCOUNTS interest | E33: CRS | F33: ' | G33: 1.65 | O33: 1933 | R33: ' | S33: ' | T33: '
A34: 45566 | B34: 28/10/2024 | C34: '968226116187A | D34: 'ESKOM SMALL ACCOUNTS interest | E34: CRS | F34: ' | G34: 0.52 | O34: 1933 | R34: ' | S34: ' | T34: '
A35: 45566 | B35: 07/11/2024 | C35: 'TI000431 | D35: 'ESKOM SMALL ACC REVERSAL INT | E35: CBK | F35: 'TI000431 | G35: -1.55 | M35: BNKCDE | O35: 2124 | R35: ' | S35: ' | T35: '
A36: 45597 | B36: 11/11/2024 | C36: '612331575948A | D36: 'ESKOM SMALL ACCOUNTS interest | E36: CRS | F36: ' | G36: 1.51 | O36: 1963 | R36: ' | S36: ' | T36: '
A37: 45597 | B37: 27/11/2024 | C37: '810492443619A | D37: 'ESKOM SMALL ACCOUNTS interest | E37: CRS | F37: ' | G37: 1.44 | O37: 1967 | R37: ' | S37: ' | T37: '
A38: 45597 | B38: 28/11/2024 | C38: '968061132567A | D38: 'ESKOM SMALL ACCOUNTS interest | E38: CRS | F38: ' | G38: 0.48 | O38: 1967 | R38: ' | S38: ' | T38: '
A39: 45627 | B39: 04/09/2024 | C39: '985753425841. | D39: 'ESKOM BULK ACCOUNT INTEREST | E39: CRS | F39: ' | G39: 777839.55 | O39: 1976 | R39: ' | S39: ' | T39: '
A40: 45627 | B40: 13/12/2024 | C40: '883321589376. | D40: 'ESKOM INTEREST ON OVER DUE AC | E40: CRS | F40: 'EF013744-0004 | G40: 11.82 | O40: 1976 | R40: ' | S40: ' | T40: '
A41: 45658 | B41: 28/12/2024 | C41: '968167982674 | D41: ESKOM SMALL ACCOUNTS interest | E41: CRS | F41: 'EF013781-0001 | G41: 0.25 | O41: 1994 | R41: ' | S41: ' | T41: '
A42: 45658 | B42: 28/12/2024 | C42: '968167982674.. | D42: 'ESKOM ARREARS | E42: CRS | F42: ' | G42: 0.25 | O42: 1994 | R42: ' | S42: ' | T42: '
A43: 45658 | B43: 08/01/2025 | C43: 'INA88436 | D43: 'MUNSOFT (PTY) LTD INTEREST OV | E43: CRS | F43: ' | G43: 1417.28 | O43: 1993 | R43: ' | S43: ' | T43: '
A44: 45658 | B44: 05/02/2025 | C44: '931 | D44: 'ESKOM CREDIT NOTE PASSED INV | E44: CRS | F44: ' | G44: -0.25 | O44: 1994 | R44: '968167982674.. | S44: ' | T44: '
A45: 2025/01,05/02/2025,'931,"'ESKOM CREDIT NOTE PASSED INV ",CRS,',-.25,,,,,,,,1994,,,'968167982674..,',',

Sheet Dec24
A1: Fin Year: | B1: 2025
A3: From Fiscal: | C3: To Fiscal:
A5: Item: | B5: Expenditure:Interest | C5: Dividends and Rent on Land:Interest Paid:Overdue Accounts
A6: Function: | B6: Function:Finance and Administration:Core Function:Finance:Finance (204)
A7: Project: | B7: Operational:Municipal Running Cost
A8: Costing: | B8: Costing:Default
A9: Funding: | B9: Fund:Operational:Revenue:General Revenue:Taxes:Property Rates:Levies
A10: Regional: | B10: Regional:Regional Identifier:Local Government by Province:Eastern Cape:District Municipalities:DC10 Sarah Baartman:Municipalities:EC104 Makana:Whole of the Municipality
A11: Segment: | B11: Interest on Overdue accounts
A13: Opening for YEAR (2025): | D13: Closing for YEAR (2025): | E13: 1145828.04
A15: Fiscal | B15: Trans Date | C15: Journal No | D15: Remarks | E15: Source Code | F15: PayDocNo | G15: Amount | H15: Costing Code | I15: Kilometer | J15: Fuel Litre | K15: OPR | L15: Name | M15: PostQcdePREFIX | N15: PostQcdeCODE | O15: InterfaceNo | P15: Cbk InterfaceNo | Q15: VatRate | R15: Document Reference Number | S15: Accrual Order Number | T15: Ceditor Code
A16: 45474 | B16: 04/07/2024 | C16: '855226949771A | D16: 'ESKOM SMALL ACCOUNTS interest | E16: CRS | F16: ' | G16: 1.38 | O16: 1845 | R16: ' | S16: ' | T16: '
A17: 45474 | B17: 11/07/2024 | C17: '62445630634A | D17: 'ESKOM SMALL ACCOUNTS interest | E17: CRS | F17: ' | G17: 0.52 | O17: 1845 | R17: ' | S17: ' | T17: '
A18: 45474 | B18: 25/07/2024 | C18: '707183761933A | D18: 'ESKOM SMALL ACCOUNTS interest | E18: CRS | F18: ' | G18: 2.31 | O18: 1847 | R18: ' | S18: ' | T18: '
A19: 45474 | B19: 25/07/2024 | C19: '810237065050A | D19: 'ESKOM SMALL ACCOUNTS interest | E19: CRS | F19: ' | G19: 71.98 | O19: 1847 | R19: ' | S19: ' | T19: '
A20: 45474 | B20: 28/07/2024 | C20: '968118328105A | D20: 'ESKOM SMALL ACCOUNTS interest | E20: CRS | F20: ' | G20: 23.29 | O20: 1847 | R20: ' | S20: ' | T20: '
A21: 45505 | B21: 06/08/2024 | C21: '855927273678A | D21: 'ESKOM SMALL ACCOUNTS interest | E21: CRS | F21: ' | G21: 2.47 | O21: 1863 | R21: ' | S21: ' | T21: '
A22: 45505 | B22: 10/08/2024 | C22: '61222364012A | D22: 'ESKOM SMALL ACCOUNTS interest | E22: CRS | F22: ' | G22: 2.07 | O22: 1867 | R22: ' | S22: ' | T22: '
A23: 45505 | B23: 12/08/2024 | C23: '649176086079A | D23: 'ESKOM SMALL ACCOUNTS interest | E23: CRS | F23: ' | G23: 0.55 | O23: 1867 | R23: ' | S23: ' | T23: '
A24: 45505 | B24: 21/08/2024 | C24: '883555426557A | D24: 'ESKOM INTEREST ON OVER DUE AC | E24: CRS | F24: 'EF013688-0004 | G24: 17.05 | O24: 1888 | R24: ' | S24: ' | T24: '
A25: 45505 | B25: 27/08/2024 | C25: '810133084247A | D25: 'ESKOM SMALL ACCOUNTS interest | E25: CRS | F25: ' | G25: 0.86 | O25: 1878 | R25: ' | S25: ' | T25: '
A26: 45536 | B26: 05/09/2024 | C26: '855838485653A | D26: 'ESKOM SMALL ACCOUNTS interest | E26: CRS | F26: 'EF013693-0014 | G26: 0.89 | O26: 1907 | R26: ' | S26: ' | T26: '
A27: 45536 | B27: 10/09/2024 | C27: '612144149251A | D27: 'ESKOM SMALL ACCOUNTS interest | E27: CRS | F27: ' | G27: 0.68 | O27: 1907 | R27: ' | S27: ' | T27: '
... A29: 45536 | B29: 28/09/2024 | C29: '968410145947A | D29: 'ESKOM SMALL ACCOUNTS interest | E29: CRS | F29: 'EF013713-0020 | G29: 0.22 | O29: 1913 | R29: ' | S29: ' | T29: '
A30: 45536 | B30: 03/10/2024 | C30: 'TI000426 | D30: 'ESKOM SMALL ACCOUNTS DISCREPE | E30: CBK | F30: 'TI000426 | G30: -0.89 | M30: BNKCDE | O30: 2097 | R30: ' | S30: ' | T30: '
A31: 45566 | B31: 03/10/2024 | C31: '985064560234 int | D31: 'ESKOM BULK ACCOUNT bulk elect | E31: CRS | F31: ' | G31: 367847.91 | O31: 1933 | R31: ' | S31: ' | T31: '
A32: 45566 | B32: 09/10/2024 | C32: '612021865177A | D32: 'ESKOM SMALL ACCOUNTS interest | E32: CRS | F32: 'EF013713-0005 | G32: 0.8 | O32: 1927 | R32: ' | S32: ' | T32: '
A33: 45566 | B33: 25/10/2024 | C33: '810108306455A | D33: 'ESKOM SMALL ACCOUNTS interest | E33: CRS | F33: ' | G33: 1.65 | O33: 1933 | R33: ' | S33: ' | T33: '
A34: 45566 | B34: 28/10/2024 | C34: '968226116187A | D34: 'ESKOM SMALL ACCOUNTS interest | E34: CRS | F34: ' | G34: 0.52 | O34: 1933 | R34: ' | S34: ' | T34: '
A35: 45566 | B35: 07/11/2024 | C35: 'TI000431 | D35: 'ESKOM SMALL ACC REVERSAL INT | E35: CBK | F35: 'TI000431 | G35: -1.55 | M35: BNKCDE | O35: 2124 | R35: ' | S35: ' | T35: '
A36: 45597 | B36: 11/11/2024 | C36: '612331575948A | D36: 'ESKOM SMALL ACCOUNTS interest | E36: CRS | F36: ' | G36: 1.51 | O36: 1963 | R36: ' | S36: ' | T36: '
A37: 45597 | B37: 27/11/2024 | C37: '810492443619A | D37: 'ESKOM SMALL ACCOUNTS interest | E37: CRS | F37: ' | G37: 1.44 | O37: 1967 | R37: ' | S37: ' | T37: '
A38: 45597 | B38: 28/11/2024 | C38: '968061132567A | D38: 'ESKOM SMALL ACCOUNTS interest | E38: CRS | F38: ' | G38: 0.48 | O38: 1967 | R38: ' | S38: ' | T38: '
A39: 45627 | B39: 04/09/2024 | C39: '985753425841. | D39: 'ESKOM BULK ACCOUNT INTEREST | E39: CRS | F39: ' | G39: 777839.55 | O39: 1976 | R39: ' | S39: ' | T39: '
A40: 45627 | B40: 13/12/2024 | C40: '883321589376. | D40: 'ESKOM INTEREST ON OVER DUE AC | E40: CRS | F40: 'EF013744-0004 | G40: 11.82 | O40: 1976 | R40: ' | S40: ' | T40: '
A41: 2024/12,13/12/2024,'883321589376.,"'ESKOM INTEREST ON OVER DUE AC",CRS,'EF013744-0004,11.82,,,,,,,,1976,,,',',',

Sheet Nov24
A1: Fin Year: | B1: 2025
A3: From Fiscal: | B3: 202407 | C3: To Fiscal: | D3: 202411
A5: Item: | B5: Expenditure:Interest | C5: Dividends and Rent on Land:Interest Paid:Overdue Accounts
A6: Function: | B6: Function:Finance and Administration:Core Function:Finance:Finance (204)
A7: Project: | B7: Operational:Municipal Running Cost
A8: Costing: | B8: Costing:Default
A9: Funding: | B9: Fund:Operational:Revenue:General Revenue:Taxes:Property Rates:Levies
A10: Regional: | B10: Regional:Regional Identifier:Local Government by Province:Eastern Cape:District Municipalities:DC10 Sarah Baartman:Municipalities:EC104 Makana:Whole of the Municipality
A11: Segment: | B11: Interest on Overdue accounts
A13: Opening for YEAR (2025): | D13: Closing for YEAR (2025): | E13: 367976.67
A14: Opening for Period (2024/07): | D14: Closing for Period (2024/11): | E14: 367976.67
A17: Fiscal | B17: Trans Date | C17: Journal No | D17: Remarks | E17: Source Code | F17: PayDocNo | G17: Amount | H17: Costing Code | I17: Kilometer | J17: Fuel Litre | K17: OPR | L17: Name | M17: PostQcdePREFIX | N17: PostQcdeCODE | O17: InterfaceNo | P17: Cbk InterfaceNo | Q17: VatRate | R17: Document Reference Number | S17: Accrual Order Number | T17: Ceditor Code
A18: 45497 | B18: 04/07/2024 | C18: '855226949771A | D18: 'ESKOM SMALL ACCOUNTS interest | E18: CRS | F18: ' | G18: 1.38 | O18: 1845 | R18: ' | S18: ' | T18: '
A19: 45497 | B19: 11/07/2024 | C19: '62445630634A | D19: 'ESKOM SMALL ACCOUNTS interest | E19: CRS | F19: ' | G19: 0.52 | O19: 1845 | R19: ' | S19: ' | T19: '
A20: 45497 | B20: 25/07/2024 | C20: '707183761933A | D20: 'ESKOM SMALL ACCOUNTS interest | E20: CRS | F20: ' | G20: 2.31 | O20: 1847 | R20: ' | S20: ' | T20: '
A21: 45497 | B21: 25/07/2024 | C21: '810237065050A | D21: 'ESKOM SMALL ACCOUNTS interest | E21: CRS | F21: ' | G21: 71.98 | O21: 1847 | R21: ' | S21: ' | T21: '
A22: 45497 | B22: 28/07/2024 | C22: '968118328105A | D22: 'ESKOM SMALL ACCOUNTS interest | E22: CRS | F22: ' | G22: 23.29 | O22: 1847 | R22: ' | S22: ' | T22: '
A23: 45528 | B23: 06/08/2024 | C23: '855927273678A | D23: 'ESKOM SMALL ACCOUNTS interest | E23: CRS | F23: ' | G23: 2.47 | O23: 1863 | R23: ' | S23: ' | T23: '
A24: 45528 | B24: 10/08/2024 | C24: '61222364012A | D24: 'ESKOM SMALL ACCOUNTS interest | E24: CRS | F24: ' | G24: 2.07 | O24: 1867 | R24: ' | S24: ' | T24: '
A25: 45528 | B25: 12/08/2024 | C25: '649176086079A | D25: 'ESKOM SMALL ACCOUNTS interest | E25: CRS | F25: ' | G25: 0.55 | O25: 1867 | R25: ' | S25: ' | T25: '
A26: 45528 | B26: 21/08/2024 | C26: '883555426557A | D26: 'ESKOM INTEREST ON OVER DUE AC | E26: CRS | F26: 'EF013688-0004 | G26: 17.05 | O26: 1888 | R26: ' | S26: ' | T26: '
A27: 45528 | B27: 27/08/2024 | C27: '810133084247A | D27: 'ESKOM SMALL ACCOUNTS interest | E27: CRS | F27: ' | G27: 0.86 | O27: 1878 | R27: ' | S27: ' | T27: '
A28: 45559 | B28: 05/09/2024 | C28: '855838485653A | D28: 'ESKOM SMALL ACCOUNTS interest | E28: CRS | F28: 'EF013693-0014 | G28: 0.89 | O28: 1907 | R28: ' | S28: ' | T28: '
A29: 45559 | B29: 10/09/2024 | C29: '612144149251A | D29: 'ESKOM SMALL ACCOUNTS interest | E29: CRS | F29: ' | G29: 0.68 | O29: 1907 | R29: ' | S29: ' | T29: '
... A31: 45559 | B31: 28/09/2024 | C31: '968410145947A | D31: 'ESKOM SMALL ACCOUNTS interest | E31: CRS | F31: 'EF013713-0020 | G31: 0.22 | O31: 1913 | R31: ' | S31: ' | T31: '
A32: 45559 | B32: 03/10/2024 | C32: 'TI000426 | D32: 'ESKOM SMALL ACCOUNTS DISCREPE | E32: CBK | F32: 'TI000426 | G32: -0.89 | M32: BNKCDE | O32: 2097 | R32: ' | S32: ' | T32: '
A33: 45589 | B33: 03/10/2024 | C33: '985064560234 int | D33: 'ESKOM BULK ACCOUNT bulk elect | E33: CRS | F33: ' | G33: 367 847.91 | O33: 1933 | R33: ' | S33: ' | T33: '
A34: 45589 | B34: 09/10/2024 | C34: '612021865177A | D34: 'ESKOM SMALL ACCOUNTS interest | E34: CRS | F34: 'EF013713-0005 | G34: 0.80 | O34: 1927 | R34: ' | S34: ' | T34: '
A35: 45589 | B35: 25/10/2024 | C35: '810108306455A | D35: 'ESKOM SMALL ACCOUNTS interest | E35: CRS | F35: ' | G35: 1.65 | O35: 1933 | R35: ' | S35: ' | T35: '
A36: 45589 | B36: 28/10/2024 | C36: '968226116187A | D36: 'ESKOM SMALL ACCOUNTS interest | E36: CRS | F36: ' | G36: 0.52 | O36: 1933 | R36: ' | S36: ' | T36: '
A37: 45589 | B37: 07/11/2024 | C37: 'TI000431 | D37: 'ESKOM SMALL ACC REVERSAL INT | E37: CBK | F37: 'TI000431 | G37: -1.55 | M37: BNKCDE | O37: 2124 | R37: ' | S37: ' | T37: '
A38: 45620 | B38: 11/11/2024 | C38: '612331575948A | D38: 'ESKOM SMALL ACCOUNTS interest | E38: CRS | F38: ' | G38: 1.51 | O38: 1963 | R38: ' | S38: ' | T38: '
A39: 45620 | B39: 27/11/2024 | C39: '810492443619A | D39: 'ESKOM SMALL ACCOUNTS interest | E39: CRS | F39: ' | G39: 1.44 | O39: 1967 | R39: ' | S39: ' | T39: '
A40: 45620 | B40: 28/11/2024 | C40: '968061132567A | D40: 'ESKOM SMALL ACCOUNTS interest | E40: CRS | F40: ' | G40: 0.48 | O40: 1967 | R40: ' | S40: ' | T40: '

Sheet Oct24
A1: Fin Year: | B1: 2025
A3: From Fiscal: | C3: To Fiscal:
A5: Item: | B5: Expenditure:Interest | C5: Dividends and Rent on Land:Interest Paid:Overdue Accounts
A6: Function: | B6: Function:Finance and Administration:Core Function:Finance:Finance (204)
A7: Project: | B7: Operational:Municipal Running Cost
A8: Costing: | B8: Costing:Default
A9: Funding: | B9: Fund:Operational:Revenue:General Revenue:Taxes:Property Rates:Levies
A10: Regional: | B10: Regional:Regional Identifier:Local Government by Province:Eastern Cape:District Municipalities:DC10 Sarah Baartman:Municipalities:EC104 Makana:Whole of the Municipality
A11: Segment: | B11: Interest on Overdue accounts
A13: Opening for YEAR (2025): | D13: Closing for YEAR (2025): | E13: 367973.24
A15: Fiscal | B15: Trans Date | C15: Journal No | D15: Remarks | E15: Source Code | F15: PayDocNo | G15: Amount | H15: Costing Code | I15: Kilometer | J15: Fuel Litre | K15: OPR | L15: Name | M15: PostQcdePREFIX | N15: PostQcdeCODE | O15: InterfaceNo | P15: Cbk InterfaceNo | Q15: VatRate | R15: Document Reference Number | S15: Accrual Order Number | T15: Ceditor Code
A16: 45474 | B16: 04/07/2024 | C16: '855226949771A | D16: 'ESKOM SMALL ACCOUNTS interest | E16: CRS | F16: ' | G16: 1.38 | O16: 1845 | R16: ' | S16: ' | T16: '
A17: 45474 | B17: 11/07/2024 | C17: '62445630634A | D17: 'ESKOM SMALL ACCOUNTS interest | E17: CRS | F17: ' | G17: .52 | O17: 1845 | R17: ' | S17: ' | T17: '
A18: 45474 | B18: 25/07/2024 | C18: '707183761933A | D18: 'ESKOM SMALL ACCOUNTS interest | E18: CRS | F18: ' | G18: 2.31 | O18: 1847 | R18: ' | S18: ' | T18: '
A19: 45474 | B19: 25/07/2024 | C19: '810237065050A | D19: 'ESKOM SMALL ACCOUNTS interest | E19: CRS | F19: ' | G19: 71.98 | O19: 1847 | R19: ' | S19: ' | T19: '
A20: 45474 | B20: 28/07/2024 | C20: '968118328105A | D20: 'ESKOM SMALL ACCOUNTS interest | E20: CRS | F20: ' | G20: 23.29 | O20: 1847 | R20: ' | S20: ' | T20: '
A21: 45505 | B21: 06/08/2024 | C21: '855927273678A | D21: 'ESKOM SMALL ACCOUNTS interest | E21: CRS | F21: ' | G21: 2.47 | O21: 1863 | R21: ' | S21: ' | T21: '
A22: 45505 | B22: 10/08/2024 | C22: '61222364012A | D22: 'ESKOM SMALL ACCOUNTS interest | E22: CRS | F22: ' | G22: 2.07 | O22: 1867 | R22: ' | S22: ' | T22: '
A23: 45505 | B23: 12/08/2024 | C23: '649176086079A | D23: 'ESKOM SMALL ACCOUNTS interest | E23: CRS | F23: ' | G23: .55 | O23: 1867 | R23: ' | S23: ' | T23: '
A24: 45505 | B24: 21/08/2024 | C24: '883555426557A | D24: 'ESKOM INTEREST ON OVER DUE AC | E24: CRS | F24: 'EF013688-0004 | G24: 17.05 | O24: 1888 | R24: ' | S24: ' | T24: '
A25: 45505 | B25: 27/08/2024 | C25: '810133084247A | D25: 'ESKOM SMALL ACCOUNTS interest | E25: CRS | F25: ' | G25: .86 | O25: 1878 | R25: ' | S25: ' | T25: '
A26: 45536 | B26: 05/09/2024 | C26: '855838485653A | D26: 'ESKOM SMALL ACCOUNTS interest | E26: CRS | F26: 'EF013693-0014 | G26: .89 | O26: 1907 | R26: ' | S26: ' | T26: '
A27: 45536 | B27: 10/09/2024 | C27: '612144149251A | D27: 'ESKOM SMALL ACCOUNTS interest | E27: CRS | F27: ' | G27: .68 | O27: 1907 | R27: ' | S27: ' | T27: '
... A29: 45536 | B29: 28/09/2024 | C29: '968410145947A | D29: 'ESKOM SMALL ACCOUNTS interest | E29: CRS | F29: 'EF013713-0020 | G29: .22 | O29: 1913 | R29: ' | S29: ' | T29: '
A30: 45536 | B30: 03/10/2024 | C30: 'TI000426 | D30: 'ESKOM SMALL ACCOUNTS DISCREPE | E30: CBK | F30: 'TI000426 | G30: -.89 | M30: BNKCDE | O30: 2097 | R30: ' | S30: ' | T30: '
A31: 45566 | B31: 03/10/2024 | C31: '985064560234 int | D31: 'ESKOM BULK ACCOUNT bulk elect | E31: CRS | F31: ' | G31: 367847.91 | O31: 1933 | R31: ' | S31: ' | T31: '
A32: 45566 | B32: 09/10/2024 | C32: '612021865177A | D32: 'ESKOM SMALL ACCOUNTS interest | E32: CRS | F32: 'EF013713-0005 | G32: .8 | O32: 1927 | R32: ' | S32: ' | T32: '
A33: 45566 | B33: 25/10/2024 | C33: '810108306455A | D33: 'ESKOM SMALL ACCOUNTS interest | E33: CRS | F33: ' | G33: 1.65 | O33: 1933 | R33: ' | S33: ' | T33: '
A34: 45566 | B34: 28/10/2024 | C34: '968226116187A | D34: 'ESKOM SMALL ACCOUNTS interest | E34: CRS | F34: ' | G34: .52 | O34: 1933 | R34: ' | S34: ' | T34: '
A35: 45566 | B35: 07/11/2024 | C35: 'TI000431 | D35: 'ESKOM SMALL ACC REVERSAL INT | E35: CBK | F35: 'TI000431 | G35: -1.55 | M35: BNKCDE | O35: 2124 | R35: ' | S35: ' | T35: '

Sheet Sept24
A1: Fin Year: | B1: 2025
A3: From Fiscal: | C3: To Fiscal:
A5: Item: | B5: Expenditure:Interest | C5: Dividends and Rent on Land:Interest Paid:Overdue Accounts
A6: Function: | B6: Function:Finance and Administration:Core Function:Finance:Finance (204)
A7: Project: | B7: Operational:Municipal Running Cost
A8: Costing: | B8: Costing:Default
A9: Funding: | B9: Fund:Operational:Revenue:General Revenue:Taxes:Property Rates:Levies
A10: Regional: | B10: Regional:Regional Identifier:Local Government by Province:Eastern Cape:District Municipalities:DC10 Sarah Baartman:Municipalities:EC104 Makana:Whole of the Municipality
A11: Segment: | B11: Interest on Overdue accounts
A13: Opening for YEAR (2025): | D13: Closing for YEAR (2025): | E13: 123.91
A15: Fiscal | B15: Trans Date | C15: Journal No | D15: Remarks | E15: Source Code | F15: PayDocNo | G15: Amount | H15: Costing Code | I15: Kilometer | J15: Fuel Litre | K15: OPR | L15: Name | M15: PostQcdePREFIX | N15: PostQcdeCODE | O15: InterfaceNo | P15: Cbk InterfaceNo | Q15: VatRate | R15: Document Reference Number | S15: Accrual Order Number | T15: Ceditor Code
A16: 45474 | B16: 04/07/2024 | C16: '855226949771A | D16: 'ESKOM SMALL ACCOUNTS interest | E16: CRS | F16: ' | G16: 1.38 | O16: 1845 | R16: ' | S16: ' | T16: '
A17: 45474 | B17: 11/07/2024 | C17: '62445630634A | D17: 'ESKOM SMALL ACCOUNTS interest | E17: CRS | F17: ' | G17: 0.52 | O17: 1845 | R17: ' | S17: ' | T17: '
A18: 45474 | B18: 25/07/2024 | C18: '707183761933A | D18: 'ESKOM SMALL ACCOUNTS interest | E18: CRS | F18: ' | G18: 2.31 | O18: 1847 | R18: ' | S18: ' | T18: '
A19: 45474 | B19: 25/07/2024 | C19: '810237065050A | D19: 'ESKOM SMALL ACCOUNTS interest | E19: CRS | F19: ' | G19: 71.98 | O19: 1847 | R19: ' | S19: ' | T19: '
A20: 45474 | B20: 28/07/2024 | C20: '968118328105A | D20: 'ESKOM SMALL ACCOUNTS interest | E20: CRS | F20: ' | G20: 23.29 | O20: 1847 | R20: ' | S20: ' | T20: '
A21: 45505 | B21: 06/08/2024 | C21: '855927273678A | D21: 'ESKOM SMALL ACCOUNTS interest | E21: CRS | F21: ' | G21: 2.47 | O21: 1863 | R21: ' | S21: ' | T21: '
A22: 45505 | B22: 10/08/2024 | C22: '61222364012A | D22: 'ESKOM SMALL ACCOUNTS interest | E22: CRS | F22: ' | G22: 2.07 | O22: 1867 | R22: ' | S22: ' | T22: '
A23: 45505 | B23: 12/08/2024 | C23: '649176086079A | D23: 'ESKOM SMALL ACCOUNTS interest | E23: CRS | F23: ' | G23: 0.55 | O23: 1867 | R23: ' | S23: ' | T23: '
A24: 45505 | B24: 21/08/2024 | C24: '883555426557A | D24: 'ESKOM INTEREST ON OVER DUE AC | E24: CRS | F24: 'EF013688-0004 | G24: 17.05 | O24: 1888 | R24: ' | S24: ' | T24: '
A25: 45505 | B25: 27/08/2024 | C25: '810133084247A | D25: 'ESKOM SMALL ACCOUNTS interest | E25: CRS | F25: ' | G25: 0.86 | O25: 1878 | R25: ' | S25: ' | T25: '
A26: 45536 | B26: 05/09/2024 | C26: '855838485653A | D26: 'ESKOM SMALL ACCOUNTS interest | E26: CRS | F26: 'EF013693-0014 | G26: 0.89 | O26: 1907 | R26: ' | S26: ' | T26: '
A27: 45536 | B27: 10/09/2024 | C27: '612144149251A | D27: 'ESKOM SMALL ACCOUNTS interest | E27: CRS | F27: ' | G27: 0.68 | O27: 1907 | R27: ' | S27: ' | T27: '
... A29: 45536 | B29: 28/09/2024 | C29: '968410145947A | D29: 'ESKOM SMALL ACCOUNTS interest | E29: CRS | F29: ' | G29: 0.22 | O29: 1913 | R29: ' | S29: ' | T29: '
A30: 45536 | B30: 03/10/2024 | C30: 'TI000426 | D30: 'ESKOM SMALL ACCOUNTS DISCREPE | E30: CBK | F30: 'TI000426 | G30: -0.89 | M30: BNKCDE | O30: 2097 | R30: ' | S30: ' | T30: '
A31: 2024/09,03/10/2024,'TI000426,"'ESKOM SMALL ACCOUNTS DISCREPE",CBK,'TI000426,-.89,,,,,,BNKCDE,,2097,,,',',',

Sheet Aug24
A1: Fin Year: | B1: 2025
A3: From Fiscal: | C3: To Fiscal:
A5: Item: | B5: Expenditure:Interest | C5: Dividends and Rent on Land:Interest Paid:Overdue Accounts
A6: Function: | B6: Function:Finance and Administration:Core Function:Finance:Finance (204)
A7: Project: | B7: Operational:Municipal Running Cost
A8: Costing: | B8: Costing:Default
A9: Funding: | B9: Fund:Operational:Revenue:General Revenue:Taxes:Property Rates:Levies
A10: Regional: | B10: Regional:Regional Identifier:Local Government by Province:Eastern Cape:District Municipalities:DC10 Sarah Baartman:Municipalities:EC104 Makana:Whole of the Municipality
A11: Segment: | B11: Interest on Overdue accounts
A13: Opening for YEAR (2025): | D13: Closing for YEAR (2025): | E13: 122.48
A15: Fiscal | B15: Trans Date | C15: Journal No | D15: Remarks | E15: Source Code | F15: PayDocNo | G15: Amount | H15: Costing Code | I15: Kilometer | J15: Fuel Litre | K15: OPR | L15: Name | M15: PostQcdePREFIX | N15: PostQcdeCODE | O15: InterfaceNo | P15: Cbk InterfaceNo | Q15: VatRate | R15: Document Reference Number | S15: Accrual Order Number | T15: Ceditor Code
A16: 45474 | B16: 04/07/2024 | C16: '855226949771A | D16: 'ESKOM SMALL ACCOUNTS interest | E16: CRS | F16: ' | G16: 1.38 | O16: 1845 | R16: ' | S16: ' | T16: '
A17: 45474 | B17: 11/07/2024 | C17: '62445630634A | D17: 'ESKOM SMALL ACCOUNTS interest | E17: CRS | F17: ' | G17: .52 | O17: 1845 | R17: ' | S17: ' | T17: '
A18: 45474 | B18: 25/07/2024 | C18: '707183761933A | D18: 'ESKOM SMALL ACCOUNTS interest | E18: CRS | F18: ' | G18: 2.31 | O18: 1847 | R18: ' | S18: ' | T18: '
A19: 45474 | B19: 25/07/2024 | C19: '810237065050A | D19: 'ESKOM SMALL ACCOUNTS interest | E19: CRS | F19: ' | G19: 71.98 | O19: 1847 | R19: ' | S19: ' | T19: '
A20: 45474 | B20: 28/07/2024 | C20: '968118328105A | D20: 'ESKOM SMALL ACCOUNTS interest | E20: CRS | F20: ' | G20: 23.29 | O20: 1847 | R20: ' | S20: ' | T20: '
A21: 45505 | B21: 06/08/2024 | C21: '855927273678A | D21: 'ESKOM SMALL ACCOUNTS interest | E21: CRS | F21: ' | G21: 2.47 | O21: 1863 | R21: ' | S21: ' | T21: '
A22: 45505 | B22: 10/08/2024 | C22: '61222364012A | D22: 'ESKOM SMALL ACCOUNTS interest | E22: CRS | F22: ' | G22: 2.07 | O22: 1867 | R22: ' | S22: ' | T22: '
A23: 45505 | B23: 12/08/2024 | C23: '649176086079A | D23: 'ESKOM SMALL ACCOUNTS interest | E23: CRS | F23: ' | G23: .55 | O23: 1867 | R23: ' | S23: ' | T23: '
A24: 45505 | B24: 21/08/2024 | C24: '883555426557A | D24: 'ESKOM INTEREST ON OVER DUE AC | E24: CRS | F24: ' | G24: 17.05 | O24: 1888 | R24: ' | S24: ' | T24: '
A25: 45505 | B25: 27/08/2024 | C25: '810133084247A | D25: 'ESKOM SMALL ACCOUNTS interest | E25: CRS | F25: ' | G25: .86 | O25: 1878 | R25: ' | S25: ' | T25: '
A26: 2024/08,27/08/2024,'810133084247A,"'ESKOM SMALL ACCOUNTS interest",CRS,',.86,,,,,,,,1878,,,',',',

Sheet July24
A1: Fin Year: | B1: 2025
A3: From Fiscal: | C3: To Fiscal:
A5: Item: | B5: Expenditure:Interest | C5: Dividends and Rent on Land:Interest Paid:Overdue Accounts
A6: Function: | B6: Function:Finance and Administration:Core Function:Finance:Finance (204)
A7: Project: | B7: Operational:Municipal Running Cost
A8: Costing: | B8: Costing:Default
A9: Funding: | B9: Fund:Operational:Revenue:General Revenue:Taxes:Property Rates:Levies
A10: Regional: | B10: Regional:Regional Identifier:Local Government by Province:Eastern Cape:District Municipalities:DC10 Sarah Baartman:Municipalities:EC104 Makana:Whole of the Municipality
A11: Segment: | B11: Interest on Overdue accounts
A13: Opening for YEAR (2025): | D13: Closing for YEAR (2025): | E13: 99.48
A15: Fiscal | B15: Trans Date | C15: Journal No | D15: Remarks | E15: Source Code | F15: PayDocNo | G15: Amount | H15: Costing Code | I15: Kilometer | J15: Fuel Litre | K15: OPR | L15: Name | M15: PostQcdePREFIX | N15: PostQcdeCODE | O15: InterfaceNo | P15: Cbk InterfaceNo | Q15: VatRate | R15: Document Reference Number | S15: Accrual Order Number | T15: Ceditor Code
A16: 45474 | B16: 04/07/2024 | C16: '855226949771A | D16: 'ESKOM SMALL ACCOUNTS interest | E16: CRS | F16: ' | G16: 1.38 | O16: 1845 | R16: ' | S16: ' | T16: '
A17: 45474 | B17: 11/07/2024 | C17: '62445630634A | D17: 'ESKOM SMALL ACCOUNTS interest | E17: CRS | F17: ' | G17: .52 | O17: 1845 | R17: ' | S17: ' | T17: '
A18: 45474 | B18: 25/07/2024 | C18: '707183761933A | D18: 'ESKOM SMALL ACCOUNTS interest | E18: CRS | F18: ' | G18: 2.31 | O18: 1847 | R18: ' | S18: ' | T18: '
A19: 45474 | B19: 25/07/2024 | C19: '810237065050A | D19: 'ESKOM SMALL ACCOUNTS interest | E19: CRS | F19: ' | G19: 71.98 | O19: 1847 | R19: ' | S19: ' | T19: '
A20: 45474 | B20: 28/07/2024 | C20: '968118328105A | D20: 'ESKOM SMALL ACCOUNTS interest | E20: CRS | F20: ' | G20: 23.29 | O20: 1847 | R20: ' | S20: ' | T20: '
A21: 2024/07,28/07/2024,'968118328105A,"'ESKOM SMALL ACCOUNTS interest",CRS,',23.29,,,,,,,,1847,,,',',',

Sheet June24
A1: Fin Year: | B1: 2024
A3: From Fiscal: | C3: To Fiscal:
A5: Item: | B5: Expenditure:Interest | C5: Dividends and Rent on Land:Interest Paid:Overdue Accounts
A6: Function: | B6: Function:Finance and Administration:Core Function:Finance:Finance (204)
A7: Project: | B7: Operational:Municipal Running Cost
A8: Costing: | B8: Costing:Default
A9: Funding: | B9: Fund:Operational:Revenue:General Revenue:Taxes:Property Rates:Levies
A10: Regional: | B10: Regional:Regional Identifier:Local Government by Province:Eastern Cape:District Municipalities:DC10 Sarah Baartman:Municipalities:EC104 Makana:Whole of the Municipality
A11: Segment: | B11: Interest on Overdue accounts
A13: Opening for YEAR (2024): | D13: Closing for YEAR (2024): | E13: 3217629.54
A15: Fiscal | B15: Trans Date | C15: Journal No | D15: Remarks | E15: Source Code | F15: PayDocNo | G15: Amount | H15: Costing Code | I15: Kilometer | J15: Fuel Litre | K15: OPR | L15: Name | M15: PostQcdePREFIX | N15: PostQcdeCODE | O15: InterfaceNo | P15: Cbk InterfaceNo | Q15: VatRate
A16: 45108 | B16: 06/07/2023 | C16: '855876903036. | D16: 'ESKOM SMALL ACCOUNTS interest | E16: CRS | F16: ' | G16: 49.77 | O16: 1573
A17: 45108 | B17: 06/07/2023 | C17: '855876903036.. | D17: 'ESKOM SMALL ACCOUNTS interest | E17: CRS | F17: ' | G17: 8.05 | O17: 1573
A18: 45108 | B18: 11/07/2023 | C18: '612572296643. | D18: 'ESKOM SMALL ACCOUNTS interest | E18: CRS | F18: 'EF013452-0019 | G18: 1041.15 | O18: 1573
A19: 45108 | B19: 24/07/2023 | C19: '919154091026. | D19: 'ESKOM SMALL ACCOUNTS interest | E19: CRS | F19: 'EF013452-0025 | G19: 118.56 | O19: 1573
A20: 45108 | B20: 01/08/2023 | C20: '985059987985. | D20: 'ESKOM BULK ACCOUNT bulk elect | E20: CRS | F20: ' | G20: 853193.43 | O20: 1573
A21: 45170 | B21: 18/08/2023 | C21: '883552650107. | D21: 'ESKOM arrears | E21: CRS | F21: ' | G21: 1139.88 | O21: 1628
A22: 45170 | B22: 18/08/2023 | C22: '883552650107. | D22: 'ESKOM arrears | E22: CRS | F22: ' | G22: 170.98 | O22: 1628
A23: 45170 | B23: 18/08/2023 | C23: '883552650107.. | D23: 'ESKOM ARREARS | E23: CRS | F23: 'EF013475-0004 | G23: 1310.86 | O23: 1628
A24: 45170 | B24: 01/09/2023 | C24: '985309652705 | D24: 'ESKOM SMALL ACCOUNTS interest | E24: CRS | F24: ' | G24: 1322044.7 | O24: 1638
A25: 45170 | B25: 18/09/2023 | C25: '883522208973. | D25: 'ESKOM SMALL ACCOUNTS interest | E25: CRS | F25: ' | G25: 16.24 | O25: 1630
A26: 45170 | B26: 19/09/2023 | C26: '634 | D26: 'ESKOM CREDIT NOTE PASSED INV | E26: CRS | F26: ' | G26: -1139.88 | O26: 1630 | Q26: 15
A27: 45170 | B27: 19/09/2023 | C27: '634 | D27: 'ESKOM CREDIT NOTE PASSED INV | E27: CRS | F27: ' | G27: -170.98 | O27: 1630 | Q27: 15
A28: 45200 | B28: 01/10/2023 | C28: '985309652705/01 | D28: 'ESKOM BULK ACCOUNT interest o | E28: CRS | F28: ' | G28: 1322044.7 | O28: 1643
A29: 45200 | B29: 06/10/2023 | C29: '639 | D29: 'ESKOM SMALL ACCOUNTS CREDIT N | E29: CRS | F29: ' | G29: -1322044.7 | O29: 1641
A30: 45200 | B30: 19/10/2023 | C30: '883533639445. | D30: 'ESKOM INTEREST ON OVER DUE AC | E30: CRS | F30: ' | G30: 241.71 | O30: 1648
A31: 45231 | B31: 04/10/2023 | C31: '985472312140 | D31: 'ESKOM BULK ACCOUNT interest o | E31: CRS | F31: ' | G31: 1693603.4 | O31: 1666
A32: 45231 | B32: 31/10/2023 | C32: '985127331387. | D32: 'ESKOM BULK ACCOUNT interest o | E32: CRS | F32: ' | G32: 1315917.8 | O32: 1666
A33: 45231 | B33: 06/11/2023 | C33: '706404408474. | D33: 'ESKOM SMALL ACCOUNTS interest | E33: CRS | F33: ' | G33: 116.16 | O33: 1681
A34: 45231 | B34: 06/11/2023 | C34: '997867390278. | D34: 'ESKOM SMALL ACCOUNTS interest | E34: CRS | F34: ' | G34: 23.44 | O34: 1681
A35: 45261 | B35: 06/11/2023 | C35: '9732225158. | D35: 'ESKOM SMALL ACCOUNTS interest | E35: CRS | F35: 'EF013523-0013 | G35: 1010.48 | O35: 1706
A36: 45261 | B36: 10/11/2023 | C36: '649167320682/2 | D36: 'ESKOM SMALL ACCOUNTS interest | E36: CRS | F36: 'EF013523-0005 | G36: 736.82 | O36: 1706
A37: 45261 | B37: 27/11/2023 | C37: '815423458027. | D37: 'ESKOM SMALL ACCOUNTS interest | E37: CRS | F37: ' | G37: 127.59 | O37: 1707
A38: 45261 | B38: 01/12/2023 | C38: '919850248936. | D38: 'ESKOM SMALL ACCOUNTS interest | E38: CRS | F38: ' | G38: 101.73 | O38: 1707
A39: 45261 | B39: 04/12/2023 | C39: '985319035254 INT | D39: 'ESKOM BULK ACCOUNT interest o | E39: CRS | F39: ' | G39: 2111583.6 | O39: 1706
... A246: 45444 | B246: 10/07/2024 | C246: '890 | D246: 'AUDITOR-GENERAL CREDIT NOTE P | E246: CRS | F246: ' | G246: -6322.86 | O246: 1841
A247: 2024/06,10/07/2024,'890,"'AUDITOR-GENERAL CREDIT NOTE P",CRS,',-6322.86,,,,,,,,1841,,,

Sheet May24
A1: Fin Year: | B1: 2024
A3: From Fiscal: | C3: To Fiscal:
A5: Item: | B5: Expenditure:Interest | C5: Dividends and Rent on Land:Interest Paid:Overdue Accounts
A6: Function: | B6: Function:Finance and Administration:Core Function:Finance:Finance (204)
A7: Project: | B7: Operational:Municipal Running Cost
A8: Costing: | B8: Costing:Default
A9: Funding: | B9: Fund:Operational:Revenue:General Revenue:Taxes:Property Rates:Levies
A10: Regional: | B10: Regional:Regional Identifier:Local Government by Province:Eastern Cape:District Municipalities:DC10 Sarah Baartman:Municipalities:EC104 Makana:Whole of the Municipality
A11: Segment: | B11: Interest on Overdue accounts
A13: Opening for YEAR (2024): | D13: Closing for YEAR (2024): | E13: 876706.59
A15: Fiscal | B15: Trans Date | C15: Journal No | D15: Remarks | E15: Source Code | F15: PayDocNo | G15: Amount | H15: Costing Code | I15: Kilometer | J15: Fuel Litre | K15: OPR | L15: Name | M15: PostQcdePREFIX | N15: PostQcdeCODE | O15: InterfaceNo | P15: Cbk InterfaceNo | Q15: VatRate
A16: 45108 | B16: 06/07/2023 | C16: '855876903036. | D16: 'ESKOM SMALL ACCOUNTS interest | E16: CRS | F16: ' | G16: 49.77 | O16: 1573
A17: 45108 | B17: 06/07/2023 | C17: '855876903036.. | D17: 'ESKOM SMALL ACCOUNTS interest | E17: CRS | F17: ' | G17: 8.05 | O17: 1573
A18: 45108 | B18: 11/07/2023 | C18: '612572296643. | D18: 'ESKOM SMALL ACCOUNTS interest | E18: CRS | F18: 'EF013452-0019 | G18: 1041.15 | O18: 1573
A19: 45108 | B19: 24/07/2023 | C19: '919154091026. | D19: 'ESKOM SMALL ACCOUNTS interest | E19: CRS | F19: 'EF013452-0025 | G19: 118.56 | O19: 1573
A20: 45108 | B20: 01/08/2023 | C20: '985059987985. | D20: 'ESKOM BULK ACCOUNT bulk elect | E20: CRS | F20: ' | G20: 853193.43 | O20: 1573
A21: 45170 | B21: 18/08/2023 | C21: '883552650107. | D21: 'ESKOM arrears | E21: CRS | F21: ' | G21: 1139.88 | O21: 1628
A22: 45170 | B22: 18/08/2023 | C22: '883552650107. | D22: 'ESKOM arrears | E22: CRS | F22: ' | G22: 170.98 | O22: 1628
A23: 45170 | B23: 18/08/2023 | C23: '883552650107.. | D23: 'ESKOM ARREARS | E23: CRS | F23: 'EF013475-0004 | G23: 1310.86 | O23: 1628
A24: 45170 | B24: 01/09/2023 | C24: '985309652705 | D24: 'ESKOM SMALL ACCOUNTS interest | E24: CRS | F24: ' | G24: 1322044.7 | O24: 1638
A25: 45170 | B25: 18/09/2023 | C25: '883522208973. | D25: 'ESKOM SMALL ACCOUNTS interest | E25: CRS | F25: ' | G25: 16.24 | O25: 1630
A26: 45170 | B26: 19/09/2023 | C26: '634 | D26: 'ESKOM CREDIT NOTE PASSED INV | E26: CRS | F26: ' | G26: -1139.88 | O26: 1630 | Q26: 15
A27: 45170 | B27: 19/09/2023 | C27: '634 | D27: 'ESKOM CREDIT NOTE PASSED INV | E27: CRS | F27: ' | G27: -170.98 | O27: 1630 | Q27: 15
A28: 45200 | B28: 01/10/2023 | C28: '985309652705/01 | D28: 'ESKOM BULK ACCOUNT interest o | E28: CRS | F28: ' | G28: 1322044.7 | O28: 1643
A29: 45200 | B29: 06/10/2023 | C29: '639 | D29: 'ESKOM SMALL ACCOUNTS CREDIT N | E29: CRS | F29: ' | G29: -1322044.7 | O29: 1641
A30: 45200 | B30: 19/10/2023 | C30: '883533639445. | D30: 'ESKOM INTEREST ON OVER DUE AC | E30: CRS | F30: ' | G30: 241.71 | O30: 1648
A31: 45231 | B31: 04/10/2023 | C31: '985472312140 | D31: 'ESKOM BULK ACCOUNT interest o | E31: CRS | F31: ' | G31: 1693603.4 | O31: 1666
A32: 45231 | B32: 31/10/2023 | C32: '985127331387. | D32: 'ESKOM BULK ACCOUNT interest o | E32: CRS | F32: ' | G32: 1315917.8 | O32: 1666
A33: 45231 | B33: 06/11/2023 | C33: '706404408474. | D33: 'ESKOM SMALL ACCOUNTS interest | E33: CRS | F33: ' | G33: 116.16 | O33: 1681
A34: 45231 | B34: 06/11/2023 | C34: '997867390278. | D34: 'ESKOM SMALL ACCOUNTS interest | E34: CRS | F34: ' | G34: 23.44 | O34: 1681
A35: 45261 | B35: 06/11/2023 | C35: '9732225158. | D35: 'ESKOM SMALL ACCOUNTS interest | E35: CRS | F35: 'EF013523-0013 | G35: 1010.48 | O35: 1706
A36: 45261 | B36: 10/11/2023 | C36: '649167320682/2 | D36: 'ESKOM SMALL ACCOUNTS interest | E36: CRS | F36: 'EF013523-0005 | G36: 736.82 | O36: 1706
A37: 45261 | B37: 27/11/2023 | C37: '815423458027. | D37: 'ESKOM SMALL ACCOUNTS interest | E37: CRS | F37: ' | G37: 127.59 | O37: 1707
A38: 45261 | B38: 01/12/2023 | C38: '919850248936. | D38: 'ESKOM SMALL ACCOUNTS interest | E38: CRS | F38: ' | G38: 101.73 | O38: 1707
A39: 45261 | B39: 04/12/2023 | C39: '985319035254 INT | D39: 'ESKOM BULK ACCOUNT interest o | E39: CRS | F39: ' | G39: 2111583.6 | O39: 1706
... A146: 45413 | B146: 23/05/2024 | C146: '742455052707A | D146: 'ESKOM SMALL ACCOUNTS interest | E146: CRS | F146: ' | G146: 1.53 | O146: 1816

Sheet April24
A1: Fin Year: | B1: 2024
A3: From Fiscal: | C3: To Fiscal:
A5: Item: | B5: Expenditure:Interest | C5: Dividends and Rent on Land:Interest Paid:Overdue Accounts
A6: Function: | B6: Function:Finance and Administration:Core Function:Finance:Finance (204)
A7: Project: | B7: Operational:Municipal Running Cost
A8: Costing: | B8: Costing:Default
A9: Funding: | B9: Fund:Operational:Revenue:General Revenue:Taxes:Property Rates:Levies
A10: Regional: | B10: Regional:Regional Identifier:Local Government by Province:Eastern Cape:District Municipalities:DC10 Sarah Baartman:Municipalities:EC104 Makana:Whole of the Municipality
A11: Segment: | B11: Interest on Overdue accounts
A13: Opening for YEAR (2024): | D13: Closing for YEAR (2024): | E13: 874800.18
A15: Fiscal | B15: Trans Date | C15: Journal No | D15: Remarks | E15: Source Code | F15: PayDocNo | G15: Amount | H15: Costing Code | I15: Kilometer | J15: Fuel Litre | K15: OPR | L15: Name | M15: PostQcdePREFIX | N15: PostQcdeCODE | O15: InterfaceNo | P15: Cbk InterfaceNo | Q15: VatRate
A16: 45108 | B16: 06/07/2023 | C16: '855876903036. | D16: 'ESKOM SMALL ACCOUNTS interest | E16: CRS | F16: ' | G16: 49.77 | O16: 1573
A17: 45108 | B17: 06/07/2023 | C17: '855876903036.. | D17: 'ESKOM SMALL ACCOUNTS interest | E17: CRS | F17: ' | G17: 8.05 | O17: 1573
A18: 45108 | B18: 11/07/2023 | C18: '612572296643. | D18: 'ESKOM SMALL ACCOUNTS interest | E18: CRS | F18: 'EF013452-0019 | G18: 1041.15 | O18: 1573
A19: 45108 | B19: 24/07/2023 | C19: '919154091026. | D19: 'ESKOM SMALL ACCOUNTS interest | E19: CRS | F19: 'EF013452-0025 | G19: 118.56 | O19: 1573
A20: 45108 | B20: 01/08/2023 | C20: '985059987985. | D20: 'ESKOM BULK ACCOUNT bulk elect | E20: CRS | F20: ' | G20: 853193.43 | O20: 1573
A21: 45170 | B21: 18/08/2023 | C21: '883552650107. | D21: 'ESKOM arrears | E21: CRS | F21: ' | G21: 1139.88 | O21: 1628
A22: 45170 | B22: 18/08/2023 | C22: '883552650107. | D22: 'ESKOM arrears | E22: CRS | F22: ' | G22: 170.98 | O22: 1628
A23: 45170 | B23: 18/08/2023 | C23: '883552650107.. | D23: 'ESKOM ARREARS | E23: CRS | F23: 'EF013475-0004 | G23: 1310.86 | O23: 1628
A24: 45170 | B24: 01/09/2023 | C24: '985309652705 | D24: 'ESKOM SMALL ACCOUNTS interest | E24: CRS | F24: ' | G24: 1322044.69 | O24: 1638
A25: 45170 | B25: 18/09/2023 | C25: '883522208973. | D25: 'ESKOM SMALL ACCOUNTS interest | E25: CRS | F25: ' | G25: 16.24 | O25: 1630
A26: 45170 | B26: 19/09/2023 | C26: '634 | D26: 'ESKOM CREDIT NOTE PASSED INV | E26: CRS | F26: ' | G26: -1139.88 | O26: 1630 | Q26: 15
A27: 45170 | B27: 19/09/2023 | C27: '634 | D27: 'ESKOM CREDIT NOTE PASSED INV | E27: CRS | F27: ' | G27: -170.98 | O27: 1630 | Q27: 15
A28: 45200 | B28: 01/10/2023 | C28: '985309652705/01 | D28: 'ESKOM BULK ACCOUNT interest o | E28: CRS | F28: ' | G28: 1322044.69 | O28: 1643
A29: 45200 | B29: 06/10/2023 | C29: '639 | D29: 'ESKOM SMALL ACCOUNTS CREDIT N | E29: CRS | F29: ' | G29: -1322044.69 | O29: 1641
A30: 45200 | B30: 19/10/2023 | C30: '883533639445. | D30: 'ESKOM INTEREST ON OVER DUE AC | E30: CRS | F30: ' | G30: 241.71 | O30: 1648
A31: 45231 | B31: 04/10/2023 | C31: '985472312140 | D31: 'ESKOM BULK ACCOUNT interest o | E31: CRS | F31: ' | G31: 1693603.41 | O31: 1666
A32: 45231 | B32: 31/10/2023 | C32: '985127331387. | D32: 'ESKOM BULK ACCOUNT interest o | E32: CRS | F32: ' | G32: 1315917.79 | O32: 1666
A33: 45231 | B33: 06/11/2023 | C33: '706404408474. | D33: 'ESKOM SMALL ACCOUNTS interest | E33: CRS | F33: ' | G33: 116.16 | O33: 1681
A34: 45231 | B34: 06/11/2023 | C34: '997867390278. | D34: 'ESKOM SMALL ACCOUNTS interest | E34: CRS | F34: ' | G34: 23.44 | O34: 1681
A35: 45261 | B35: 06/11/2023 | C35: '9732225158. | D35: 'ESKOM SMALL ACCOUNTS interest | E35: CRS | F35: 'EF013523-0013 | G35: 1010.48 | O35: 1706
A36: 45261 | B36: 10/11/2023 | C36: '649167320682/2 | D36: 'ESKOM SMALL ACCOUNTS interest | E36: CRS | F36: 'EF013523-0005 | G36: 736.82 | O36: 1706
A37: 45261 | B37: 27/11/2023 | C37: '815423458027. | D37: 'ESKOM SMALL ACCOUNTS interest | E37: CRS | F37: ' | G37: 127.59 | O37: 1707
A38: 45261 | B38: 01/12/2023 | C38: '919850248936. | D38: 'ESKOM SMALL ACCOUNTS interest | E38: CRS | F38: ' | G38: 101.73 | O38: 1707
A39: 45261 | B39: 04/12/2023 | C39: '985319035254 INT | D39: 'ESKOM BULK ACCOUNT interest o | E39: CRS | F39: ' | G39: 2111583.64 | O39: 1706
... A129: 45383 | B129: 17/04/2024 | C129: '840438925010A | D129: 'ESKOM SMALL ACCOUNTS interest | E129: CRS | F129: ' | G129: 6.47 | O129: 1795
A130: 2024/04,17/04/2024,'840438925010A,"'ESKOM SMALL ACCOUNTS interest",CRS,',6.47,,,,,,,,1795,,,

Sheet March 24
A1: Fin Year: | B1: 2024
A3: From Fiscal: | C3: To Fiscal:
A5: Item: | B5: Expenditure:Interest | C5: Dividends and Rent on Land:Interest Paid:Overdue Accounts
A6: Function: | B6: Function:Finance and Administration:Core Function:Finance:Finance (204)
A7: Project: | B7: Operational:Municipal Running Cost
A8: Costing: | B8: Costing:Default
A9: Funding: | B9: Fund:Operational:Revenue:General Revenue:Taxes:Property Rates:Levies
A10: Regional: | B10: Regional:Regional Identifier:Local Government by Province:Eastern Cape:District Municipalities:DC10 Sarah Baartman:Municipalities:EC104 Makana:Whole of the Municipality
A11: Segment: | B11: Interest on Overdue accounts
A13: Opening for YEAR (2024): | D13: Closing for YEAR (2024): | E13: 874744.42
A15: Fiscal | B15: Trans Date | C15: Journal No | D15: Remarks | E15: Source Code | F15: PayDocNo | G15: Amount | H15: Costing Code | I15: Kilometer | J15: Fuel Litre | K15: OPR | L15: Name | M15: PostQcdePREFIX | N15: PostQcdeCODE | O15: InterfaceNo | P15: Cbk InterfaceNo | Q15: VatRate
A16: 45108 | B16: 06 07 2023 | C16: '855876903036. | D16: 'ESKOM SMALL ACCOUNTS interest | E16: CRS | F16: ' | G16: 49.77 | O16: 1573
A17: 45108 | B17: 06 07 2023 | C17: '855876903036.. | D17: 'ESKOM SMALL ACCOUNTS interest | E17: CRS | F17: ' | G17: 8.05 | O17: 1573
A18: 45108 | B18: 11 07 2023 | C18: '612572296643. | D18: 'ESKOM SMALL ACCOUNTS interest | E18: CRS | F18: 'EF013452-0019 | G18: 1041.15 | O18: 1573
A19: 45108 | B19: 24 07 2023 | C19: '919154091026. | D19: 'ESKOM SMALL ACCOUNTS interest | E19: CRS | F19: 'EF013452-0025 | G19: 118.56 | O19: 1573
A20: 45108 | B20: 01 08 2023 | C20: '985059987985. | D20: 'ESKOM BULK ACCOUNT bulk elect | E20: CRS | F20: ' | G20: 853193.43 | O20: 1573
A21: 45170 | B21: 18 08 2023 | C21: '883552650107. | D21: 'ESKOM arrears | E21: CRS | F21: ' | G21: 1139.88 | O21: 1628
A22: 45170 | B22: 18 08 2023 | C22: '883552650107. | D22: 'ESKOM arrears | E22: CRS | F22: ' | G22: 170.98 | O22: 1628
A23: 45170 | B23: 18 08 2023 | C23: '883552650107.. | D23: 'ESKOM ARREARS | E23: CRS | F23: 'EF013475-0004 | G23: 1310.86 | O23: 1628
A24: 45170 | B24: 01 09 2023 | C24: '985309652705 | D24: 'ESKOM SMALL ACCOUNTS interest | E24: CRS | F24: ' | G24: 1322044.7 | O24: 1638
A25: 45170 | B25: 18 09 2023 | C25: '883522208973. | D25: 'ESKOM SMALL ACCOUNTS interest | E25: CRS | F25: ' | G25: 16.24 | O25: 1630
A26: 45170 | B26: 19 09 2023 | C26: '634 | D26: 'ESKOM CREDIT NOTE PASSED INV | E26: CRS | F26: ' | G26: -1139.88 | O26: 1630 | Q26: 15
A27: 45170 | B27: 19 09 2023 | C27: '634 | D27: 'ESKOM CREDIT NOTE PASSED INV | E27: CRS | F27: ' | G27: -170.98 | O27: 1630 | Q27: 15
A28: 45200 | B28: 01 10 2023 | C28: '985309652705/01 | D28: 'ESKOM BULK ACCOUNT interest o | E28: CRS | F28: ' | G28: 1322044.7 | O28: 1643
A29: 45200 | B29: 06 10 2023 | C29: '639 | D29: 'ESKOM SMALL ACCOUNTS CREDIT N | E29: CRS | F29: ' | G29: -1322044.7 | O29: 1641
A30: 45200 | B30: 19 10 2023 | C30: '883533639445. | D30: 'ESKOM INTEREST ON OVER DUE AC | E30: CRS | F30: ' | G30: 241.71 | O30: 1648
A31: 45231 | B31: 04 10 2023 | C31: '985472312140 | D31: 'ESKOM BULK ACCOUNT interest o | E31: CRS | F31: ' | G31: 1693603.4 | O31: 1666
A32: 45231 | B32: 31 10 2023 | C32: '985127331387. | D32: 'ESKOM BULK ACCOUNT interest o | E32: CRS | F32: ' | G32: 1315917.8 | O32: 1666
A33: 45231 | B33: 06 11 2023 | C33: '706404408474. | D33: 'ESKOM SMALL ACCOUNTS interest | E33: CRS | F33: ' | G33: 116.16 | O33: 1681
A34: 45231 | B34: 06 11 2023 | C34: '997867390278. | D34: 'ESKOM SMALL ACCOUNTS interest | E34: CRS | F34: ' | G34: 23.44 | O34: 1681
A35: 45261 | B35: 06 11 2023 | C35: '9732225158. | D35: 'ESKOM SMALL ACCOUNTS interest | E35: CRS | F35: 'EF013523-0013 | G35: 1010.48 | O35: 1706
A36: 45261 | B36: 10 11 2023 | C36: '649167320682/2 | D36: 'ESKOM SMALL ACCOUNTS interest | E36: CRS | F36: 'EF013523-0005 | G36: 736.82 | O36: 1706
A37: 45261 | B37: 27 11 2023 | C37: '815423458027. | D37: 'ESKOM SMALL ACCOUNTS interest | E37: CRS | F37: ' | G37: 127.59 | O37: 1707
A38: 45261 | B38: 01 12 2023 | C38: '919850248936. | D38: 'ESKOM SMALL ACCOUNTS interest | E38: CRS | F38: ' | G38: 101.73 | O38: 1707
A39: 45261 | B39: 04 12 2023 | C39: '985319035254 INT | D39: 'ESKOM BULK ACCOUNT interest o | E39: CRS | F39: ' | G39: 2111583.6 | O39: 1706
... A125: 45352 | B125: 02 04 2024 | C125: '708 | D125: 'ESKOM SMALL ACCOUNTS CREDIT N | E125: CRS | F125: ' | G125: -60.66 | O125: 1771

Sheet Feb24
A1: Fin Year: | B1: 2024
A3: From Fiscal: | C3: To Fiscal:
A5: Item: | B5: Expenditure:Interest | C5: Dividends and Rent on Land:Interest Paid:Overdue Accounts
A6: Function: | B6: Function:Finance and Administration:Core Function:Finance:Finance (204)
A7: Project: | B7: Operational:Municipal Running Cost
A8: Costing: | B8: Costing:Default
A9: Funding: | B9: Fund:Operational:Revenue:General Revenue:Taxes:Property Rates:Levies
A10: Regional: | B10: Regional:Regional Identifier:Local Government by Province:Eastern Cape:District Municipalities:DC10 Sarah Baartman:Municipalities:EC104 Makana:Whole of the Municipality
A11: Segment: | B11: Interest on Overdue accounts
A13: Opening for YEAR (2024): | D13: Closing for YEAR (2024): | E13: 871252.65
A15: Fiscal | B15: Trans Date | C15: Journal No | D15: Remarks | E15: Source Code | F15: PayDocNo | G15: Amount | H15: Costing Code | I15: Kilometer | J15: Fuel Litre | K15: OPR | L15: Name | M15: PostQcdePREFIX | N15: PostQcdeCODE | O15: InterfaceNo | P15: Cbk InterfaceNo | Q15: VatRate
A16: 45108 | B16: 06/07/2023 | C16: '855876903036. | D16: 'ESKOM SMALL ACCOUNTS interest | E16: CRS | F16: ' | G16: 49.77 | O16: 1573
A17: 45108 | B17: 06/07/2023 | C17: '855876903036.. | D17: 'ESKOM SMALL ACCOUNTS interest | E17: CRS | F17: ' | G17: 8.05 | O17: 1573
A18: 45108 | B18: 11/07/2023 | C18: '612572296643. | D18: 'ESKOM SMALL ACCOUNTS interest | E18: CRS | F18: 'EF013452-0019 | G18: 1041.15 | O18: 1573
A19: 45108 | B19: 24/07/2023 | C19: '919154091026. | D19: 'ESKOM SMALL ACCOUNTS interest | E19: CRS | F19: 'EF013452-0025 | G19: 118.56 | O19: 1573
A20: 45108 | B20: 01/08/2023 | C20: '985059987985. | D20: 'ESKOM BULK ACCOUNT bulk elect | E20: CRS | F20: ' | G20: 853193.43 | O20: 1573
A21: 45170 | B21: 18/08/2023 | C21: '883552650107. | D21: 'ESKOM arrears | E21: CRS | F21: ' | G21: 1139.88 | O21: 1628
A22: 45170 | B22: 18/08/2023 | C22: '883552650107. | D22: 'ESKOM arrears | E22: CRS | F22: ' | G22: 170.98 | O22: 1628
A23: 45170 | B23: 18/08/2023 | C23: '883552650107.. | D23: 'ESKOM ARREARS | E23: CRS | F23: 'EF013475-0004 | G23: 1310.86 | O23: 1628
A24: 45170 | B24: 01/09/2023 | C24: '985309652705 | D24: 'ESKOM SMALL ACCOUNTS interest | E24: CRS | F24: ' | G24: 1322044.7 | O24: 1638
A25: 45170 | B25: 18/09/2023 | C25: '883522208973. | D25: 'ESKOM SMALL ACCOUNTS interest | E25: CRS | F25: ' | G25: 16.24 | O25: 1630
A26: 45170 | B26: 19/09/2023 | C26: '634 | D26: 'ESKOM CREDIT NOTE PASSED INV | E26: CRS | F26: ' | G26: -1139.88 | O26: 1630 | Q26: 15
A27: 45170 | B27: 19/09/2023 | C27: '634 | D27: 'ESKOM CREDIT NOTE PASSED INV | E27: CRS | F27: ' | G27: -170.98 | O27: 1630 | Q27: 15
A28: 45200 | B28: 01/10/2023 | C28: '985309652705/01 | D28: 'ESKOM BULK ACCOUNT interest o | E28: CRS | F28: ' | G28: 1322044.7 | O28: 1643
A29: 45200 | B29: 06/10/2023 | C29: '639 | D29: 'ESKOM SMALL ACCOUNTS CREDIT N | E29: CRS | F29: ' | G29: -1322044.7 | O29: 1641
A30: 45200 | B30: 19/10/2023 | C30: '883533639445. | D30: 'ESKOM INTEREST ON OVER DUE AC | E30: CRS | F30: ' | G30: 241.71 | O30: 1648
A31: 45231 | B31: 04/10/2023 | C31: '985472312140 | D31: 'ESKOM BULK ACCOUNT interest o | E31: CRS | F31: ' | G31: 1693603.4 | O31: 1666
A32: 45231 | B32: 31/10/2023 | C32: '985127331387. | D32: 'ESKOM BULK ACCOUNT interest o | E32: CRS | F32: ' | G32: 1315917.8 | O32: 1666
A33: 45231 | B33: 06/11/2023 | C33: '706404408474. | D33: 'ESKOM SMALL ACCOUNTS interest | E33: CRS | F33: ' | G33: 116.16 | O33: 1681
A34: 45231 | B34: 06/11/2023 | C34: '997867390278. | D34: 'ESKOM SMALL ACCOUNTS interest | E34: CRS | F34: ' | G34: 23.44 | O34: 1681
A35: 45261 | B35: 06/11/2023 | C35: '9732225158. | D35: 'ESKOM SMALL ACCOUNTS interest | E35: CRS | F35: 'EF013523-0013 | G35: 1010.48 | O35: 1706
A36: 45261 | B36: 10/11/2023 | C36: '649167320682/2 | D36: 'ESKOM SMALL ACCOUNTS interest | E36: CRS | F36: 'EF013523-0005 | G36: 736.82 | O36: 1706
A37: 45261 | B37: 27/11/2023 | C37: '815423458027. | D37: 'ESKOM SMALL ACCOUNTS interest | E37: CRS | F37: ' | G37: 127.59 | O37: 1707
A38: 45261 | B38: 01/12/2023 | C38: '919850248936. | D38: 'ESKOM SMALL ACCOUNTS interest | E38: CRS | F38: ' | G38: 101.73 | O38: 1707
A39: 45261 | B39: 04/12/2023 | C39: '985319035254 INT | D39: 'ESKOM BULK ACCOUNT interest o | E39: CRS | F39: ' | G39: 2111583.6 | O39: 1706
... A89: 45323 | B89: 04/03/2024 | C89: '706 | D89: 'ESKOM BULK ACCOUNT CREDIT NOT | E89: CRS | F89: ' | G89: -1322044.7 | O89: 1753
A90: 2024/02,04/03/2024,'706,"'ESKOM BULK ACCOUNT CREDIT NOT",CRS,',-1322044.69,,,,,,,,1753,,,

Sheet Jan24
A1: Fin Year: | B1: 2024
A3: From Fiscal: | C3: To Fiscal:
A5: Item: | B5: Expenditure:Interest | C5: Dividends and Rent on Land:Interest Paid:Overdue Accounts
A6: Function: | B6: Function:Finance and Administration:Core Function:Finance:Finance (204)
A7: Project: | B7: Operational:Municipal Running Cost
A8: Costing: | B8: Costing:Default
A9: Funding: | B9: Fund:Operational:Revenue:General Revenue:Taxes:Property Rates:Levies
A10: Regional: | B10: Regional:Regional Identifier:Local Government by Province:Eastern Cape:District Municipalities:DC10 Sarah Baartman:Municipalities:EC104 Makana:Whole of the Municipality
A11: Segment: | B11: Interest on Overdue accounts
A13: Opening for YEAR (2024): | D13: Closing for YEAR (2024): | E13: 7303585.75
A15: Fiscal | B15: Trans Date | C15: Journal No | D15: Remarks | E15: Source Code | F15: PayDocNo | G15: Amount | H15: Costing Code | I15: Kilometer | J15: Fuel Litre | K15: OPR | L15: Name | M15: PostQcdePREFIX | N15: PostQcdeCODE | O15: InterfaceNo | P15: Cbk InterfaceNo | Q15: VatRate
A16: 45108 | B16: 06/07/2023 | C16: '855876903036. | D16: 'ESKOM SMALL ACCOUNTS interest | E16: CRS | F16: ' | G16: 49.77 | O16: 1573
A17: 45108 | B17: 06/07/2023 | C17: '855876903036.. | D17: 'ESKOM SMALL ACCOUNTS interest | E17: CRS | F17: ' | G17: 8.05 | O17: 1573
A18: 45108 | B18: 11/07/2023 | C18: '612572296643. | D18: 'ESKOM SMALL ACCOUNTS interest | E18: CRS | F18: 'EF013452-0019 | G18: 1041.15 | O18: 1573
A19: 45108 | B19: 24/07/2023 | C19: '919154091026. | D19: 'ESKOM SMALL ACCOUNTS interest | E19: CRS | F19: 'EF013452-0025 | G19: 118.56 | O19: 1573
A20: 45108 | B20: 01/08/2023 | C20: '985059987985. | D20: 'ESKOM BULK ACCOUNT bulk elect | E20: CRS | F20: ' | G20: 853193.43 | O20: 1573
A21: 45170 | B21: 18/08/2023 | C21: '883552650107. | D21: 'ESKOM arrears | E21: CRS | F21: ' | G21: 1139.88 | O21: 1628
A22: 45170 | B22: 18/08/2023 | C22: '883552650107. | D22: 'ESKOM arrears | E22: CRS | F22: ' | G22: 170.98 | O22: 1628
A23: 45170 | B23: 18/08/2023 | C23: '883552650107.. | D23: 'ESKOM ARREARS | E23: CRS | F23: 'EF013475-0004 | G23: 1310.86 | O23: 1628
A24: 45170 | B24: 01/09/2023 | C24: '985309652705 | D24: 'ESKOM SMALL ACCOUNTS interest | E24: CRS | F24: ' | G24: 1322044.7 | O24: 1638
A25: 45170 | B25: 18/09/2023 | C25: '883522208973. | D25: 'ESKOM SMALL ACCOUNTS interest | E25: CRS | F25: ' | G25: 16.24 | O25: 1630
A26: 45170 | B26: 19/09/2023 | C26: '634 | D26: 'ESKOM CREDIT NOTE PASSED INV | E26: CRS | F26: ' | G26: -1139.88 | O26: 1630 | Q26: 15
A27: 45170 | B27: 19/09/2023 | C27: '634 | D27: 'ESKOM CREDIT NOTE PASSED INV | E27: CRS | F27: ' | G27: -170.98 | O27: 1630 | Q27: 15
A28: 45200 | B28: 01/10/2023 | C28: '985309652705/01 | D28: 'ESKOM BULK ACCOUNT interest o | E28: CRS | F28: ' | G28: 1322044.7 | O28: 1643
A29: 45200 | B29: 06/10/2023 | C29: '639 | D29: 'ESKOM SMALL ACCOUNTS CREDIT N | E29: CRS | F29: ' | G29: -1322044.7 | O29: 1641
A30: 45200 | B30: 19/10/2023 | C30: '883533639445. | D30: 'ESKOM INTEREST ON OVER DUE AC | E30: CRS | F30: ' | G30: 241.71 | O30: 1648
A31: 45231 | B31: 04/10/2023 | C31: '985472312140 | D31: 'ESKOM BULK ACCOUNT interest o | E31: CRS | F31: ' | G31: 1693603.4 | O31: 1666
A32: 45231 | B32: 31/10/2023 | C32: '985127331387. | D32: 'ESKOM BULK ACCOUNT interest o | E32: CRS | F32: ' | G32: 1315917.8 | O32: 1666
A33: 45231 | B33: 06/11/2023 | C33: '706404408474. | D33: 'ESKOM SMALL ACCOUNTS interest | E33: CRS | F33: ' | G33: 116.16 | O33: 1681
A34: 45231 | B34: 06/11/2023 | C34: '997867390278. | D34: 'ESKOM SMALL ACCOUNTS interest | E34: CRS | F34: ' | G34: 23.44 | O34: 1681
A35: 45261 | B35: 06/11/2023 | C35: '9732225158. | D35: 'ESKOM SMALL ACCOUNTS interest | E35: CRS | F35: 'EF013523-0013 | G35: 1010.48 | O35: 1706
A36: 45261 | B36: 10/11/2023 | C36: '649167320682/2 | D36: 'ESKOM SMALL ACCOUNTS interest | E36: CRS | F36: 'EF013523-0005 | G36: 736.82 | O36: 1706
A37: 45261 | B37: 27/11/2023 | C37: '815423458027. | D37: 'ESKOM SMALL ACCOUNTS interest | E37: CRS | F37: ' | G37: 127.59 | O37: 1707
A38: 45261 | B38: 01/12/2023 | C38: '919850248936. | D38: 'ESKOM SMALL ACCOUNTS interest | E38: CRS | F38: ' | G38: 101.73 | O38: 1707
A39: 45261 | B39: 04/12/2023 | C39: '985319035254 INT | D39: 'ESKOM BULK ACCOUNT interest o | E39: CRS | F39: ' | G39: 2111583.6 | O39: 1706
... A43: 45292 | B43: 05/01/2024 | C43: '9732225158A | D43: 'ESKOM SMALL ACCOUNTS interest | E43: CRS | F43: 'EF013536-0009 | G43: 252.18 | O43: 1738
A44: 2024/01,05/01/2024,'9732225158A,"'ESKOM SMALL ACCOUNTS interest",CRS,'EF013536-0009,252.18,,,,,,,,1738,,,

Sheet Dec23
A1: Fin Year: | B1: 2024
A3: From Fiscal: | C3: To Fiscal:
A5: Item: | B5: Expenditure:Interest | C5: Dividends and Rent on Land:Interest Paid:Overdue Accounts
A6: Function: | B6: Function:Finance and Administration:Core Function:Finance:Finance (204)
A7: Project: | B7: Operational:Municipal Running Cost
A8: Costing: | B8: Costing:Default
A9: Funding: | B9: Fund:Operational:Revenue:General Revenue:Taxes:Property Rates:Levies
A10: Regional: | B10: Regional:Regional Identifier:Local Government by Province:Eastern Cape:District Municipalities:DC10 Sarah Baartman:Municipalities:EC104 Makana:Whole of the Municipality
A11: Segment: | B11: Interest on Overdue accounts
A13: Opening for YEAR (2024): | D13: Closing for YEAR (2024): | E13: 7303037.48
A15: Fiscal | B15: Trans Date | C15: Journal No | D15: Remarks | E15: Source Code | F15: PayDocNo | G15: Amount | H15: Costing Code | I15: Kilometer | J15: Fuel Litre | K15: OPR | L15: Name | M15: PostQcdePREFIX | N15: PostQcdeCODE | O15: InterfaceNo | P15: Cbk InterfaceNo | Q15: VatRate
A16: 45108 | B16: 06/07/2023 | C16: '855876903036. | D16: 'ESKOM SMALL ACCOUNTS interest | E16: CRS | F16: ' | G16: 49.77 | O16: 1573
A17: 45108 | B17: 06/07/2023 | C17: '855876903036.. | D17: 'ESKOM SMALL ACCOUNTS interest | E17: CRS | F17: ' | G17: 8.05 | O17: 1573
A18: 45108 | B18: 11/07/2023 | C18: '612572296643. | D18: 'ESKOM SMALL ACCOUNTS interest | E18: CRS | F18: 'EF013452-0019 | G18: 1041.15 | O18: 1573
A19: 45108 | B19: 24/07/2023 | C19: '919154091026. | D19: 'ESKOM SMALL ACCOUNTS interest | E19: CRS | F19: 'EF013452-0025 | G19: 118.56 | O19: 1573
A20: 45108 | B20: 01/08/2023 | C20: '985059987985. | D20: 'ESKOM BULK ACCOUNT bulk elect | E20: CRS | F20: ' | G20: 853193.43 | O20: 1573
A21: 45170 | B21: 18/08/2023 | C21: '883552650107. | D21: 'ESKOM arrears | E21: CRS | F21: ' | G21: 1139.88 | O21: 1628
A22: 45170 | B22: 18/08/2023 | C22: '883552650107. | D22: 'ESKOM arrears | E22: CRS | F22: ' | G22: 170.98 | O22: 1628
A23: 45170 | B23: 18/08/2023 | C23: '883552650107.. | D23: 'ESKOM ARREARS | E23: CRS | F23: 'EF013475-0004 | G23: 1310.86 | O23: 1628
A24: 45170 | B24: 01/09/2023 | C24: '985309652705 | D24: 'ESKOM SMALL ACCOUNTS interest | E24: CRS | F24: ' | G24: 1322044.7 | O24: 1638
A25: 45170 | B25: 18/09/2023 | C25: '883522208973. | D25: 'ESKOM SMALL ACCOUNTS interest | E25: CRS | F25: ' | G25: 16.24 | O25: 1630
A26: 45170 | B26: 19/09/2023 | C26: '634 | D26: 'ESKOM CREDIT NOTE PASSED INV | E26: CRS | F26: ' | G26: -1139.88 | O26: 1630 | Q26: 15
A27: 45170 | B27: 19/09/2023 | C27: '634 | D27: 'ESKOM CREDIT NOTE PASSED INV | E27: CRS | F27: ' | G27: -170.98 | O27: 1630 | Q27: 15
A28: 45200 | B28: 01/10/2023 | C28: '985309652705/01 | D28: 'ESKOM BULK ACCOUNT interest o | E28: CRS | F28: ' | G28: 1322044.7 | O28: 1643
A29: 45200 | B29: 06/10/2023 | C29: '639 | D29: 'ESKOM SMALL ACCOUNTS CREDIT N | E29: CRS | F29: ' | G29: -1322044.7 | O29: 1641
A30: 45200 | B30: 19/10/2023 | C30: '883533639445. | D30: 'ESKOM INTEREST ON OVER DUE AC | E30: CRS | F30: ' | G30: 241.71 | O30: 1648
A31: 45231 | B31: 04/10/2023 | C31: '985472312140 | D31: 'ESKOM BULK ACCOUNT interest o | E31: CRS | F31: ' | G31: 1693603.4 | O31: 1666
A32: 45231 | B32: 31/10/2023 | C32: '985127331387. | D32: 'ESKOM BULK ACCOUNT interest o | E32: CRS | F32: ' | G32: 1315917.8 | O32: 1666
A33: 45231 | B33: 06/11/2023 | C33: '706404408474. | D33: 'ESKOM SMALL ACCOUNTS interest | E33: CRS | F33: ' | G33: 116.16 | O33: 1681
A34: 45231 | B34: 06/11/2023 | C34: '997867390278. | D34: 'ESKOM SMALL ACCOUNTS interest | E34: CRS | F34: ' | G34: 23.44 | O34: 1681
A35: 45261 | B35: 06/11/2023 | C35: '9732225158. | D35: 'ESKOM SMALL ACCOUNTS interest | E35: CRS | F35: 'EF013523-0013 | G35: 1010.48 | O35: 1706
A36: 45261 | B36: 10/11/2023 | C36: '649167320682/2 | D36: 'ESKOM SMALL ACCOUNTS interest | E36: CRS | F36: 'EF013523-0005 | G36: 736.82 | O36: 1706
A37: 45261 | B37: 27/11/2023 | C37: '815423458027. | D37: 'ESKOM SMALL ACCOUNTS interest | E37: CRS | F37: ' | G37: 127.59 | O37: 1707
A38: 45261 | B38: 01/12/2023 | C38: '919850248936. | D38: 'ESKOM SMALL ACCOUNTS interest | E38: CRS | F38: ' | G38: 101.73 | O38: 1707
A39: 45261 | B39: 04/12/2023 | C39: '985319035254 INT | D39: 'ESKOM BULK ACCOUNT interest o | E39: CRS | F39: ' | G39: 2111583.6 | O39: 1706
... A41: 45261 | B41: 12/12/2023 | C41: '649813253469. | D41: 'ESKOM SMALL ACCOUNTS interest | E41: CRS | F41: 'EF013523-0007 | G41: 909.01 | O41: 1707

Sheet Nov23
A2: Fin Year: | B2: 2024
A4: From Fiscal: | C4: To Fiscal:
A6: Item: | B6: Expenditure:Interest | C6: Dividends and Rent on Land:Interest Paid:Overdue Accounts
A7: Function: | B7: Function:Finance and Administration:Core Function:Finance:Finance (204)
A8: Project: | B8: Operational:Municipal Running Cost
A9: Costing: | B9: Costing:Default
A10: Funding: | B10: Fund:Operational:Revenue:General Revenue:Taxes:Property Rates:Levies
